Workbook
Name \F: #REF!
Name \F: #REF!
Name \fagf: #REF!
Name \fagf: #REF!
Name \I: #REF!
Name \I: #REF!
Name \R: #REF!
Name \R: #REF!
Name \ZACVDERVREW: #N/A
Name _\1: #REF!
Name _\11: #REF!
Name _\a: #REF!
Name _\b: #REF!
Name _\c: #REF!
Name _\fagf: #REF!
Name _\I: #REF!
Name _\p: #REF!
Name _\S: #REF!
Name _\w: #REF!
Name _\z: #REF!
Name _\ZACVDERVREW: #N/A
Name _____________________________________Ext2: #REF!
Name _________________________________CC709: [0]!Plan1
Name _________________________________CC709: [0]!Plan1
Name _________________________________CC709: [0]!Plan1
Name _________________________________CC709: [0]!Plan1
Name _________________________________CC709: #N/A
Name _________________________________CC709: [0]!Plan1
Name _________________________________CC709: #REF!
Name ________________________________Ext2: #REF!
Name ______________________________Ext2: #REF!
Name _____________________________PL1: #REF!
Name _____________________________PL1: #REF!
Name ____________________________CC709: [8]!Plan1
Name ____________________________CC709: [8]!Plan1
Name ____________________________CC709: [8]!Plan1
Name ____________________________CC709: [8]!Plan1
Name ____________________________CC709: #N/A
Name ____________________________CC709: [8]!Plan1
Name ____________________________CC709: #REF!
Name ____________________________PL1: #REF!
Name ____________________________PL1: #REF!
Name ___________________________PL1: #REF!
Name ___________________________PL1: #REF!
Name __________________________PL1: #REF!
Name __________________________PL1: #REF!
Name _________________________PL1: #REF!
Name _________________________PL1: #REF!
Name ________________________PL1: #REF!
Name ________________________PL1: #REF!
Name _______________________PL1: #REF!
Name _______________________PL1: #REF!
Name ______________________PL1: #REF!
Name ______________________PL1: #REF!
Name ______________________r: #REF!
Name ______________________r: #REF!
Name _____________________CC709: [8]!Plan1
Name _____________________CC709: [8]!Plan1
Name _____________________CC709: [8]!Plan1
Name _____________________CC709: [8]!Plan1

Sheet RESUMO
A1: OBRA: | B1: =SINTÉTICO!B2 -> ELABORAÇÃO DO PROJETO EXECUTIVO DE ENGENHARIA PARA RESTAURAÇÃO DA RODOVIA VPE-140 COM EXTENSÃO DE 2,85 km | E1: DATA BASE: | F1: JAN/2026 SEM DESONERAÇÃO
A2: LOCAL: | B2: =SINTÉTICO!B3 -> RODOVIA :VPE - 140 TRECHO : Entr. PE-095 ao Povoado de Malhada de Pedra EXTENSÃO :2,85 Km
C3: R$ | E3: % | F3: VALOR / KM
A4: 1.0 | B4: =VLOOKUP(A4,SINTÉTICO!A:E,5,FALSE) -> ADMINISTRAÇÃO | C4: =VLOOKUP(A4,SINTÉTICO!A:K,11,FALSE) -> 521321.8 | E4: =C4/$C$11 -> 0.14114539 | F4: =C4/$C$12 -> 182919.93
A5: 2.0 | B5: =VLOOKUP(A5,SINTÉTICO!A:E,5,FALSE) -> CANTEIRO DE OBRAS | C5: =VLOOKUP(A5,SINTÉTICO!A:K,11,FALSE) -> 299223.6 | E5: =C5/$C$11 -> 0.081013362 | F5: =C5/$C$12 -> 104990.74
A6: 3.0 | B6: =VLOOKUP(A6,SINTÉTICO!A:E,5,FALSE) -> MOBILIZAÇÃO/DESMOBILIZAÇÃO | C6: =VLOOKUP(A6,SINTÉTICO!A:K,11,FALSE) -> 213082.06 | E6: =C6/$C$11 -> 0.057690951 | F6: =C6/$C$12 -> 74765.635
A7: 4.0 | B7: =VLOOKUP(A7,SINTÉTICO!A:E,5,FALSE) -> DRENAGEM | C7: =VLOOKUP(A7,SINTÉTICO!A:K,11,FALSE) -> 347432.38 | E7: =C7/$C$11 -> 0.094065659 | F7: =C7/$C$12 -> 121906.1
A8: 5.0 | B8: =VLOOKUP(A8,SINTÉTICO!A:E,5,FALSE) -> PAVIMENTAÇÃO | C8: =VLOOKUP(A8,SINTÉTICO!A:K,11,FALSE) -> 2078727.7 | E8: =C8/$C$11 -> 0.56280561 | F8: =C8/$C$12 -> 729378.14
A9: 6.0 | B9: =VLOOKUP(A9,SINTÉTICO!A:E,5,FALSE) -> SINALIZAÇÃO | C9: =VLOOKUP(A9,SINTÉTICO!A:K,11,FALSE) -> 136049.14 | E9: =C9/$C$11 -> 0.036834655 | F9: =C9/$C$12 -> 47736.54
A10: 7.0 | B10: =VLOOKUP(A10,SINTÉTICO!A:E,5,FALSE) -> SINALIZAÇÃO DE OBRA | C10: =VLOOKUP(A10,SINTÉTICO!A:K,11,FALSE) -> 97672.54 | E10: =C10/$C$11 -> 0.026444374 | F10: =C10/$C$12 -> 34271.067
B11: TOTAL | C11: =SUM(C4:D10) -> 3693509.2 | E11: =SUM(E4:E10) -> 1 | F11: =SUM(F4:F10) -> 1295968.2
B12: KM DO PROJETO | C12: 2.85
B13: VALOR POR KM | C13: =C11/C12 -> 1295968.2

Sheet SINTÉTICO
A1: PLANILHA ESTIMATIVA SEM DESONERAÇÃO
A2: OBJETO: | B2: ELABORAÇÃO DO PROJETO EXECUTIVO DE ENGENHARIA PARA RESTAURAÇÃO DA RODOVIA VPE-140 COM EXTENSÃO DE 2,85 km | J2: BDI | K2: 0.2123
A3: TRECHO: | B3: RODOVIA :VPE - 140 TRECHO : Entr. PE-095 ao Povoado de Malhada de Pedra EXTENSÃO :2,85 Km | J3: BDI DIF. | K3: 0.15
A4: FONTES: | B4: SICRO JAN 2026, ANP FEV/2026, COTAÇÕES, SINAPI JAN/2026 | J4: D.B | K4: 46023
A5: ITEM | B5: FONTE | C5: CÓDIGO | D5: COMPOSIÇÃO ESPELHO | E5: DESCRIÇÃO | F5: Unid. | G5: QUANTIDADE | H5: CUSTO UNIT. | I5: BDI | J5: PREÇO UNIT. | K5: TOTAL
A6: 1.0 | E6: =VLOOKUP(A6,MC,4,0) -> ADMINISTRAÇÃO | K6: =SUM(K7:K7) -> 521321.8 | L6: =COUNTIF($C6:C$8,C6) -> 0 | M6: =IF(L6>1,0,SUMIF(C:C,C6,F:F)) -> 0 | N6: =IF(L6=1,C6,0) -> 0 | O6: =SUMIF(C:C,N6,K:K) -> 0 | P6: =IF(O6=0,0,COUNTIF($O:$O,">="&O6)) -> 0 | Q6: =IF(L6=0,0,COUNTIF($P$6:P6,P6)-1) -> 0 | R6: =P6-Q6 -> 0
A7: 1.1 | B7: =VLOOKUP(A7,MC,2,0) -> COMPOSIÇÃO | C7: =VLOOKUP(A7,MC,3,0) -> CPU 001 | D7: =C7 -> CPU 001 | E7: =VLOOKUP(A7,MC,4,0) -> CUSTO COM ADMINISTRAÇÃO LOCAL DE OBRA | F7: =VLOOKUP(A7,MC,10,0) -> UN | G7: =VLOOKUP(A7,MC,9,0) -> 1 | H7: =IFERROR(VLOOKUP(C7,BANCO,4,0),IFERROR(VLOOKUP(C7,SINAPI,5,0),IFERROR(VLOOKUP(C7,SICRO,4,0),))) -> 430027.06 | I7: =$K$2 -> 0.2123 | J7: =TRUNC(H7*(1+I7),2) -> 521321.8 | K7: =TRUNC(G7*J7,2) -> 521321.8 | L7: =COUNTIF($C7:C$8,C7) -> 1 | M7: =IF(L7>1,0,SUMIF(C:C,C7,F:F)) -> 0 | N7: =IF(L7=1,C7,0) -> CPU 001 | O7: =SUMIF(C:C,N7,K:K) -> 521321.8 | P7: =IF(O7=0,0,COUNTIF($O:$O,">="&O7)) -> 3 | Q7: =IF(L7=0,0,COUNTIF($P$6:P7,P7)-1) -> 0 | R7: =P7-Q7 -> 3
A8: 2.0 | E8: =VLOOKUP(A8,MC,4,0) -> CANTEIRO DE OBRAS | K8: =SUM(K9:K11) -> 299223.6 | L8: =COUNTIF($C$8:C8,C8) -> 0 | M8: =IF(L8>1,0,SUMIF(C:C,C8,F:F)) -> 0 | N8: =IF(L8=1,C8,0) -> 0 | O8: =SUMIF(C:C,N8,K:K) -> 0 | P8: =IF(O8=0,0,COUNTIF($O:$O,">="&O8)) -> 0 | Q8: =IF(L8=0,0,COUNTIF($P$6:P8,P8)-1) -> 0 | R8: =P8-Q8 -> 0
A9: 2.1 | B9: =VLOOKUP(A9,MC,2,0) -> COMPOSIÇÃO | C9: =VLOOKUP(A9,MC,3,0) -> CPU 002 | D9: =C9 -> CPU 002 | E9: =VLOOKUP(A9,MC,4,0) -> INSTALAÇÃO DO CANTEIRO DE OBRAS | F9: =VLOOKUP(A9,MC,10,0) -> UN | G9: =VLOOKUP(A9,MC,9,0) -> 1 | H9: =IFERROR(VLOOKUP(C9,BANCO,4,0),IFERROR(VLOOKUP(C9,SINAPI,5,0),IFERROR(VLOOKUP(C9,SICRO,4,0),))) -> 221801.04 | I9: =$K$2 -> 0.2123 | J9: =TRUNC(H9*(1+I9),2) -> 268889.4 | K9: =TRUNC(G9*J9,2) -> 268889.4 | L9: =COUNTIF($C$8:C9,C9) -> 1 | M9: =IF(L9>1,0,SUMIF(C:C,C9,F:F)) -> 0 | N9: =IF(L9=1,C9,0) -> CPU 002 | O9: =SUMIF(C:C,N9,K:K) -> 268889.4 | P9: =IF(O9=0,0,COUNTIF($O:$O,">="&O9)) -> 5 | Q9: =IF(L9=0,0,COUNTIF($P$6:P9,P9)-1) -> 0 | R9: =P9-Q9 -> 5
A10: 2.2 | B10: =VLOOKUP(A10,MC,2,0) -> COMPOSIÇÃO | C10: =VLOOKUP(A10,MC,3,0) -> CPU 003 | D10: =C10 -> CPU 003 | E10: =VLOOKUP(A10,MC,4,0) -> PLACA DE OBRA EM CHAPA DE AÇO GALVANIZADO | F10: =VLOOKUP(A10,MC,10,0) -> M² | G10: =VLOOKUP(A10,MC,9,0) -> 24 | H10: =IFERROR(VLOOKUP(C10,BANCO,4,0),IFERROR(VLOOKUP(C10,SINAPI,5,0),IFERROR(VLOOKUP(C10,SICRO,4,0),))) -> 551.48573 | I10: =$K$2 -> 0.2123 | J10: =TRUNC(H10*(1+I10),2) -> 668.56 | K10: =TRUNC(G10*J10,2) -> 16045.44 | L10: =COUNTIF($C$8:C10,C10) -> 1 | M10: =IF(L10>1,0,SUMIF(C:C,C10,F:F)) -> 0 | N10: =IF(L10=1,C10,0) -> CPU 003 | O10: =SUMIF(C:C,N10,K:K) -> 16045.44 | P10: =IF(O10=0,0,COUNTIF($O:$O,">="&O10)) -> 19 | Q10: =IF(L10=0,0,COUNTIF($P$6:P10,P10)-1) -> 0 | R10: =P10-Q10 -> 19
A11: 2.3 | B11: =VLOOKUP(A11,MC,2,0) -> COMPOSIÇÃO | C11: =VLOOKUP(A11,MC,3,0) -> CPU 004 | D11: =C11 -> CPU 004 | E11: =VLOOKUP(A11,MC,4,0) -> CANTEIRO ITINERANTE | F11: =VLOOKUP(A11,MC,10,0) -> MÊS | G11: =VLOOKUP(A11,MC,9,0) -> 4 | H11: =IFERROR(VLOOKUP(C11,BANCO,4,0),IFERROR(VLOOKUP(C11,SINAPI,5,0),IFERROR(VLOOKUP(C11,SICRO,4,0),))) -> 2946.6261 | I11: =$K$2 -> 0.2123 | J11: =TRUNC(H11*(1+I11),2) -> 3572.19 | K11: =TRUNC(G11*J11,2) -> 14288.76 | L11: =COUNTIF($C$8:C11,C11) -> 1 | M11: =IF(L11>1,0,SUMIF(C:C,C11,F:F)) -> 0 | N11: =IF(L11=1,C11,0) -> CPU 004 | O11: =SUMIF(C:C,N11,K:K) -> 14288.76 | P11: =IF(O11=0,0,COUNTIF($O:$O,">="&O11)) -> 21 | Q11: =IF(L11=0,0,COUNTIF($P$6:P11,P11)-1) -> 0 | R11: =P11-Q11 -> 21
A12: 3.0 | E12: =VLOOKUP(A12,MC,4,0) -> MOBILIZAÇÃO/DESMOBILIZAÇÃO | K12: =SUM(K13:K13) -> 213082.06 | L12: =COUNTIF($C$8:C12,C12) -> 0 | M12: =IF(L12>1,0,SUMIF(C:C,C12,F:F)) -> 0 | N12: =IF(L12=1,C12,0) -> 0 | O12: =SUMIF(C:C,N12,K:K) -> 0 | P12: =IF(O12=0,0,COUNTIF($O:$O,">="&O12)) -> 0 | Q12: =IF(L12=0,0,COUNTIF($P$6:P12,P12)-1) -> 0 | R12: =P12-Q12 -> 0
A13: 3.1 | B13: =VLOOKUP(A13,MC,2,0) -> COMPOSIÇÃO | C13: =VLOOKUP(A13,MC,3,0) -> CPU 005 | D13: =C13 -> CPU 005 | E13: =VLOOKUP(A13,MC,4,0) -> CUSTO DE MOBILIZAÇÃO E DESMOBILIZAÇÃO DE EQUIPAMENTOS (LEVES, MÉDIOS E PESADOS), MÁQUINAS, MOBILIÁRIOS E PESSOAL | F13: =VLOOKUP(A13,MC,10,0) -> UN | G13: =VLOOKUP(A13,MC,9,0) -> 2 | H13: =IFERROR(VLOOKUP(C13,BANCO,4,0),IFERROR(VLOOKUP(C13,SINAPI,5,0),IFERROR(VLOOKUP(C13,SICRO,4,0),))) -> 87883.39 | I13: =$K$2 -> 0.2123 | J13: =TRUNC(H13*(1+I13),2) -> 106541.03 | K13: =TRUNC(G13*J13,2) -> 213082.06 | L13: =COUNTIF($C$8:C13,C13) -> 1 | M13: =IF(L13>1,0,SUMIF(C:C,C13,F:F)) -> 0 | N13: =IF(L13=1,C13,0) -> CPU 005 | O13: =SUMIF(C:C,N13,K:K) -> 213082.06 | P13: =IF(O13=0,0,COUNTIF($O:$O,">="&O13)) -> 6 | Q13: =IF(L13=0,0,COUNTIF($P$6:P13,P13)-1) -> 0 | R13: =P13-Q13 -> 6
A14: 4.0 | E14: =VLOOKUP(A14,MC,4,0) -> DRENAGEM | K14: =SUM(K15:K22) -> 347432.38 | L14: =COUNTIF($C$8:C14,C14) -> 0 | M14: =IF(L14>1,0,SUMIF(C:C,C14,F:F)) -> 0 | N14: =IF(L14=1,C14,0) -> 0 | O14: =SUMIF(C:C,N14,K:K) -> 0 | P14: =IF(O14=0,0,COUNTIF($O:$O,">="&O14)) -> 0 | Q14: =IF(L14=0,0,COUNTIF($P$6:P14,P14)-1) -> 0 | R14: =P14-Q14 -> 0
A15: 4.1 | B15: =VLOOKUP(A15,MC,2,0) -> SICRO | C15: =VLOOKUP(A15,MC,3,0) -> 2003373 | D15: =C15 -> 2003373 | E15: =VLOOKUP(A15,MC,4,0) -> Meio-fio de concreto - MFC 03 - areia e brita comerciais - fôrma de madeira | F15: =VLOOKUP(A15,MC,10,0) -> m | G15: =VLOOKUP(A15,MC,9,0) -> 371.28 | H15: =IFERROR(VLOOKUP(C15,BANCO,4,0),IFERROR(VLOOKUP(C15,SINAPI,5,0),IFERROR(VLOOKUP(C15,SICRO,4,0),))) -> 69.16 | I15: =$K$2 -> 0.2123 | J15: =TRUNC(H15*(1+I15),2) -> 83.84 | K15: =TRUNC(G15*J15,2) -> 31128.11 | L15: =COUNTIF($C$8:C15,C15) -> 1 | M15: =IF(L15>1,0,SUMIF(C:C,C15,F:F)) -> 0 | N15: =IF(L15=1,C15,0) -> 2003373 | O15: =SUMIF(C:C,N15,K:K) -> 31128.11 | P15: =IF(O15=0,0,COUNTIF($O:$O,">="&O15)) -> 16 | Q15: =IF(L15=0,0,COUNTIF($P$6:P15,P15)-1) -> 0 | R15: =P15-Q15 -> 16
A16: 4.2 | B16: =VLOOKUP(A16,MC,2,0) -> SICRO | C16: =VLOOKUP(A16,MC,3,0) -> 2003613 | D16: =C16 -> 2003613 | E16: =VLOOKUP(A16,MC,4,0) -> Boca de saída para dreno subsuperficial - BSD 03 - areia e brita comerciais | F16: =VLOOKUP(A16,MC,10,0) -> un | G16: =VLOOKUP(A16,MC,9,0) -> 21 | H16: =IFERROR(VLOOKUP(C16,BANCO,4,0),IFERROR(VLOOKUP(C16,SINAPI,5,0),IFERROR(VLOOKUP(C16,SICRO,4,0),))) -> 160.38 | I16: =$K$2 -> 0.2123 | J16: =TRUNC(H16*(1+I16),2) -> 194.42 | K16: =TRUNC(G16*J16,2) -> 4082.82 | L16: =COUNTIF($C$8:C16,C16) -> 1 | M16: =IF(L16>1,0,SUMIF(C:C,C16,F:F)) -> 0 | N16: =IF(L16=1,C16,0) -> 2003613 | O16: =SUMIF(C:C,N16,K:K) -> 4082.82 | P16: =IF(O16=0,0,COUNTIF($O:$O,">="&O16)) -> 32 | Q16: =IF(L16=0,0,COUNTIF($P$6:P16,P16)-1) -> 0 | R16: =P16-Q16 -> 32
A17: 4.3 | B17: =VLOOKUP(A17,MC,2,0) -> SICRO | C17: =VLOOKUP(A17,MC,3,0) -> 2003265 | D17: =C17 -> 2003265 | E17: =VLOOKUP(A17,MC,4,0) -> Sarjeta triangular de concreto - STC 88-20 - escavação mecânica - areia e brita comerciais | F17: =VLOOKUP(A17,MC,10,0) -> m | G17: =VLOOKUP(A17,MC,9,0) -> 2620 | H17: =IFERROR(VLOOKUP(C17,BANCO,4,0),IFERROR(VLOOKUP(C17,SINAPI,5,0),IFERROR(VLOOKUP(C17,SICRO,4,0),))) -> 55.72 | I17: =$K$2 -> 0.2123 | J17: =TRUNC(H17*(1+I17),2) -> 67.54 | K17: =TRUNC(G17*J17,2) -> 176954.8 | L17: =COUNTIF($C$8:C17,C17) -> 1 | M17: =IF(L17>1,0,SUMIF(C:C,C17,F:F)) -> 0 | N17: =IF(L17=1,C17,0) -> 2003265 | O17: =SUMIF(C:C,N17,K:K) -> 176954.8 | P17: =IF(O17=0,0,COUNTIF($O:$O,">="&O17)) -> 7 | Q17: =IF(L17=0,0,COUNTIF($P$6:P17,P17)-1) -> 0 | R17: =P17-Q17 -> 7
A18: 4.4 | B18: =VLOOKUP(A18,MC,2,0) -> SICRO | C18: =VLOOKUP(A18,MC,3,0) -> 2003609 | D18: =C18 -> 2003609 | E18: =VLOOKUP(A18,MC,4,0) -> Dreno subsuperficial - DSS 03 - brita comercial | F18: =VLOOKUP(A18,MC,10,0) -> m | G18: =VLOOKUP(A18,MC,9,0) -> 36 | H18: =IFERROR(VLOOKUP(C18,BANCO,4,0),IFERROR(VLOOKUP(C18,SINAPI,5,0),IFERROR(VLOOKUP(C18,SICRO,4,0),))) -> 24.4 | I18: =$K$2 -> 0.2123 | J18: =TRUNC(H18*(1+I18),2) -> 29.58 | K18: =TRUNC(G18*J18,2) -> 1064.88 | L18: =COUNTIF($C$8:C18,C18) -> 1 | M18: =IF(L18>1,0,SUMIF(C:C,C18,F:F)) -> 0 | N18: =IF(L18=1,C18,0) -> 2003609 | O18: =SUMIF(C:C,N18,K:K) -> 1064.88 | P18: =IF(O18=0,0,COUNTIF($O:$O,">="&O18)) -> 38 | Q18: =IF(L18=0,0,COUNTIF($P$6:P18,P18)-1) -> 0 | R18: =P18-Q18 -> 38
A19: 4.5 | B19: =VLOOKUP(A19,MC,2,0) -> SICRO | C19: =VLOOKUP(A19,MC,3,0) -> 2003611 | D19: =C19 -> 2003611 | E19: =VLOOKUP(A19,MC,4,0) -> Dreno subsuperficial - DSS 04 - tubo PEAD e brita comercial | F19: =VLOOKUP(A19,MC,10,0) -> m | G19: =VLOOKUP(A19,MC,9,0) -> 1100 | H19: =IFERROR(VLOOKUP(C19,BANCO,4,0),IFERROR(VLOOKUP(C19,SINAPI,5,0),IFERROR(VLOOKUP(C19,SICRO,4,0),))) -> 64.55 | I19: =$K$2 -> 0.2123 | J19: =TRUNC(H19*(1+I19),2) -> 78.25 | K19: =TRUNC(G19*J19,2) -> 86075 | L19: =COUNTIF($C$8:C19,C19) -> 1 | M19: =IF(L19>1,0,SUMIF(C:C,C19,F:F)) -> 0 | N19: =IF(L19=1,C19,0) -> 2003611 | O19: =SUMIF(C:C,N19,K:K) -> 86075 | P19: =IF(O19=0,0,COUNTIF($O:$O,">="&O19)) -> 9 | Q19: =IF(L19=0,0,COUNTIF($P$6:P19,P19)-1) -> 0 | R19: =P19-Q19 -> 9
A20: 4.6 | B20: =VLOOKUP(A20,MC,2,0) -> SICRO | C20: =VLOOKUP(A20,MC,3,0) -> 4805757 | D20: =C20 -> 4805757 | E20: =VLOOKUP(A20,MC,4,0) -> Escavação mecânica de vala em material de 1ª categoria | F20: =VLOOKUP(A20,MC,10,0) -> m³ | G20: =VLOOKUP(A20,MC,9,0) -> 656.64 | H20: =IFERROR(VLOOKUP(C20,BANCO,4,0),IFERROR(VLOOKUP(C20,SINAPI,5,0),IFERROR(VLOOKUP(C20,SICRO,4,0),))) -> 6.99 | I20: =$K$2 -> 0.2123 | J20: =TRUNC(H20*(1+I20),2) -> 8.47 | K20: =TRUNC(G20*J20,2) -> 5561.74 | L20: =COUNTIF($C$8:C20,C20) -> 1 | M20: =IF(L20>1,0,SUMIF(C:C,C20,F:F)) -> 0 | N20: =IF(L20=1,C20,0) -> 4805757 | O20: =SUMIF(C:C,N20,K:K) -> 5561.74 | P20: =IF(O20=0,0,COUNTIF($O:$O,">="&O20)) -> 29 | Q20: =IF(L20=0,0,COUNTIF($P$6:P20,P20)-1) -> 0 | R20: =P20-Q20 -> 29
A21: 4.7 | B21: =VLOOKUP(A21,MC,2,0) -> SICRO | C21: =VLOOKUP(A21,MC,3,0) -> 5914351 | D21: =C21 -> 5914351 | E21: =VLOOKUP(A21,MC,4,0) -> Carga, manobra e descarga de agregados ou solos em caminhão basculante de 14 m³ - carga com carregadeira de 3,40 m³ e descarga livre | F21: =VLOOKUP(A21,MC,10,0) -> t | G21: =VLOOKUP(A21,MC,9,0) -> 1477.44 | H21: =IFERROR(VLOOKUP(C21,BANCO,4,0),IFERROR(VLOOKUP(C21,SINAPI,5,0),IFERROR(VLOOKUP(C21,SICRO,4,0),))) -> 2.98 | I21: =$K$2 -> 0.2123 | J21: =TRUNC(H21*(1+I21),2) -> 3.61 | K21: =TRUNC(G21*J21,2) -> 5333.55 | L21: =COUNTIF($C$8:C21,C21) -> 1 | M21: =IF(L21>1,0,SUMIF(C:C,C21,F:F)) -> 0 | N21: =IF(L21=1,C21,0) -> 5914351 | O21: =SUMIF(C:C,N21,K:K) -> 5333.55 | P21: =IF(O21=0,0,COUNTIF($O:$O,">="&O21)) -> 30 | Q21: =IF(L21=0,0,COUNTIF($P$6:P21,P21)-1) -> 0 | R21: =P21-Q21 -> 30
A22: 4.8 | B22: =VLOOKUP(A22,MC,2,0) -> SICRO | C22: =VLOOKUP(A22,MC,3,0) -> 5915321 | D22: =C22 -> 5915321 | E22: =VLOOKUP(A22,MC,4,0) -> Transporte com caminhão basculante de 14 m³ - rodovia pavimentada | F22: =VLOOKUP(A22,MC,10,0) -> tkm | G22: =VLOOKUP(A22,MC,9,0) -> 44323.2 | H22: =IFERROR(VLOOKUP(C22,BANCO,4,0),IFERROR(VLOOKUP(C22,SINAPI,5,0),IFERROR(VLOOKUP(C22,SICRO,4,0),))) -> 0.7 | I22: =$K$2 -> 0.2123 | J22: =TRUNC(H22*(1+I22),2) -> 0.84 | K22: =TRUNC(G22*J22,2) -> 37231.48 | L22: =COUNTIF($C$8:C22,C22) -> 1 | M22: =IF(L22>1,0,SUMIF(C:C,C22,F:F)) -> 0 | N22: =IF(L22=1,C22,0) -> 5915321 | O22: =SUMIF(C:C,N22,K:K) -> 37231.48 | P22: =IF(O22=0,0,COUNTIF($O:$O,">="&O22)) -> 14 | Q22: =IF(L22=0,0,COUNTIF($P$6:P22,P22)-1) -> 0 | R22: =P22-Q22 -> 14
A23: 5.0 | E23: =VLOOKUP(A23,MC,4,0) -> PAVIMENTAÇÃO | K23: =SUM(K24:K36) -> 2078727.7 | L23: =COUNTIF($C$8:C23,C23) -> 0 | M23: =IF(L23>1,0,SUMIF(C:C,C23,F:F)) -> 0 | N23: =IF(L23=1,C23,0) -> 0 | O23: =SUMIF(C:C,N23,K:K) -> 0 | P23: =IF(O23=0,0,COUNTIF($O:$O,">="&O23)) -> 0 | Q23: =IF(L23=0,0,COUNTIF($P$6:P23,P23)-1) -> 0 | R23: =P23-Q23 -> 0
A24: 5.1 | B24: =VLOOKUP(A24,MC,2,0) -> SICRO | C24: =VLOOKUP(A24,MC,3,0) -> 4011484 | D24: =C24 -> 4011484 | E24: =VLOOKUP(A24,MC,4,0) -> Reciclagem com incorporação do revestimento asfáltico à base e adição de brita comercial - 100% Proctor modificado | F24: =VLOOKUP(A24,MC,10,0) -> m³ | G24: =VLOOKUP(A24,MC,9,0) -> 4060.29 | H24: =IFERROR(VLOOKUP(C24,BANCO,4,0),IFERROR(VLOOKUP(C24,SINAPI,5,0),IFERROR(VLOOKUP(C24,SICRO,4,0),))) -> 94.87 | I24: =$K$2 -> 0.2123 | J24: =TRUNC(H24*(1+I24),2) -> 115.01 | K24: =TRUNC(G24*J24,2) -> 466973.95 | L24: =COUNTIF($C$8:C24,C24) -> 1 | M24: =IF(L24>1,0,SUMIF(C:C,C24,F:F)) -> 0 | N24: =IF(L24=1,C24,0) -> 4011484 | O24: =SUMIF(C:C,N24,K:K) -> 466973.95 | P24: =IF(O24=0,0,COUNTIF($O:$O,">="&O24)) -> 4 | Q24: =IF(L24=0,0,COUNTIF($P$6:P24,P24)-1) -> 0 | R24: =P24-Q24 -> 4
A25: 5.2 | B25: =VLOOKUP(A25,MC,2,0) -> SICRO | C25: =VLOOKUP(A25,MC,3,0) -> 4011212 | D25: =C25 -> 4011212 | E25: =VLOOKUP(A25,MC,4,0) -> Varredura da superfície para execução de revestimento asfáltico | F25: =VLOOKUP(A25,MC,10,0) -> m² | G25: =VLOOKUP(A25,MC,9,0) -> 19922 | H25: =IFERROR(VLOOKUP(C25,BANCO,4,0),IFERROR(VLOOKUP(C25,SINAPI,5,0),IFERROR(VLOOKUP(C25,SICRO,4,0),))) -> 0.08 | I25: =$K$2 -> 0.2123 | J25: =TRUNC(H25*(1+I25),2) -> 0.09 | K25: =TRUNC(G25*J25,2) -> 1792.98 | L25: =COUNTIF($C$8:C25,C25) -> 1 | M25: =IF(L25>1,0,SUMIF(C:C,C25,F:F)) -> 0 | N25: =IF(L25=1,C25,0) -> 4011212 | O25: =SUMIF(C:C,N25,K:K) -> 1792.98 | P25: =IF(O25=0,0,COUNTIF($O:$O,">="&O25)) -> 37 | Q25: =IF(L25=0,0,COUNTIF($P$6:P25,P25)-1) -> 0 | R25: =P25-Q25 -> 37
A26: 5.3 | B26: =VLOOKUP(A26,MC,2,0) -> SICRO | C26: =VLOOKUP(A26,MC,3,0) -> 4011352 | D26: =C26 -> 4011352 | E26: =VLOOKUP(A26,MC,4,0) -> Imprimação com emulsão asfáltica | F26: =VLOOKUP(A26,MC,10,0) -> m² | G26: =VLOOKUP(A26,MC,9,0) -> 19922 | H26: =IFERROR(VLOOKUP(C26,BANCO,4,0),IFERROR(VLOOKUP(C26,SINAPI,5,0),IFERROR(VLOOKUP(C26,SICRO,4,0),))) -> 0.61 | I26: =$K$2 -> 0.2123 | J26: =TRUNC(H26*(1+I26),2) -> 0.73 | K26: =TRUNC(G26*J26,2) -> 14543.06 | L26: =COUNTIF($C$8:C26,C26) -> 1 | M26: =IF(L26>1,0,SUMIF(C:C,C26,F:F)) -> 0 | N26: =IF(L26=1,C26,0) -> 4011352 | O26: =SUMIF(C:C,N26,K:K) -> 14543.06 | P26: =IF(O26=0,0,COUNTIF($O:$O,">="&O26)) -> 20 | Q26: =IF(L26=0,0,COUNTIF($P$6:P26,P26)-1) -> 0 | R26: =P26-Q26 -> 20
A27: 5.4 | B27: =VLOOKUP(A27,MC,2,0) -> SICRO | C27: =VLOOKUP(A27,MC,3,0) -> 4011353 | D27: =C27 -> 4011353 | E27: =VLOOKUP(A27,MC,4,0) -> Pintura de ligação | F27: =VLOOKUP(A27,MC,10,0) -> m² | G27: =VLOOKUP(A27,MC,9,0) -> 19922 | H27: =IFERROR(VLOOKUP(C27,BANCO,4,0),IFERROR(VLOOKUP(C27,SINAPI,5,0),IFERROR(VLOOKUP(C27,SICRO,4,0),))) -> 0.42 | I27: =$K$2 -> 0.2123 | J27: =TRUNC(H27*(1+I27),2) -> 0.5 | K27: =TRUNC(G27*J27,2) -> 9961 | L27: =COUNTIF($C$8:C27,C27) -> 1 | M27: =IF(L27>1,0,SUMIF(C:C,C27,F:F)) -> 0 | N27: =IF(L27=1,C27,0) -> 4011353 | O27: =SUMIF(C:C,N27,K:K) -> 9961 | P27: =IF(O27=0,0,COUNTIF($O:$O,">="&O27)) -> 24 | Q27: =IF(L27=0,0,COUNTIF($P$6:P27,P27)-1) -> 0 | R27: =P27-Q27 -> 24
A28: 5.5 | B28: =VLOOKUP(A28,MC,2,0) -> SICRO | C28: =VLOOKUP(A28,MC,3,0) -> 4011463 | D28: =C28 -> 4011463 | E28: =VLOOKUP(A28,MC,4,0) -> Concreto asfáltico - faixa C-12,5 - areia e brita comerciais | F28: =VLOOKUP(A28,MC,10,0) -> t | G28: =VLOOKUP(A28,MC,9,0) -> 2390.64 | H28: =IFERROR(VLOOKUP(C28,BANCO,4,0),IFERROR(VLOOKUP(C28,SINAPI,5,0),IFERROR(VLOOKUP(C28,SICRO,4,0),))) -> 190.68 | I28: =$K$2 -> 0.2123 | J28: =TRUNC(H28*(1+I28),2) -> 231.16 | K28: =TRUNC(G28*J28,2) -> 552620.34 | L28: =COUNTIF($C$8:C28,C28) -> 1 | M28: =IF(L28>1,0,SUMIF(C:C,C28,F:F)) -> 0 | N28: =IF(L28=1,C28,0) -> 4011463 | O28: =SUMIF(C:C,N28,K:K) -> 552620.34 | P28: =IF(O28=0,0,COUNTIF($O:$O,">="&O28)) -> 2 | Q28: =IF(L28=0,0,COUNTIF($P$6:P28,P28)-1) -> 0 | R28: =P28-Q28 -> 2
E29: AQUISIÇÃO DE MATERIAL BETUMINOSO | L29: =COUNTIF($C$8:C29,C29) -> 0 | M29: =IF(L29>1,0,SUMIF(C:C,C29,F:F)) -> 0 | N29: =IF(L29=1,C29,0) -> 0 | O29: =SUMIF(C:C,N29,K:K) -> 0 | P29: =IF(O29=0,0,COUNTIF($O:$O,">="&O29)) -> 0 | Q29: =IF(L29=0,0,COUNTIF($P$6:P29,P29)-1) -> 0 | R29: =P29-Q29 -> 0
A30: 5.6 | B30: =VLOOKUP(A30,MC,2,0) -> ANP | C30: =VLOOKUP(A30,MC,3,0) -> CAMB01 | D30: =C30 -> CAMB01 | E30: =VLOOKUP(A30,MC,4,0) -> AQUISIÇÃO DE EMULSÃO ASFÁLTICA PARA IMPRIMAÇÃO - EAI | F30: =VLOOKUP(A30,MC,10,0) -> T | G30: =VLOOKUP(A30,MC,9,0) -> 25.9 | H30: 2651 | I30: =$K$3 -> 0.15 | J30: =TRUNC(H30*(1+I30),2) -> 3048.65 | K30: =TRUNC(G30*J30,2) -> 78960.03 | L30: =COUNTIF($C$8:C30,C30) -> 1 | M30: =IF(L30>1,0,SUMIF(C:C,C30,F:F)) -> 0 | N30: =IF(L30=1,C30,0) -> CAMB01 | O30: =SUMIF(C:C,N30,K:K) -> 78960.03 | P30: =IF(O30=0,0,COUNTIF($O:$O,">="&O30)) -> 10 | Q30: =IF(L30=0,0,COUNTIF($P$6:P30,P30)-1) -> 0 | R30: =P30-Q30 -> 10
A31: 5.7 | B31: =VLOOKUP(A31,MC,2,0) -> ANP | C31: =VLOOKUP(A31,MC,3,0) -> CAMB02 | D31: =C31 -> CAMB02 | E31: =VLOOKUP(A31,MC,4,0) -> AQUISIÇÃO DE EMULSÃO ASFÁLTICA RR-1C | F31: =VLOOKUP(A31,MC,10,0) -> T | G31: =VLOOKUP(A31,MC,9,0) -> 8.96 | H31: 3502 | I31: =$K$3 -> 0.15 | J31: =TRUNC(H31*(1+I31),2) -> 4027.3 | K31: =TRUNC(G31*J31,2) -> 36084.6 | L31: =COUNTIF($C$8:C31,C31) -> 1 | M31: =IF(L31>1,0,SUMIF(C:C,C31,F:F)) -> 0 | N31: =IF(L31=1,C31,0) -> CAMB02 | O31: =SUMIF(C:C,N31,K:K) -> 36084.6 | P31: =IF(O31=0,0,COUNTIF($O:$O,">="&O31)) -> 15 | Q31: =IF(L31=0,0,COUNTIF($P$6:P31,P31)-1) -> 0 | R31: =P31-Q31 -> 15
A32: 5.8 | B32: =VLOOKUP(A32,MC,2,0) -> ANP | C32: =VLOOKUP(A32,MC,3,0) -> CAMB03 | D32: =C32 -> CAMB03 | E32: =VLOOKUP(A32,MC,4,0) -> AQUISIÇÃO DE CIMENTO ASFÁLTICO CAP 50/70 | F32: =VLOOKUP(A32,MC,10,0) -> T | G32: =VLOOKUP(A32,MC,9,0) -> 132.56 | H32: 5283 | I32: =$K$3 -> 0.15 | J32: =TRUNC(H32*(1+I32),2) -> 6075.45 | K32: =TRUNC(G32*J32,2) -> 805361.65 | L32: =COUNTIF($C$8:C32,C32) -> 1 | M32: =IF(L32>1,0,SUMIF(C:C,C32,F:F)) -> 0 | N32: =IF(L32=1,C32,0) -> CAMB03 | O32: =SUMIF(C:C,N32,K:K) -> 805361.65 | P32: =IF(O32=0,0,COUNTIF($O:$O,">="&O32)) -> 1 | Q32: =IF(L32=0,0,COUNTIF($P$6:P32,P32)-1) -> 0 | R32: =P32-Q32 -> 1
E33: TRANSPORTE DE MATERIAL BETUMINOSO | L33: =COUNTIF($C$8:C33,C33) -> 0 | M33: =IF(L33>1,0,SUMIF(C:C,C33,F:F)) -> 0 | N33: =IF(L33=1,C33,0) -> 0 | O33: =SUMIF(C:C,N33,K:K) -> 0 | P33: =IF(O33=0,0,COUNTIF($O:$O,">="&O33)) -> 0 | Q33: =IF(L33=0,0,COUNTIF($P$6:P33,P33)-1) -> 0 | R33: =P33-Q33 -> 0
A34: 5.9 | B34: =VLOOKUP(A34,MC,2,0) -> ANP | C34: =VLOOKUP(A34,MC,3,0) -> CTMB01 | D34: =C34 -> CTMB01 | E34: =VLOOKUP(A34,MC,4,0) -> TRANSPORTE DE EMULSÃO ASFÁLTICA PARA IMPRIMAÇÃO - EAI | F34: =VLOOKUP(A34,MC,10,0) -> T | G34: =VLOOKUP(A34,MC,9,0) -> 25.9 | H34: 589.76 | I34: =$K$3 -> 0.15 | J34: =TRUNC(H34*(1+I34),2) -> 678.22 | K34: =TRUNC(G34*J34,2) -> 17565.89 | L34: =COUNTIF($C$8:C34,C34) -> 1 | M34: =IF(L34>1,0,SUMIF(C:C,C34,F:F)) -> 0 | N34: =IF(L34=1,C34,0) -> CTMB01 | O34: =SUMIF(C:C,N34,K:K) -> 17565.89 | P34: =IF(O34=0,0,COUNTIF($O:$O,">="&O34)) -> 18 | Q34: =IF(L34=0,0,COUNTIF($P$6:P34,P34)-1) -> 0 | R34: =P34-Q34 -> 18
A35: 5.10 | B35: =VLOOKUP(A35,MC,2,0) -> ANP | C35: =VLOOKUP(A35,MC,3,0) -> CTMB02 | D35: =C35 -> CTMB02 | E35: =VLOOKUP(A35,MC,4,0) -> TRANSPORTE DE EMULSÃO ASFÁLTICA RR-1C | F35: =VLOOKUP(A35,MC,10,0) -> T | G35: =VLOOKUP(A35,MC,9,0) -> 8.96 | H35: 589.76 | I35: =$K$3 -> 0.15 | J35: =TRUNC(H35*(1+I35),2) -> 678.22 | K35: =TRUNC(G35*J35,2) -> 6076.85 | L35: =COUNTIF($C$8:C35,C35) -> 1 | M35: =IF(L35>1,0,SUMIF(C:C,C35,F:F)) -> 0 | N35: =IF(L35=1,C35,0) -> CTMB02 | O35: =SUMIF(C:C,N35,K:K) -> 6076.85 | P35: =IF(O35=0,0,COUNTIF($O:$O,">="&O35)) -> 27 | Q35: =IF(L35=0,0,COUNTIF($P$6:P35,P35)-1) -> 0 | R35: =P35-Q35 -> 27
A36: 5.11 | B36: =VLOOKUP(A36,MC,2,0) -> ANP | C36: =VLOOKUP(A36,MC,3,0) -> CTMB03 | D36: =C36 -> CTMB03 | E36: =VLOOKUP(A36,MC,4,0) -> TRANSPORTE DE CIMENTO ASFÁLTICO CAP 50/70 | F36: =VLOOKUP(A36,MC,10,0) -> T | G36: =VLOOKUP(A36,MC,9,0) -> 132.56 | H36: 582.43 | I36: =$K$3 -> 0.15 | J36: =TRUNC(H36*(1+I36),2) -> 669.79 | K36: =TRUNC(G36*J36,2) -> 88787.36 | L36: =COUNTIF($C$8:C36,C36) -> 1 | M36: =IF(L36>1,0,SUMIF(C:C,C36,F:F)) -> 0 | N36: =IF(L36=1,C36,0) -> CTMB03 | O36: =SUMIF(C:C,N36,K:K) -> 88787.36 | P36: =IF(O36=0,0,COUNTIF($O:$O,">="&O36)) -> 8 | Q36: =IF(L36=0,0,COUNTIF($P$6:P36,P36)-1) -> 0 | R36: =P36-Q36 -> 8
A37: 6.0 | E37: =VLOOKUP(A37,MC,4,0) -> SINALIZAÇÃO | K37: =SUM(K38:K49) -> 136049.14 | L37: =COUNTIF($C$8:C37,C37) -> 0 | M37: =IF(L37>1,0,SUMIF(C:C,C37,F:F)) -> 0 | N37: =IF(L37=1,C37,0) -> 0 | O37: =SUMIF(C:C,N37,K:K) -> 0 | P37: =IF(O37=0,0,COUNTIF($O:$O,">="&O37)) -> 0 | Q37: =IF(L37=0,0,COUNTIF($P$6:P37,P37)-1) -> 0 | R37: =P37-Q37 -> 0
A38: 6.1 | E38: SINALIZAÇÃO HORIZONTAL | L38: =COUNTIF($C$8:C38,C38) -> 0 | M38: =IF(L38>1,0,SUMIF(C:C,C38,F:F)) -> 0 | N38: =IF(L38=1,C38,0) -> 0 | O38: =SUMIF(C:C,N38,K:K) -> 0 | P38: =IF(O38=0,0,COUNTIF($O:$O,">="&O38)) -> 0 | Q38: =IF(L38=0,0,COUNTIF($P$6:P38,P38)-1) -> 0 | R38: =P38-Q38 -> 0
A39: 6.1.1 | B39: =VLOOKUP(A39,MC,2,0) -> SICRO | C39: =VLOOKUP(A39,MC,3,0) -> 5213408 | D39: =C39 -> 5213408 | E39: =VLOOKUP(A39,MC,4,0) -> Pintura de faixa com termoplástico por aspersão - espessura de 1,5 mm | F39: =VLOOKUP(A39,MC,10,0) -> m² | G39: =VLOOKUP(A39,MC,9,0) -> 645.65 | H39: =IFERROR(VLOOKUP(C39,BANCO,4,0),IFERROR(VLOOKUP(C39,SINAPI,5,0),IFERROR(VLOOKUP(C39,SICRO,4,0),))) -> 49.64 | I39: =$K$2 -> 0.2123 | J39: =TRUNC(H39*(1+I39),2) -> 60.17 | K39: =TRUNC(G39*J39,2) -> 38848.76 | L39: =COUNTIF($C$8:C39,C39) -> 1 | M39: =IF(L39>1,0,SUMIF(C:C,C39,F:F)) -> 0 | N39: =IF(L39=1,C39,0) -> 5213408 | O39: =SUMIF(C:C,N39,K:K) -> 38848.76 | P39: =IF(O39=0,0,COUNTIF($O:$O,">="&O39)) -> 13 | Q39: =IF(L39=0,0,COUNTIF($P$6:P39,P39)-1) -> 0 | R39: =P39-Q39 -> 13
A40: 6.1.2 | B40: =VLOOKUP(A40,MC,2,0) -> SICRO | C40: =VLOOKUP(A40,MC,3,0) -> 5213362 | D40: =C40 -> 5213362 | E40: =VLOOKUP(A40,MC,4,0) -> Tachão refletivo em plástico injetado - bidirecional - fornecimento e colocação | F40: =VLOOKUP(A40,MC,10,0) -> un | G40: =VLOOKUP(A40,MC,9,0) -> 48 | H40: =IFERROR(VLOOKUP(C40,BANCO,4,0),IFERROR(VLOOKUP(C40,SINAPI,5,0),IFERROR(VLOOKUP(C40,SICRO,4,0),))) -> 88.25 | I40: =$K$2 -> 0.2123 | J40: =TRUNC(H40*(1+I40),2) -> 106.98 | K40: =TRUNC(G40*J40,2) -> 5135.04 | L40: =COUNTIF($C$8:C40,C40) -> 1 | M40: =IF(L40>1,0,SUMIF(C:C,C40,F:F)) -> 0 | N40: =IF(L40=1,C40,0) -> 5213362 | O40: =SUMIF(C:C,N40,K:K) -> 5135.04 | P40: =IF(O40=0,0,COUNTIF($O:$O,">="&O40)) -> 31 | Q40: =IF(L40=0,0,COUNTIF($P$6:P40,P40)-1) -> 0 | R40: =P40-Q40 -> 31
A41: 6.1.3 | B41: =VLOOKUP(A41,MC,2,0) -> SICRO | C41: =VLOOKUP(A41,MC,3,0) -> 5213360 | D41: =C41 -> 5213360 | E41: =VLOOKUP(A41,MC,4,0) -> Tacha refletiva em plástico injetado - bidirecional tipo I - com um pino - fornecimento e colocação | F41: =VLOOKUP(A41,MC,10,0) -> un | G41: =VLOOKUP(A41,MC,9,0) -> 912 | H41: =IFERROR(VLOOKUP(C41,BANCO,4,0),IFERROR(VLOOKUP(C41,SINAPI,5,0),IFERROR(VLOOKUP(C41,SICRO,4,0),))) -> 35.68 | I41: =$K$2 -> 0.2123 | J41: =TRUNC(H41*(1+I41),2) -> 43.25 | K41: =TRUNC(G41*J41,2) -> 39444 | L41: =COUNTIF($C$8:C41,C41) -> 1 | M41: =IF(L41>1,0,SUMIF(C:C,C41,F:F)) -> 0 | N41: =IF(L41=1,C41,0) -> 5213360 | O41: =SUMIF(C:C,N41,K:K) -> 39444 | P41: =IF(O41=0,0,COUNTIF($O:$O,">="&O41)) -> 12 | Q41: =IF(L41=0,0,COUNTIF($P$6:P41,P41)-1) -> 0 | R41: =P41-Q41 -> 12
A42: 6.2 | E42: SINALIZAÇÃO VERTICAL | L42: =COUNTIF($C$8:C42,C42) -> 0 | M42: =IF(L42>1,0,SUMIF(C:C,C42,F:F)) -> 0 | N42: =IF(L42=1,C42,0) -> 0 | O42: =SUMIF(C:C,N42,K:K) -> 0 | P42: =IF(O42=0,0,COUNTIF($O:$O,">="&O42)) -> 0 | Q42: =IF(L42=0,0,COUNTIF($P$6:P42,P42)-1) -> 0 | R42: =P42-Q42 -> 0
A43: 6.2.1 | B43: =VLOOKUP(A43,MC,2,0) -> SICRO | C43: =VLOOKUP(A43,MC,3,0) -> 5213441 | D43: =C43 -> 5213441 | E43: =VLOOKUP(A43,MC,4,0) -> Placa de regulamentação em aço D = 0,80 m - película retrorrefletiva tipo I + SI - fornecimento e implantação | F43: =VLOOKUP(A43,MC,10,0) -> un | G43: =VLOOKUP(A43,MC,9,0) -> 10 | H43: =IFERROR(VLOOKUP(C43,BANCO,4,0),IFERROR(VLOOKUP(C43,SINAPI,5,0),IFERROR(VLOOKUP(C43,SICRO,4,0),))) -> 498.42 | I43: =$K$2 -> 0.2123 | J43: =TRUNC(H43*(1+I43),2) -> 604.23 | K43: =TRUNC(G43*J43,2) -> 6042.3 | L43: =COUNTIF($C$8:C43,C43) -> 1 | M43: =IF(L43>1,0,SUMIF(C:C,C43,F:F)) -> 0 | N43: =IF(L43=1,C43,0) -> 5213441 | O43: =SUMIF(C:C,N43,K:K) -> 6042.3 | P43: =IF(O43=0,0,COUNTIF($O:$O,">="&O43)) -> 28 | Q43: =IF(L43=0,0,COUNTIF($P$6:P43,P43)-1) -> 0 | R43: =P43-Q43 -> 28
A44: 6.2.2 | B44: =VLOOKUP(A44,MC,2,0) -> SICRO | C44: =VLOOKUP(A44,MC,3,0) -> 5213464 | D44: =C44 -> 5213464 | E44: =VLOOKUP(A44,MC,4,0) -> Placa de advertência em aço, lado de 0,60 m - película retrorrefletiva tipo I + SI - fornecimento e implantação | F44: =VLOOKUP(A44,MC,10,0) -> un | G44: =VLOOKUP(A44,MC,9,0) -> 6 | H44: =IFERROR(VLOOKUP(C44,BANCO,4,0),IFERROR(VLOOKUP(C44,SINAPI,5,0),IFERROR(VLOOKUP(C44,SICRO,4,0),))) -> 291.2 | I44: =$K$2 -> 0.2123 | J44: =TRUNC(H44*(1+I44),2) -> 353.02 | K44: =TRUNC(G44*J44,2) -> 2118.12 | L44: =COUNTIF($C$8:C44,C44) -> 1 | M44: =IF(L44>1,0,SUMIF(C:C,C44,F:F)) -> 0 | N44: =IF(L44=1,C44,0) -> 5213464 | O44: =SUMIF(C:C,N44,K:K) -> 2118.12 | P44: =IF(O44=0,0,COUNTIF($O:$O,">="&O44)) -> 36 | Q44: =IF(L44=0,0,COUNTIF($P$6:P44,P44)-1) -> 0 | R44: =P44-Q44 -> 36
A45: 6.2.3 | B45: =VLOOKUP(A45,MC,2,0) -> SICRO | C45: =VLOOKUP(A45,MC,3,0) -> 5213571 | D45: =C45 -> 5213571 | E45: =VLOOKUP(A45,MC,4,0) -> Placa em aço - película I + III - fornecimento e implantação | F45: =VLOOKUP(A45,MC,10,0) -> m² | G45: =VLOOKUP(A45,MC,9,0) -> 22.68 | H45: =IFERROR(VLOOKUP(C45,BANCO,4,0),IFERROR(VLOOKUP(C45,SINAPI,5,0),IFERROR(VLOOKUP(C45,SICRO,4,0),))) -> 492.13 | I45: =$K$2 -> 0.2123 | J45: =TRUNC(H45*(1+I45),2) -> 596.6 | K45: =TRUNC(G45*J45,2) -> 13530.88 | L45: =COUNTIF($C$8:C45,C45) -> 1 | M45: =IF(L45>1,0,SUMIF(C:C,C45,F:F)) -> 0 | N45: =IF(L45=1,C45,0) -> 5213571 | O45: =SUMIF(C:C,N45,K:K) -> 13530.88 | P45: =IF(O45=0,0,COUNTIF($O:$O,">="&O45)) -> 22 | Q45: =IF(L45=0,0,COUNTIF($P$6:P45,P45)-1) -> 0 | R45: =P45-Q45 -> 22
A46: 6.2.4 | B46: =VLOOKUP(A46,MC,2,0) -> SICRO | C46: =VLOOKUP(A46,MC,3,0) -> 5213472 | D46: =C46 -> 5213472 | E46: =VLOOKUP(A46,MC,4,0) -> Placa de marco quilométrico em aço - 0,60 x 0,865 m - película retrorrefletiva tipo I + I - fornecimento e implantação | F46: =VLOOKUP(A46,MC,10,0) -> un | G46: =VLOOKUP(A46,MC,9,0) -> 2 | H46: =IFERROR(VLOOKUP(C46,BANCO,4,0),IFERROR(VLOOKUP(C46,SINAPI,5,0),IFERROR(VLOOKUP(C46,SICRO,4,0),))) -> 302.56 | I46: =$K$2 -> 0.2123 | J46: =TRUNC(H46*(1+I46),2) -> 366.79 | K46: =TRUNC(G46*J46,2) -> 733.58 | L46: =COUNTIF($C$8:C46,C46) -> 1 | M46: =IF(L46>1,0,SUMIF(C:C,C46,F:F)) -> 0 | N46: =IF(L46=1,C46,0) -> 5213472 | O46: =SUMIF(C:C,N46,K:K) -> 733.58 | P46: =IF(O46=0,0,COUNTIF($O:$O,">="&O46)) -> 39 | Q46: =IF(L46=0,0,COUNTIF($P$6:P46,P46)-1) -> 0 | R46: =P46-Q46 -> 39
A47: 6.2.5 | B47: =VLOOKUP(A47,MC,2,0) -> SICRO | C47: =VLOOKUP(A47,MC,3,0) -> 5213552 | D47: =C47 -> 5213552 | E47: =VLOOKUP(A47,MC,4,0) -> Placa em aço, modulada - 2,00 x 1,00 m - película retrorrefletiva tipo I + III - fornecimento e implantação | F47: =VLOOKUP(A47,MC,10,0) -> un | G47: =VLOOKUP(A47,MC,9,0) -> 2 | H47: =IFERROR(VLOOKUP(C47,BANCO,4,0),IFERROR(VLOOKUP(C47,SINAPI,5,0),IFERROR(VLOOKUP(C47,SICRO,4,0),))) -> 1205.2 | I47: =$K$2 -> 0.2123 | J47: =TRUNC(H47*(1+I47),2) -> 1461.06 | K47: =TRUNC(G47*J47,2) -> 2922.12 | L47: =COUNTIF($C$8:C47,C47) -> 1 | M47: =IF(L47>1,0,SUMIF(C:C,C47,F:F)) -> 0 | N47: =IF(L47=1,C47,0) -> 5213552 | O47: =SUMIF(C:C,N47,K:K) -> 2922.12 | P47: =IF(O47=0,0,COUNTIF($O:$O,">="&O47)) -> 34 | Q47: =IF(L47=0,0,COUNTIF($P$6:P47,P47)-1) -> 0 | R47: =P47-Q47 -> 34
A48: 6.2.6 | B48: =VLOOKUP(A48,MC,2,0) -> SICRO | C48: =VLOOKUP(A48,MC,3,0) -> 5213577 | D48: =C48 -> 5213577 | E48: =VLOOKUP(A48,MC,4,0) -> Placa em aço, modulada - acima de 2 m² - película I + III - fornecimento e implantação | F48: =VLOOKUP(A48,MC,10,0) -> m² | G48: =VLOOKUP(A48,MC,9,0) -> 24.75 | H48: =IFERROR(VLOOKUP(C48,BANCO,4,0),IFERROR(VLOOKUP(C48,SINAPI,5,0),IFERROR(VLOOKUP(C48,SICRO,4,0),))) -> 618.16 | I48: =$K$2 -> 0.2123 | J48: =TRUNC(H48*(1+I48),2) -> 749.39 | K48: =TRUNC(G48*J48,2) -> 18547.4 | L48: =COUNTIF($C$8:C48,C48) -> 1 | M48: =IF(L48>1,0,SUMIF(C:C,C48,F:F)) -> 0 | N48: =IF(L48=1,C48,0) -> 5213577 | O48: =SUMIF(C:C,N48,K:K) -> 18547.4 | P48: =IF(O48=0,0,COUNTIF($O:$O,">="&O48)) -> 17 | Q48: =IF(L48=0,0,COUNTIF($P$6:P48,P48)-1) -> 0 | R48: =P48-Q48 -> 17
A49: 6.2.7 | B49: =VLOOKUP(A49,MC,2,0) -> SICRO | C49: =VLOOKUP(A49,MC,3,0) -> 5216111 | D49: =C49 -> 5216111 | E49: =VLOOKUP(A49,MC,4,0) -> Suporte para placa de sinalização em madeira de lei tratada 8 x 8 cm - fornecimento e implantação | F49: =VLOOKUP(A49,MC,10,0) -> un | G49: =VLOOKUP(A49,MC,9,0) -> 54 | H49: =IFERROR(VLOOKUP(C49,BANCO,4,0),IFERROR(VLOOKUP(C49,SINAPI,5,0),IFERROR(VLOOKUP(C49,SICRO,4,0),))) -> 133.31 | I49: =$K$2 -> 0.2123 | J49: =TRUNC(H49*(1+I49),2) -> 161.61 | K49: =TRUNC(G49*J49,2) -> 8726.94 | L49: =COUNTIF($C$8:C49,C49) -> 1 | M49: =IF(L49>1,0,SUMIF(C:C,C49,F:F)) -> 0 | N49: =IF(L49=1,C49,0) -> 5216111 | O49: =SUMIF(C:C,N49,K:K) -> 10827.87 | P49: =IF(O49=0,0,COUNTIF($O:$O,">="&O49)) -> 23 | Q49: =IF(L49=0,0,COUNTIF($P$6:P49,P49)-1) -> 0 | R49: =P49-Q49 -> 23
A50: 7.0 | E50: =VLOOKUP(A50,MC,4,0) -> SINALIZAÇÃO DE OBRA | K50: =SUM(K51:K58) -> 97672.54 | L50: =COUNTIF($C$8:C50,C50) -> 0 | M50: =IF(L50>1,0,SUMIF(C:C,C50,F:F)) -> 0 | N50: =IF(L50=1,C50,0) -> 0 | O50: =SUMIF(C:C,N50,K:K) -> 0 | P50: =IF(O50=0,0,COUNTIF($O:$O,">="&O50)) -> 0 | Q50: =IF(L50=0,0,COUNTIF($P$6:P50,P50)-1) -> 0 | R50: =P50-Q50 -> 0
A51: 7.1 | B51: =VLOOKUP(A51,MC,2,0) -> SICRO | C51: =VLOOKUP(A51,MC,3,0) -> 5212560 | D51: =C51 -> 5212560 | E51: =VLOOKUP(A51,MC,4,0) -> Placa de advertência para sinalização de obras montada em suporte metálico móvel, lado 1,00 m - utilização de 600 ciclos - fornecimento, 01 implantação e 01 retirada diária | F51: =VLOOKUP(A51,MC,10,0) -> un.dia | G51: =VLOOKUP(A51,MC,9,0) -> 462 | H51: =IFERROR(VLOOKUP(C51,BANCO,4,0),IFERROR(VLOOKUP(C51,SINAPI,5,0),IFERROR(VLOOKUP(C51,SICRO,4,0),))) -> 4.17 | I51: =$K$2 -> 0.2123 | J51: =TRUNC(H51*(1+I51),2) -> 5.05 | K51: =TRUNC(G51*J51,2) -> 2333.1 | L51: =COUNTIF($C$8:C51,C51) -> 1 | M51: =IF(L51>1,0,SUMIF(C:C,C51,F:F)) -> 0 | N51: =IF(L51=1,C51,0) -> 5212560 | O51: =SUMIF(C:C,N51,K:K) -> 2333.1 | P51: =IF(O51=0,0,COUNTIF($O:$O,">="&O51)) -> 35 | Q51: =IF(L51=0,0,COUNTIF($P$6:P51,P51)-1) -> 0 | R51: =P51-Q51 -> 35
A52: 7.2 | B52: =VLOOKUP(A52,MC,2,0) -> SICRO | C52: =VLOOKUP(A52,MC,3,0) -> 5213498 | D52: =C52 -> 5213498 | E52: =VLOOKUP(A52,MC,4,0) -> Placa em aço - 2,00 x 1,00 m - película retrorrefletiva tipo I + III - fornecimento e implantação | F52: =VLOOKUP(A52,MC,10,0) -> un | G52: =VLOOKUP(A52,MC,9,0) -> 6 | H52: =IFERROR(VLOOKUP(C52,BANCO,4,0),IFERROR(VLOOKUP(C52,SINAPI,5,0),IFERROR(VLOOKUP(C52,SICRO,4,0),))) -> 953.14 | I52: =$K$2 -> 0.2123 | J52: =TRUNC(H52*(1+I52),2) -> 1155.49 | K52: =TRUNC(G52*J52,2) -> 6932.94 | L52: =COUNTIF($C$8:C52,C52) -> 1 | M52: =IF(L52>1,0,SUMIF(C:C,C52,F:F)) -> 0 | N52: =IF(L52=1,C52,0) -> 5213498 | O52: =SUMIF(C:C,N52,K:K) -> 6932.94 | P52: =IF(O52=0,0,COUNTIF($O:$O,">="&O52)) -> 26 | Q52: =IF(L52=0,0,COUNTIF($P$6:P52,P52)-1) -> 0 | R52: =P52-Q52 -> 26
A53: 7.3 | B53: =VLOOKUP(A53,MC,2,0) -> SICRO | C53: =VLOOKUP(A53,MC,3,0) -> 5213835 | D53: =C53 -> 5213835 | E53: =VLOOKUP(A53,MC,4,0) -> Cone plástico para canalização de trânsito - utilização de 150 ciclos - fornecimento, 01 implantação e 01 retirada diária | F53: =VLOOKUP(A53,MC,10,0) -> un.dia | G53: =VLOOKUP(A53,MC,9,0) -> 3724 | H53: =IFERROR(VLOOKUP(C53,BANCO,4,0),IFERROR(VLOOKUP(C53,SINAPI,5,0),IFERROR(VLOOKUP(C53,SICRO,4,0),))) -> 0.76 | I53: =$K$2 -> 0.2123 | J53: =TRUNC(H53*(1+I53),2) -> 0.92 | K53: =TRUNC(G53*J53,2) -> 3426.08 | L53: =COUNTIF($C$8:C53,C53) -> 1 | M53: =IF(L53>1,0,SUMIF(C:C,C53,F:F)) -> 0 | N53: =IF(L53=1,C53,0) -> 5213835 | O53: =SUMIF(C:C,N53,K:K) -> 3426.08 | P53: =IF(O53=0,0,COUNTIF($O:$O,">="&O53)) -> 33 | Q53: =IF(L53=0,0,COUNTIF($P$6:P53,P53)-1) -> 0 | R53: =P53-Q53 -> 33
A54: 7.4 | B54: =VLOOKUP(A54,MC,2,0) -> SICRO | C54: =VLOOKUP(A54,MC,3,0) -> 5213343 | D54: =C54 -> 5213343 | E54: =VLOOKUP(A54,MC,4,0) -> Barreira de sinalização tipo I de direcionamento ou bloqueio - utilização de 150 ciclos - fornecimento, 01 implantação e 01 retirada diária | F54: =VLOOKUP(A54,MC,10,0) -> un.dia | G54: =VLOOKUP(A54,MC,9,0) -> 1867 | H54: =IFERROR(VLOOKUP(C54,BANCO,4,0),IFERROR(VLOOKUP(C54,SINAPI,5,0),IFERROR(VLOOKUP(C54,SICRO,4,0),))) -> 4.29 | I54: =$K$2 -> 0.2123 | J54: =TRUNC(H54*(1+I54),2) -> 5.2 | K54: =TRUNC(G54*J54,2) -> 9708.4 | L54: =COUNTIF($C$8:C54,C54) -> 1 | M54: =IF(L54>1,0,SUMIF(C:C,C54,F:F)) -> 0 | N54: =IF(L54=1,C54,0) -> 5213343 | O54: =SUMIF(C:C,N54,K:K) -> 9708.4 | P54: =IF(O54=0,0,COUNTIF($O:$O,">="&O54)) -> 25 | Q54: =IF(L54=0,0,COUNTIF($P$6:P54,P54)-1) -> 0 | R54: =P54-Q54 -> 25
A55: 7.5 | B55: =VLOOKUP(A55,MC,2,0) -> SICRO | C55: =VLOOKUP(A55,MC,3,0) -> 5213850 | D55: =C55 -> 5213850 | E55: =VLOOKUP(A55,MC,4,0) -> Operação de sinalização por bandeirola de tecido ou com placa metálica | F55: =VLOOKUP(A55,MC,10,0) -> h | G55: =VLOOKUP(A55,MC,9,0) -> 2212 | H55: =IFERROR(VLOOKUP(C55,BANCO,4,0),IFERROR(VLOOKUP(C55,SINAPI,5,0),IFERROR(VLOOKUP(C55,SICRO,4,0),))) -> 23.74 | I55: =$K$2 -> 0.2123 | J55: =TRUNC(H55*(1+I55),2) -> 28.78 | K55: =TRUNC(G55*J55,2) -> 63661.36 | L55: =COUNTIF($C$8:C55,C55) -> 1 | M55: =IF(L55>1,0,SUMIF(C:C,C55,F:F)) -> 0 | N55: =IF(L55=1,C55,0) -> 5213850 | O55: =SUMIF(C:C,N55,K:K) -> 72899.74 | P55: =IF(O55=0,0,COUNTIF($O:$O,">="&O55)) -> 11 | Q55: =IF(L55=0,0,COUNTIF($P$6:P55,P55)-1) -> 0 | R55: =P55-Q55 -> 11
A56: 7.6 | B56: =VLOOKUP(A56,MC,2,0) -> SICRO | C56: =VLOOKUP(A56,MC,3,0) -> 5213848 | D56: =C56 -> 5213848 | E56: =VLOOKUP(A56,MC,4,0) -> Luz de advertência e bateria para dispositivos de sinalização - utilização de 200 ciclos - fornecimento, 01 implantação e 01 retirada diária | F56: =VLOOKUP(A56,MC,10,0) -> un.dia | G56: =VLOOKUP(A56,MC,9,0) -> 201 | H56: =IFERROR(VLOOKUP(C56,BANCO,4,0),IFERROR(VLOOKUP(C56,SINAPI,5,0),IFERROR(VLOOKUP(C56,SICRO,4,0),))) -> 1.12 | I56: =$K$2 -> 0.2123 | J56: =TRUNC(H56*(1+I56),2) -> 1.35 | K56: =TRUNC(G56*J56,2) -> 271.35 | L56: =COUNTIF($C$8:C56,C56) -> 1 | M56: =IF(L56>1,0,SUMIF(C:C,C56,F:F)) -> 0 | N56: =IF(L56=1,C56,0) -> 5213848 | O56: =SUMIF(C:C,N56,K:K) -> 271.35 | P56: =IF(O56=0,0,COUNTIF($O:$O,">="&O56)) -> 40 | Q56: =IF(L56=0,0,COUNTIF($P$6:P56,P56)-1) -> 0 | R56: =P56-Q56 -> 40
A57: 7.7 | B57: =VLOOKUP(A57,MC,2,0) -> SICRO | C57: =VLOOKUP(A57,MC,3,0) -> 5216111 | D57: =C57 -> 5216111 | E57: =VLOOKUP(A57,MC,4,0) -> Suporte para placa de sinalização em madeira de lei tratada 8 x 8 cm - fornecimento e implantação | F57: =VLOOKUP(A57,MC,10,0) -> un | G57: =VLOOKUP(A57,MC,9,0) -> 13 | H57: =IFERROR(VLOOKUP(C57,BANCO,4,0),IFERROR(VLOOKUP(C57,SINAPI,5,0),IFERROR(VLOOKUP(C57,SICRO,4,0),))) -> 133.31 | I57: =$K$2 -> 0.2123 | J57: =TRUNC(H57*(1+I57),2) -> 161.61 | K57: =TRUNC(G57*J57,2) -> 2100.93 | L57: =COUNTIF($C$8:C57,C57) -> 2 | M57: =IF(L57>1,0,SUMIF(C:C,C57,F:F)) -> 0 | N57: =IF(L57=1,C57,0) -> 0 | O57: =SUMIF(C:C,N57,K:K) -> 0 | P57: =IF(O57=0,0,COUNTIF($O:$O,">="&O57)) -> 0 | Q57: =IF(L57=0,0,COUNTIF($P$6:P57,P57)-1) -> 11 | R57: =P57-Q57 -> -11
A58: 7.8 | B58: =VLOOKUP(A58,MC,2,0) -> SICRO | C58: =VLOOKUP(A58,MC,3,0) -> 5213850 | D58: =C58 -> 5213850 | E58: =VLOOKUP(A58,MC,4,0) -> Operação de sinalização por bandeirola de tecido ou com placa metálica | F58: =VLOOKUP(A58,MC,10,0) -> h | G58: =VLOOKUP(A58,MC,9,0) -> 321 | H58: =IFERROR(VLOOKUP(C58,BANCO,4,0),IFERROR(VLOOKUP(C58,SINAPI,5,0),IFERROR(VLOOKUP(C58,SICRO,4,0),))) -> 23.74 | I58: =$K$2 -> 0.2123 | J58: =TRUNC(H58*(1+I58),2) -> 28.78 | K58: =TRUNC(G58*J58,2) -> 9238.38 | L58: =COUNTIF($C$8:C58,C58) -> 2 | M58: =IF(L58>1,0,SUMIF(C:C,C58,F:F)) -> 0 | N58: =IF(L58=1,C58,0) -> 0 | O58: =SUMIF(C:C,N58,K:K) -> 0 | P58: =IF(O58=0,0,COUNTIF($O:$O,">="&O58)) -> 0 | Q58: =IF(L58=0,0,COUNTIF($P$6:P58,P58)-1) -> 12 | R58: =P58-Q58 -> -12
A59: TOTAL | K59: =K6+K8+K12+K14+K23+K37+K50 -> 3693509.2

Sheet MEMÓRIA DE CÁLCULO
A1: MEMÓRIA DE CÁLCULO
A2: =SINTÉTICO!A2 -> OBJETO: | B2: =SINTÉTICO!B2:I2 -> ELABORAÇÃO DO PROJETO EXECUTIVO DE ENGENHARIA PARA RESTAURAÇÃO DA RODOVIA VPE-140 COM EXTENSÃO DE 2,85 km
A3: =SINTÉTICO!A3 -> TRECHO: | B3: =SINTÉTICO!B3:I3 -> RODOVIA :VPE - 140 TRECHO : Entr. PE-095 ao Povoado de Malhada de Pedra EXTENSÃO :2,85 Km
A4: =SINTÉTICO!A4 -> FONTES: | B4: =SINTÉTICO!B4:I4 -> SICRO JAN 2026, ANP FEV/2026, COTAÇÕES, SINAPI JAN/2026
A5: ITEM | B5: FONTE | C5: CÓDIGO | D5: DESCRIÇÃO DO ITEM | E5: MEDIDAS
E6: COMP. | F6: LARGURA | G6: PROF. / ALT. | H6: TAXA | I6: QTD | J6: UND
A7: 1.0 | D7: ADMINISTRAÇÃO
A8: 1.1 | B8: COMPOSIÇÃO | C8: CPU 001 | D8: =IFERROR(VLOOKUP(C8,BANCO,2,0),IFERROR(VLOOKUP(C8,SINAPI,2,0),IFERROR(VLOOKUP(C8,SICRO,2,0),))) -> CUSTO COM ADMINISTRAÇÃO LOCAL DE OBRA | E8: QDE | I8: =ROUND(SUM(I9:I9),2) -> 1 | J8: =IFERROR(VLOOKUP(C8,BANCO,3,0),IFERROR(VLOOKUP(C8,SINAPI,3,0),IFERROR(VLOOKUP(C8,SICRO,3,0),))) -> UN
E9: 1 | I9: =PRODUCT(E9:H9) -> 1
A11: 2.0 | D11: CANTEIRO DE OBRAS
A12: 2.1 | B12: COMPOSIÇÃO | C12: CPU 002 | D12: =IFERROR(VLOOKUP(C12,BANCO,2,0),IFERROR(VLOOKUP(C12,SINAPI,2,0),IFERROR(VLOOKUP(C12,SICRO,2,0),))) -> INSTALAÇÃO DO CANTEIRO DE OBRAS | E12: QDE | I12: =ROUND(SUM(I13:I13),2) -> 1 | J12: =IFERROR(VLOOKUP(C12,BANCO,3,0),IFERROR(VLOOKUP(C12,SINAPI,3,0),IFERROR(VLOOKUP(C12,SICRO,3,0),))) -> UN
E13: 1 | I13: =PRODUCT(E13:H13) -> 1
A15: 2.2 | B15: COMPOSIÇÃO | C15: CPU 003 | D15: =IFERROR(VLOOKUP(C15,BANCO,2,0),IFERROR(VLOOKUP(C15,SINAPI,2,0),IFERROR(VLOOKUP(C15,SICRO,2,0),))) -> PLACA DE OBRA EM CHAPA DE AÇO GALVANIZADO | E15: COMP. | F15: ALT. | H15: QDE | I15: =ROUND(SUM(I16:I16),2) -> 24 | J15: =IFERROR(VLOOKUP(C15,BANCO,3,0),IFERROR(VLOOKUP(C15,SINAPI,3,0),IFERROR(VLOOKUP(C15,SICRO,3,0),))) -> M²
E16: 4 | F16: 3 | H16: 2 | I16: =PRODUCT(E16:H16) -> 24
A18: 2.3 | B18: COMPOSIÇÃO | C18: CPU 004 | D18: =IFERROR(VLOOKUP(C18,BANCO,2,0),IFERROR(VLOOKUP(C18,SINAPI,2,0),IFERROR(VLOOKUP(C18,SICRO,2,0),))) -> CANTEIRO ITINERANTE | E18: QDE | I18: =ROUND(SUM(I19:I19),2) -> 4 | J18: =IFERROR(VLOOKUP(C18,BANCO,3,0),IFERROR(VLOOKUP(C18,SINAPI,3,0),IFERROR(VLOOKUP(C18,SICRO,3,0),))) -> MÊS
E19: 4 | I19: =PRODUCT(E19:H19) -> 4
A21: 3.0 | D21: MOBILIZAÇÃO/DESMOBILIZAÇÃO
A22: 3.1 | B22: COMPOSIÇÃO | C22: CPU 005 | D22: =IFERROR(VLOOKUP(C22,BANCO,2,0),IFERROR(VLOOKUP(C22,SINAPI,2,0),IFERROR(VLOOKUP(C22,SICRO,2,0),))) -> CUSTO DE MOBILIZAÇÃO E DESMOBILIZAÇÃO DE EQUIPAMENTOS (LEVES, MÉDIOS E PESADOS), MÁQUINAS, MOBILIÁRIOS E PESSOAL | E22: QDE | I22: =ROUND(SUM(I23:I23),2) -> 2 | J22: =IFERROR(VLOOKUP(C22,BANCO,3,0),IFERROR(VLOOKUP(C22,SINAPI,3,0),IFERROR(VLOOKUP(C22,SICRO,3,0),))) -> UN
D23: Mobilização e desmobilização | E23: 2 | I23: =PRODUCT(E23:H23) -> 2
A25: 4.0 | D25: DRENAGEM
A26: 4.1 | B26: SICRO | C26: 2003373 | D26: =IFERROR(VLOOKUP(C26,BANCO,2,0),IFERROR(VLOOKUP(C26,SINAPI,2,0),IFERROR(VLOOKUP(C26,SICRO,2,0),))) -> Meio-fio de concreto - MFC 03 - areia e brita comerciais - fôrma de madeira | E26: EXT. | I26: =ROUND(SUM(I27:I27),2) -> 371.28 | J26: =IFERROR(VLOOKUP(C26,BANCO,3,0),IFERROR(VLOOKUP(C26,SINAPI,3,0),IFERROR(VLOOKUP(C26,SICRO,3,0),))) -> m
E27: 371.28 | I27: =PRODUCT(E27:H27) -> 371.28
A29: 4.2 | B29: SICRO | C29: 2003613 | D29: =IFERROR(VLOOKUP(C29,BANCO,2,0),IFERROR(VLOOKUP(C29,SINAPI,2,0),IFERROR(VLOOKUP(C29,SICRO,2,0),))) -> Boca de saída para dreno subsuperficial - BSD 03 - areia e brita comerciais | E29: QDE | I29: =ROUND(SUM(I30:I30),2) -> 21 | J29: =IFERROR(VLOOKUP(C29,BANCO,3,0),IFERROR(VLOOKUP(C29,SINAPI,3,0),IFERROR(VLOOKUP(C29,SICRO,3,0),))) -> un
E30: 21 | I30: =PRODUCT(E30:H30) -> 21
A32: 4.3 | B32: SICRO | C32: 2003265 | D32: =IFERROR(VLOOKUP(C32,BANCO,2,0),IFERROR(VLOOKUP(C32,SINAPI,2,0),IFERROR(VLOOKUP(C32,SICRO,2,0),))) -> Sarjeta triangular de concreto - STC 88-20 - escavação mecânica - areia e brita comerciais | E32: EXT. | I32: =ROUND(SUM(I33:I33),2) -> 2620 | J32: =IFERROR(VLOOKUP(C32,BANCO,3,0),IFERROR(VLOOKUP(C32,SINAPI,3,0),IFERROR(VLOOKUP(C32,SICRO,3,0),))) -> m
E33: 2620 | I33: =PRODUCT(E33:H33) -> 2620
A35: 4.4 | B35: SICRO | C35: 2003609 | D35: =IFERROR(VLOOKUP(C35,BANCO,2,0),IFERROR(VLOOKUP(C35,SINAPI,2,0),IFERROR(VLOOKUP(C35,SICRO,2,0),))) -> Dreno subsuperficial - DSS 03 - brita comercial | E35: EXT. | I35: =ROUND(SUM(I36:I36),2) -> 36 | J35: =IFERROR(VLOOKUP(C35,BANCO,3,0),IFERROR(VLOOKUP(C35,SINAPI,3,0),IFERROR(VLOOKUP(C35,SICRO,3,0),))) -> m
E36: 36 | I36: =PRODUCT(E36:H36) -> 36
A38: 4.5 | B38: SICRO | C38: 2003611 | D38: =IFERROR(VLOOKUP(C38,BANCO,2,0),IFERROR(VLOOKUP(C38,SINAPI,2,0),IFERROR(VLOOKUP(C38,SICRO,2,0),))) -> Dreno subsuperficial - DSS 04 - tubo PEAD e brita comercial | E38: EXT. | I38: =ROUND(SUM(I39:I39),2) -> 1100 | J38: =IFERROR(VLOOKUP(C38,BANCO,3,0),IFERROR(VLOOKUP(C38,SINAPI,3,0),IFERROR(VLOOKUP(C38,SICRO,3,0),))) -> m
E39: 1100 | I39: =PRODUCT(E39:H39) -> 1100
A41: 4.6 | B41: SICRO | C41: 4805757 | D41: =IFERROR(VLOOKUP(C41,BANCO,2,0),IFERROR(VLOOKUP(C41,SINAPI,2,0),IFERROR(VLOOKUP(C41,SICRO,2,0),))) -> Escavação mecânica de vala em material de 1ª categoria | E41: VOLUME | I41: =ROUND(SUM(I42:I42),2) -> 656.64 | J41: =IFERROR(VLOOKUP(C41,BANCO,3,0),IFERROR(VLOOKUP(C41,SINAPI,3,0),IFERROR(VLOOKUP(C41,SICRO,3,0),))) -> m³
E42: 656.64 | I42: =PRODUCT(E42:H42) -> 656.64
A44: 4.7 | B44: SICRO | C44: 5914351 | D44: =IFERROR(VLOOKUP(C44,BANCO,2,0),IFERROR(VLOOKUP(C44,SINAPI,2,0),IFERROR(VLOOKUP(C44,SICRO,2,0),))) -> Carga, manobra e descarga de agregados ou solos em caminhão basculante de 14 m³ - carga com carregadeira de 3,40 m³ e descarga livre | E44: VOLUME | F44: t/m³ | H44: EMPOL. | I44: =ROUND(SUM(I45:I45),2) -> 1477.44 | J44: =IFERROR(VLOOKUP(C44,BANCO,3,0),IFERROR(VLOOKUP(C44,SINAPI,3,0),IFERROR(VLOOKUP(C44,SICRO,3,0),))) -> t
D45: Bota-fora | E45: =I41 -> 656.64 | F45: 1.5 | H45: 1.5 | I45: =PRODUCT(E45:H45) -> 1477.44
A47: 4.8 | B47: SICRO | C47: 5915321 | D47: =IFERROR(VLOOKUP(C47,BANCO,2,0),IFERROR(VLOOKUP(C47,SINAPI,2,0),IFERROR(VLOOKUP(C47,SICRO,2,0),))) -> Transporte com caminhão basculante de 14 m³ - rodovia pavimentada | E47: VOLUME | H47: DMT | I47: =ROUND(SUM(I48:I48),2) -> 44323.2 | J47: =IFERROR(VLOOKUP(C47,BANCO,3,0),IFERROR(VLOOKUP(C47,SINAPI,3,0),IFERROR(VLOOKUP(C47,SICRO,3,0),))) -> tkm
D48: Bota-fora | E48: =I44 -> 1477.44 | H48: 30 | I48: =PRODUCT(E48:H48) -> 44323.2
A50: 5.0 | D50: PAVIMENTAÇÃO
A51: 5.1 | B51: SICRO | C51: 4011484 | D51: =IFERROR(VLOOKUP(C51,BANCO,2,0),IFERROR(VLOOKUP(C51,SINAPI,2,0),IFERROR(VLOOKUP(C51,SICRO,2,0),))) -> Reciclagem com incorporação do revestimento asfáltico à base e adição de brita comercial - 100% Proctor modificado | E51: VOLUME | I51: =ROUND(SUM(I52:I52),2) -> 4060.29 | J51: =IFERROR(VLOOKUP(C51,BANCO,3,0),IFERROR(VLOOKUP(C51,SINAPI,3,0),IFERROR(VLOOKUP(C51,SICRO,3,0),))) -> m³
E52: 4060.29 | I52: =PRODUCT(E52:H52) -> 4060.29
A54: 5.2 | B54: SICRO | C54: 4011212 | D54: =IFERROR(VLOOKUP(C54,BANCO,2,0),IFERROR(VLOOKUP(C54,SINAPI,2,0),IFERROR(VLOOKUP(C54,SICRO,2,0),))) -> Varredura da superfície para execução de revestimento asfáltico | E54: ÁREA | I54: =ROUND(SUM(I55:I55),2) -> 19922 | J54: =IFERROR(VLOOKUP(C54,BANCO,3,0),IFERROR(VLOOKUP(C54,SINAPI,3,0),IFERROR(VLOOKUP(C54,SICRO,3,0),))) -> m²
E55: 19922 | I55: =PRODUCT(E55:H55) -> 19922
A57: 5.3 | B57: SICRO | C57: 4011352 | D57: =IFERROR(VLOOKUP(C57,BANCO,2,0),IFERROR(VLOOKUP(C57,SINAPI,2,0),IFERROR(VLOOKUP(C57,SICRO,2,0),))) -> Imprimação com emulsão asfáltica | E57: ÁREA | I57: =ROUND(SUM(I58:I58),2) -> 19922 | J57: =IFERROR(VLOOKUP(C57,BANCO,3,0),IFERROR(VLOOKUP(C57,SINAPI,3,0),IFERROR(VLOOKUP(C57,SICRO,3,0),))) -> m²
D58: EAI | E58: 19922 | I58: =PRODUCT(E58:H58) -> 19922
A60: 5.4 | B60: SICRO | C60: 4011353 | D60: =IFERROR(VLOOKUP(C60,BANCO,2,0),IFERROR(VLOOKUP(C60,SINAPI,2,0),IFERROR(VLOOKUP(C60,SICRO,2,0),))) -> Pintura de ligação | E60: ÁREA | I60: =ROUND(SUM(I61:I61),2) -> 19922 | J60: =IFERROR(VLOOKUP(C60,BANCO,3,0),IFERROR(VLOOKUP(C60,SINAPI,3,0),IFERROR(VLOOKUP(C60,SICRO,3,0),))) -> m²
D61: RR-1C | E61: 19922 | I61: =PRODUCT(E61:H61) -> 19922
A63: 5.5 | B63: SICRO | C63: 4011463 | D63: =IFERROR(VLOOKUP(C63,BANCO,2,0),IFERROR(VLOOKUP(C63,SINAPI,2,0),IFERROR(VLOOKUP(C63,SICRO,2,0),))) -> Concreto asfáltico - faixa C-12,5 - areia e brita comerciais | E63: TON. | I63: =ROUND(SUM(I64:I64),2) -> 2390.64 | J63: =IFERROR(VLOOKUP(C63,BANCO,3,0),IFERROR(VLOOKUP(C63,SINAPI,3,0),IFERROR(VLOOKUP(C63,SICRO,3,0),))) -> t
D64: CAP 50/70 | E64: 2390.64 | I64: =PRODUCT(E64:H64) -> 2390.64
D66: AQUISIÇÃO DE MATERIAL BETUMINOSO
A67: 5.6 | B67: ANP | C67: CAMB01 | D67: AQUISIÇÃO DE EMULSÃO ASFÁLTICA PARA IMPRIMAÇÃO - EAI | E67: TON. | I67: =ROUND(SUM(I68:I68),2) -> 25.9 | J67: T
E68: 25.9 | I68: =PRODUCT(E68:H68) -> 25.9
A70: 5.7 | B70: ANP | C70: CAMB02 | D70: AQUISIÇÃO DE EMULSÃO ASFÁLTICA RR-1C | E70: TON. | I70: =ROUND(SUM(I71:I71),2) -> 8.96 | J70: T
D71: Taxa de 0,00045 t/m³ | E71: 8.96 | I71: =PRODUCT(E71:H71) -> 8.96
A73: 5.8 | B73: ANP | C73: CAMB03 | D73: AQUISIÇÃO DE CIMENTO ASFÁLTICO CAP 50/70 | E73: TON. | I73: =ROUND(SUM(I74:I74),2) -> 132.56 | J73: T
D74: Taxa de 0,05545 t/t - consumo operacional | E74: 132.56 | I74: =PRODUCT(E74:H74) -> 132.56
D76: TRANSPORTE DE MATERIAL BETUMINOSO
A77: 5.9 | B77: ANP | C77: CTMB01 | D77: TRANSPORTE DE EMULSÃO ASFÁLTICA PARA IMPRIMAÇÃO - EAI | E77: TON. | I77: =ROUND(SUM(I78:I78),2) -> 25.9 | J77: T
E78: =E68 -> 25.9 | I78: =PRODUCT(E78:H78) -> 25.9
A80: 5.10 | B80: ANP | C80: CTMB02 | D80: TRANSPORTE DE EMULSÃO ASFÁLTICA RR-1C | E80: TON. | I80: =ROUND(SUM(I81:I81),2) -> 8.96 | J80: T
E81: =E71 -> 8.96 | I81: =PRODUCT(E81:H81) -> 8.96
A83: 5.11 | B83: ANP | C83: CTMB03 | D83: TRANSPORTE DE CIMENTO ASFÁLTICO CAP 50/70 | E83: TON. | I83: =ROUND(SUM(I84:I84),2) -> 132.56 | J83: T
E84: =E74 -> 132.56 | I84: =PRODUCT(E84:H84) -> 132.56
A86: 6.0 | D86: SINALIZAÇÃO
A87: 6.1 | D87: SINALIZAÇÃO HORIZONTAL
A88: 6.1.1 | B88: SICRO | C88: 5213408 | D88: =IFERROR(VLOOKUP(C88,BANCO,2,0),IFERROR(VLOOKUP(C88,SINAPI,2,0),IFERROR(VLOOKUP(C88,SICRO,2,0),))) -> Pintura de faixa com termoplástico por aspersão - espessura de 1,5 mm | E88: ÁREA | I88: =ROUND(SUM(I89:I92),2) -> 645.65 | J88: =IFERROR(VLOOKUP(C88,BANCO,3,0),IFERROR(VLOOKUP(C88,SINAPI,3,0),IFERROR(VLOOKUP(C88,SICRO,3,0),))) -> m²
D89: Faixa Branca Conctínua - LRE | E89: 2.5 | I89: =PRODUCT(E89:H89) -> 2.5
D90: Faixa Branca Conctínua - LBO | E90: 102.59 | I90: =PRODUCT(E90:H90) -> 102.59
D91: Faixa Amarela Conctínua - LFO-3 | E91: 486.16 | I91: =PRODUCT(E91:H91) -> 486.16
D92: Faixa Amarela Tracejada - LFO-2 | E92: 54.4 | I92: =PRODUCT(E92:H92) -> 54.4
A94: 6.1.2 | B94: SICRO | C94: 5213362 | D94: =IFERROR(VLOOKUP(C94,BANCO,2,0),IFERROR(VLOOKUP(C94,SINAPI,2,0),IFERROR(VLOOKUP(C94,SICRO,2,0),))) -> Tachão refletivo em plástico injetado - bidirecional - fornecimento e colocação | E94: QDE | I94: =ROUND(SUM(I95),2) -> 48 | J94: =IFERROR(VLOOKUP(C94,BANCO,3,0),IFERROR(VLOOKUP(C94,SINAPI,3,0),IFERROR(VLOOKUP(C94,SICRO,3,0),))) -> un
D95: Tachão Amarelo Birrefletiva | E95: 48 | I95: =PRODUCT(E95:H95) -> 48
A97: 6.1.3 | B97: SICRO | C97: 5213360 | D97: =IFERROR(VLOOKUP(C97,BANCO,2,0),IFERROR(VLOOKUP(C97,SINAPI,2,0),IFERROR(VLOOKUP(C97,SICRO,2,0),))) -> Tacha refletiva em plástico injetado - bidirecional tipo I - com um pino - fornecimento e colocação | E97: QDE | I97: =ROUND(SUM(I98:I99),2) -> 912 | J97: =IFERROR(VLOOKUP(C97,BANCO,3,0),IFERROR(VLOOKUP(C97,SINAPI,3,0),IFERROR(VLOOKUP(C97,SICRO,3,0),))) -> un
D98: Tacha Branca Birrefletiva | E98: 636 | I98: =PRODUCT(E98:H98) -> 636
D99: Tacha Amarela Birrefletiva | E99: 276 | I99: =PRODUCT(E99:H99) -> 276
A101: 6.2 | D101: SINALIZAÇÃO VERTICAL
A102: 6.2.1 | B102: SICRO | C102: 5213441 | D102: =IFERROR(VLOOKUP(C102,BANCO,2,0),IFERROR(VLOOKUP(C102,SINAPI,2,0),IFERROR(VLOOKUP(C102,SICRO,2,0),))) -> Placa de regulamentação em aço D = 0,80 m - película retrorrefletiva tipo I + SI - fornecimento e implantação | E102: QDE | I102: =ROUND(SUM(I103:I103),2) -> 10 | J102: =IFERROR(VLOOKUP(C102,BANCO,3,0),IFERROR(VLOOKUP(C102,SINAPI,3,0),IFERROR(VLOOKUP(C102,SICRO,3,0),))) -> un
D103: CIRCULAR - R - D=0,75 | E103: 10 | I103: =PRODUCT(E103:H103) -> 10
A105: 6.2.2 | B105: SICRO | C105: 5213464 | D105: =IFERROR(VLOOKUP(C105,BANCO,2,0),IFERROR(VLOOKUP(C105,SINAPI,2,0),IFERROR(VLOOKUP(C105,SICRO,2,0),))) -> Placa de advertência em aço, lado de 0,60 m - película retrorrefletiva tipo I + SI - fornecimento e implantação | E105: QDE | I105: =ROUND(SUM(I106:I106),2) -> 6 | J105: =IFERROR(VLOOKUP(C105,BANCO,3,0),IFERROR(VLOOKUP(C105,SINAPI,3,0),IFERROR(VLOOKUP(C105,SICRO,3,0),))) -> un
D106: QUADRADA - A | E106: 6 | I106: =PRODUCT(E106:H106) -> 6
A108: 6.2.3 | B108: SICRO | C108: 5213571 | D108: =IFERROR(VLOOKUP(C108,BANCO,2,0),IFERROR(VLOOKUP(C108,SINAPI,2,0),IFERROR(VLOOKUP(C108,SICRO,2,0),))) -> Placa em aço - película I + III - fornecimento e implantação | E108: ÁREA | I108: =ROUND(SUM(I109:I114),2) -> 22.68 | J108: =IFERROR(VLOOKUP(C108,BANCO,3,0),IFERROR(VLOOKUP(C108,SINAPI,3,0),IFERROR(VLOOKUP(C108,SICRO,3,0),))) -> m²
D109: IR - L=0,60X0,60 | E109: 0.8 | I109: =PRODUCT(E109:H109) -> 0.8
D110: I - L=2,50X1,00 | E110: 2.5 | I110: =PRODUCT(E110:H110) -> 2.5
D111: I - L=2,50X1,50 | E111: 7.5 | I111: =PRODUCT(E111:H111) -> 7.5
D112: I - L=3,00X1,00 | E112: 6 | I112: =PRODUCT(E112:H112) -> 6
D113: RETANGULAR - MA - L=0,50X0,60 | E113: 4.8 | I113: =PRODUCT(E113:H113) -> 4.8
D114: RETANGULAR - MO - L=0,30X0,90 | E114: 1.08 | I114: =PRODUCT(E114:H114) -> 1.08
A116: 6.2.4 | B116: SICRO | C116: 5213472 | D116: =IFERROR(VLOOKUP(C116,BANCO,2,0),IFERROR(VLOOKUP(C116,SINAPI,2,0),IFERROR(VLOOKUP(C116,SICRO,2,0),))) -> Placa de marco quilométrico em aço - 0,60 x 0,865 m - película retrorrefletiva tipo I + I - fornecimento e implantação | E116: QDE | I116: =ROUND(SUM(I117:I117),2) -> 2 | J116: =IFERROR(VLOOKUP(C116,BANCO,3,0),IFERROR(VLOOKUP(C116,SINAPI,3,0),IFERROR(VLOOKUP(C116,SICRO,3,0),))) -> un
D117: RETANGULAR - MQ | E117: 2 | I117: =PRODUCT(E117:H117) -> 2
A119: 6.2.5 | B119: SICRO | C119: 5213552 | D119: =IFERROR(VLOOKUP(C119,BANCO,2,0),IFERROR(VLOOKUP(C119,SINAPI,2,0),IFERROR(VLOOKUP(C119,SICRO,2,0),))) -> Placa em aço, modulada - 2,00 x 1,00 m - película retrorrefletiva tipo I + III - fornecimento e implantação | E119: QDE | I119: =ROUND(SUM(I120:I120),2) -> 2 | J119: =IFERROR(VLOOKUP(C119,BANCO,3,0),IFERROR(VLOOKUP(C119,SINAPI,3,0),IFERROR(VLOOKUP(C119,SICRO,3,0),))) -> un
D120: RETANGULAR - E=2,00X1,00 | E120: 2 | I120: =PRODUCT(E120:H120) -> 2
A122: 6.2.6 | B122: SICRO | C122: 5213577 | D122: =IFERROR(VLOOKUP(C122,BANCO,2,0),IFERROR(VLOOKUP(C122,SINAPI,2,0),IFERROR(VLOOKUP(C122,SICRO,2,0),))) -> Placa em aço, modulada - acima de 2 m² - película I + III - fornecimento e implantação | E122: ÁREA | I122: =ROUND(SUM(I123:I125),2) -> 24.75 | J122: =IFERROR(VLOOKUP(C122,BANCO,3,0),IFERROR(VLOOKUP(C122,SINAPI,3,0),IFERROR(VLOOKUP(C122,SICRO,3,0),))) -> m²
D123: RETANGULAR - E=3,00X1,00 | E123: 3 | I123: =PRODUCT(E123:H123) -> 3
D124: RETANGULAR - AE=3,00X1,00 | E124: 6 | I124: =PRODUCT(E124:H124) -> 6
D125: RETANGULAR - AE=3,00X1,50 | E125: 15.75 | I125: =PRODUCT(E125:H125) -> 15.75
A127: 6.2.7 | B127: SICRO | C127: 5216111 | D127: =IFERROR(VLOOKUP(C127,BANCO,2,0),IFERROR(VLOOKUP(C127,SINAPI,2,0),IFERROR(VLOOKUP(C127,SICRO,2,0),))) -> Suporte para placa de sinalização em madeira de lei tratada 8 x 8 cm - fornecimento e implantação | E127: QDE | I127: =ROUND(SUM(I128:I129),2) -> 54 | J127: =IFERROR(VLOOKUP(C127,BANCO,3,0),IFERROR(VLOOKUP(C127,SINAPI,3,0),IFERROR(VLOOKUP(C127,SICRO,3,0),))) -> un
D128: SIMPLES | E128: 40 | I128: =PRODUCT(E128:H128) -> 40
D129: DUPLO | E129: 14 | I129: =PRODUCT(E129:H129) -> 14
A131: 7.0 | D131: SINALIZAÇÃO DE OBRA
A132: 7.1 | B132: SICRO | C132: 5212560 | D132: =IFERROR(VLOOKUP(C132,BANCO,2,0),IFERROR(VLOOKUP(C132,SINAPI,2,0),IFERROR(VLOOKUP(C132,SICRO,2,0),))) -> Placa de advertência para sinalização de obras montada em suporte metálico móvel, lado 1,00 m - utilização de 600 ciclos - fornecimento, 01 implantação e 01 retirada diária | E132: QDE | I132: =ROUND(SUM(I133:I133),2) -> 462 | J132: =IFERROR(VLOOKUP(C132,BANCO,3,0),IFERROR(VLOOKUP(C132,SINAPI,3,0),IFERROR(VLOOKUP(C132,SICRO,3,0),))) -> un.dia
E133: 462 | I133: =PRODUCT(E133:H133) -> 462
A135: 7.2 | B135: SICRO | C135: 5213498 | D135: =IFERROR(VLOOKUP(C135,BANCO,2,0),IFERROR(VLOOKUP(C135,SINAPI,2,0),IFERROR(VLOOKUP(C135,SICRO,2,0),))) -> Placa em aço - 2,00 x 1,00 m - película retrorrefletiva tipo I + III - fornecimento e implantação | E135: QDE | I135: =ROUND(SUM(I136:I136),2) -> 6 | J135: =IFERROR(VLOOKUP(C135,BANCO,3,0),IFERROR(VLOOKUP(C135,SINAPI,3,0),IFERROR(VLOOKUP(C135,SICRO,3,0),))) -> un
...

Sheet CURVA ABC
A1: CURVA ABC DE SERVIÇOS
A2: =SINTÉTICO!A2 -> OBJETO: | B2: =SINTÉTICO!B2 -> ELABORAÇÃO DO PROJETO EXECUTIVO DE ENGENHARIA PARA RESTAURAÇÃO DA RODOVIA VPE-140 COM EXTENSÃO DE 2,85 km | I2: =SINTÉTICO!J2 -> BDI | J2: =SINTÉTICO!K2 -> 0.2123
A3: =SINTÉTICO!A3 -> TRECHO: | B3: =SINTÉTICO!B3 -> RODOVIA :VPE - 140 TRECHO : Entr. PE-095 ao Povoado de Malhada de Pedra EXTENSÃO :2,85 Km | I3: =SINTÉTICO!J3 -> BDI DIF. | J3: =SINTÉTICO!K3 -> 0.15
A4: =SINTÉTICO!A4 -> FONTES: | B4: =SINTÉTICO!B4 -> SICRO JAN 2026, ANP FEV/2026, COTAÇÕES, SINAPI JAN/2026 | I4: =SINTÉTICO!J4 -> D.B | J4: =SINTÉTICO!K4 -> 46023
A5: ITEM | B5: BANCO | C5: CÓDIGO | D5: DESCRIÇÃO | E5: UND | F5: Quant. | G5: Valor Unit. | H5: Total | I5: Peso (%) | J5: Peso Acumulado (%)
A6: 1 | B6: =VLOOKUP(K6,SINTÉTICO!$A:$R,2,0) -> ANP | C6: =VLOOKUP(K6,SINTÉTICO!$A:$R,3,0) -> CAMB03 | D6: =VLOOKUP(K6,SINTÉTICO!$A:$R,5,0) -> AQUISIÇÃO DE CIMENTO ASFÁLTICO CAP 50/70 | E6: =VLOOKUP(K6,SINTÉTICO!$A:$R,6,0) -> T | F6: =INDEX(SINTÉTICO!$G:$G,MATCH($A6,SINTÉTICO!$R:$R,0)) -> 132.56 | G6: =INDEX(SINTÉTICO!H:H,MATCH($K6,SINTÉTICO!$A:$A,0)) -> 5283 | H6: =INDEX(SINTÉTICO!O:O,MATCH($A6,SINTÉTICO!$R:$R,0)) -> 805361.65 | I6: =H6/SINTÉTICO!$K$59 -> 0.21804782 | J6: =I6 -> 0.21804782 | K6: =INDEX(SINTÉTICO!A:A,MATCH($A6,SINTÉTICO!P:P,0)) -> 5.8
A7: 2 | B7: =VLOOKUP(K7,SINTÉTICO!$A:$R,2,0) -> SICRO | C7: =VLOOKUP(K7,SINTÉTICO!$A:$R,3,0) -> 4011463 | D7: =VLOOKUP(K7,SINTÉTICO!$A:$R,5,0) -> Concreto asfáltico - faixa C-12,5 - areia e brita comerciais | E7: =VLOOKUP(K7,SINTÉTICO!$A:$R,6,0) -> t | F7: =INDEX(SINTÉTICO!$G:$G,MATCH($A7,SINTÉTICO!$R:$R,0)) -> 2390.64 | G7: =INDEX(SINTÉTICO!H:H,MATCH($K7,SINTÉTICO!$A:$A,0)) -> 190.68 | H7: =INDEX(SINTÉTICO!O:O,MATCH($A7,SINTÉTICO!$R:$R,0)) -> 552620.34 | I7: =H7/SINTÉTICO!$K$59 -> 0.14961932 | J7: =I7+J6 -> 0.36766714 | K7: =INDEX(SINTÉTICO!A:A,MATCH($A7,SINTÉTICO!P:P,0)) -> 5.5
A8: 3 | B8: =VLOOKUP(K8,SINTÉTICO!$A:$R,2,0) -> COMPOSIÇÃO | C8: =VLOOKUP(K8,SINTÉTICO!$A:$R,3,0) -> CPU 001 | D8: =VLOOKUP(K8,SINTÉTICO!$A:$R,5,0) -> CUSTO COM ADMINISTRAÇÃO LOCAL DE OBRA | E8: =VLOOKUP(K8,SINTÉTICO!$A:$R,6,0) -> UN | F8: =INDEX(SINTÉTICO!$G:$G,MATCH($A8,SINTÉTICO!$R:$R,0)) -> 1 | G8: =INDEX(SINTÉTICO!H:H,MATCH($K8,SINTÉTICO!$A:$A,0)) -> 430027.06 | H8: =INDEX(SINTÉTICO!O:O,MATCH($A8,SINTÉTICO!$R:$R,0)) -> 521321.8 | I8: =H8/SINTÉTICO!$K$59 -> 0.14114539 | J8: =I8+J7 -> 0.50881253 | K8: =INDEX(SINTÉTICO!A:A,MATCH($A8,SINTÉTICO!P:P,0)) -> 1.1
A9: 4 | B9: =VLOOKUP(K9,SINTÉTICO!$A:$R,2,0) -> SICRO | C9: =VLOOKUP(K9,SINTÉTICO!$A:$R,3,0) -> 4011484 | D9: =VLOOKUP(K9,SINTÉTICO!$A:$R,5,0) -> Reciclagem com incorporação do revestimento asfáltico à base e adição de brita comercial - 100% Proctor modificado | E9: =VLOOKUP(K9,SINTÉTICO!$A:$R,6,0) -> m³ | F9: =INDEX(SINTÉTICO!$G:$G,MATCH($A9,SINTÉTICO!$R:$R,0)) -> 4060.29 | G9: =INDEX(SINTÉTICO!H:H,MATCH($K9,SINTÉTICO!$A:$A,0)) -> 94.87 | H9: =INDEX(SINTÉTICO!O:O,MATCH($A9,SINTÉTICO!$R:$R,0)) -> 466973.95 | I9: =H9/SINTÉTICO!$K$59 -> 0.12643097 | J9: =I9+J8 -> 0.6352435 | K9: =INDEX(SINTÉTICO!A:A,MATCH($A9,SINTÉTICO!P:P,0)) -> 5.1
A10: 5 | B10: =VLOOKUP(K10,SINTÉTICO!$A:$R,2,0) -> COMPOSIÇÃO | C10: =VLOOKUP(K10,SINTÉTICO!$A:$R,3,0) -> CPU 002 | D10: =VLOOKUP(K10,SINTÉTICO!$A:$R,5,0) -> INSTALAÇÃO DO CANTEIRO DE OBRAS | E10: =VLOOKUP(K10,SINTÉTICO!$A:$R,6,0) -> UN | F10: =INDEX(SINTÉTICO!$G:$G,MATCH($A10,SINTÉTICO!$R:$R,0)) -> 1 | G10: =INDEX(SINTÉTICO!H:H,MATCH($K10,SINTÉTICO!$A:$A,0)) -> 221801.04 | H10: =INDEX(SINTÉTICO!O:O,MATCH($A10,SINTÉTICO!$R:$R,0)) -> 268889.4 | I10: =H10/SINTÉTICO!$K$59 -> 0.072800522 | J10: =I10+J9 -> 0.70804402 | K10: =INDEX(SINTÉTICO!A:A,MATCH($A10,SINTÉTICO!P:P,0)) -> 2.1
A11: 6 | B11: =VLOOKUP(K11,SINTÉTICO!$A:$R,2,0) -> COMPOSIÇÃO | C11: =VLOOKUP(K11,SINTÉTICO!$A:$R,3,0) -> CPU 005 | D11: =VLOOKUP(K11,SINTÉTICO!$A:$R,5,0) -> CUSTO DE MOBILIZAÇÃO E DESMOBILIZAÇÃO DE EQUIPAMENTOS (LEVES, MÉDIOS E PESADOS), MÁQUINAS, MOBILIÁRIOS E PESSOAL | E11: =VLOOKUP(K11,SINTÉTICO!$A:$R,6,0) -> UN | F11: =INDEX(SINTÉTICO!$G:$G,MATCH($A11,SINTÉTICO!$R:$R,0)) -> 2 | G11: =INDEX(SINTÉTICO!H:H,MATCH($K11,SINTÉTICO!$A:$A,0)) -> 87883.39 | H11: =INDEX(SINTÉTICO!O:O,MATCH($A11,SINTÉTICO!$R:$R,0)) -> 213082.06 | I11: =H11/SINTÉTICO!$K$59 -> 0.057690951 | J11: =I11+J10 -> 0.76573498 | K11: =INDEX(SINTÉTICO!A:A,MATCH($A11,SINTÉTICO!P:P,0)) -> 3.1
A12: 7 | B12: =VLOOKUP(K12,SINTÉTICO!$A:$R,2,0) -> SICRO | C12: =VLOOKUP(K12,SINTÉTICO!$A:$R,3,0) -> 2003265 | D12: =VLOOKUP(K12,SINTÉTICO!$A:$R,5,0) -> Sarjeta triangular de concreto - STC 88-20 - escavação mecânica - areia e brita comerciais | E12: =VLOOKUP(K12,SINTÉTICO!$A:$R,6,0) -> m | F12: =INDEX(SINTÉTICO!$G:$G,MATCH($A12,SINTÉTICO!$R:$R,0)) -> 2620 | G12: =INDEX(SINTÉTICO!H:H,MATCH($K12,SINTÉTICO!$A:$A,0)) -> 55.72 | H12: =INDEX(SINTÉTICO!O:O,MATCH($A12,SINTÉTICO!$R:$R,0)) -> 176954.8 | I12: =H12/SINTÉTICO!$K$59 -> 0.047909668 | J12: =I12+J11 -> 0.81364464 | K12: =INDEX(SINTÉTICO!A:A,MATCH($A12,SINTÉTICO!P:P,0)) -> 4.3
A13: 8 | B13: =VLOOKUP(K13,SINTÉTICO!$A:$R,2,0) -> ANP | C13: =VLOOKUP(K13,SINTÉTICO!$A:$R,3,0) -> CTMB03 | D13: =VLOOKUP(K13,SINTÉTICO!$A:$R,5,0) -> TRANSPORTE DE CIMENTO ASFÁLTICO CAP 50/70 | E13: =VLOOKUP(K13,SINTÉTICO!$A:$R,6,0) -> T | F13: =INDEX(SINTÉTICO!$G:$G,MATCH($A13,SINTÉTICO!$R:$R,0)) -> 132.56 | G13: =INDEX(SINTÉTICO!H:H,MATCH($K13,SINTÉTICO!$A:$A,0)) -> 582.43 | H13: =INDEX(SINTÉTICO!O:O,MATCH($A13,SINTÉTICO!$R:$R,0)) -> 88787.36 | I13: =H13/SINTÉTICO!$K$59 -> 0.024038754 | J13: =I13+J12 -> 0.8376834 | K13: =INDEX(SINTÉTICO!A:A,MATCH($A13,SINTÉTICO!P:P,0)) -> 5.11
A14: 9 | B14: =VLOOKUP(K14,SINTÉTICO!$A:$R,2,0) -> SICRO | C14: =VLOOKUP(K14,SINTÉTICO!$A:$R,3,0) -> 2003611 | D14: =VLOOKUP(K14,SINTÉTICO!$A:$R,5,0) -> Dreno subsuperficial - DSS 04 - tubo PEAD e brita comercial | E14: =VLOOKUP(K14,SINTÉTICO!$A:$R,6,0) -> m | F14: =INDEX(SINTÉTICO!$G:$G,MATCH($A14,SINTÉTICO!$R:$R,0)) -> 1100 | G14: =INDEX(SINTÉTICO!H:H,MATCH($K14,SINTÉTICO!$A:$A,0)) -> 64.55 | H14: =INDEX(SINTÉTICO!O:O,MATCH($A14,SINTÉTICO!$R:$R,0)) -> 86075 | I14: =H14/SINTÉTICO!$K$59 -> 0.023304396 | J14: =I14+J13 -> 0.86098779 | K14: =INDEX(SINTÉTICO!A:A,MATCH($A14,SINTÉTICO!P:P,0)) -> 4.5
A15: 10 | B15: =VLOOKUP(K15,SINTÉTICO!$A:$R,2,0) -> ANP | C15: =VLOOKUP(K15,SINTÉTICO!$A:$R,3,0) -> CAMB01 | D15: =VLOOKUP(K15,SINTÉTICO!$A:$R,5,0) -> AQUISIÇÃO DE EMULSÃO ASFÁLTICA PARA IMPRIMAÇÃO - EAI | E15: =VLOOKUP(K15,SINTÉTICO!$A:$R,6,0) -> T | F15: =INDEX(SINTÉTICO!$G:$G,MATCH($A15,SINTÉTICO!$R:$R,0)) -> 25.9 | G15: =INDEX(SINTÉTICO!H:H,MATCH($K15,SINTÉTICO!$A:$A,0)) -> 2651 | H15: =INDEX(SINTÉTICO!O:O,MATCH($A15,SINTÉTICO!$R:$R,0)) -> 78960.03 | I15: =H15/SINTÉTICO!$K$59 -> 0.021378051 | J15: =I15+J14 -> 0.88236584 | K15: =INDEX(SINTÉTICO!A:A,MATCH($A15,SINTÉTICO!P:P,0)) -> 5.6
A16: 11 | B16: =VLOOKUP(K16,SINTÉTICO!$A:$R,2,0) -> SICRO | C16: =VLOOKUP(K16,SINTÉTICO!$A:$R,3,0) -> 5213850 | D16: =VLOOKUP(K16,SINTÉTICO!$A:$R,5,0) -> Operação de sinalização por bandeirola de tecido ou com placa metálica | E16: =VLOOKUP(K16,SINTÉTICO!$A:$R,6,0) -> h | F16: =INDEX(SINTÉTICO!$G:$G,MATCH($A16,SINTÉTICO!$R:$R,0)) -> 2212 | G16: =INDEX(SINTÉTICO!H:H,MATCH($K16,SINTÉTICO!$A:$A,0)) -> 23.74 | H16: =INDEX(SINTÉTICO!O:O,MATCH($A16,SINTÉTICO!$R:$R,0)) -> 72899.74 | I16: =H16/SINTÉTICO!$K$59 -> 0.019737257 | J16: =I16+J15 -> 0.9021031 | K16: =INDEX(SINTÉTICO!A:A,MATCH($A16,SINTÉTICO!P:P,0)) -> 7.5
A17: 12 | B17: =VLOOKUP(K17,SINTÉTICO!$A:$R,2,0) -> SICRO | C17: =VLOOKUP(K17,SINTÉTICO!$A:$R,3,0) -> 5213360 | D17: =VLOOKUP(K17,SINTÉTICO!$A:$R,5,0) -> Tacha refletiva em plástico injetado - bidirecional tipo I - com um pino - fornecimento e colocação | E17: =VLOOKUP(K17,SINTÉTICO!$A:$R,6,0) -> un | F17: =INDEX(SINTÉTICO!$G:$G,MATCH($A17,SINTÉTICO!$R:$R,0)) -> 912 | G17: =INDEX(SINTÉTICO!H:H,MATCH($K17,SINTÉTICO!$A:$A,0)) -> 35.68 | H17: =INDEX(SINTÉTICO!O:O,MATCH($A17,SINTÉTICO!$R:$R,0)) -> 39444 | I17: =H17/SINTÉTICO!$K$59 -> 0.010679275 | J17: =I17+J16 -> 0.91278238 | K17: =INDEX(SINTÉTICO!A:A,MATCH($A17,SINTÉTICO!P:P,0)) -> 6.1.3
A18: 13 | B18: =VLOOKUP(K18,SINTÉTICO!$A:$R,2,0) -> SICRO | C18: =VLOOKUP(K18,SINTÉTICO!$A:$R,3,0) -> 5213408 | D18: =VLOOKUP(K18,SINTÉTICO!$A:$R,5,0) -> Pintura de faixa com termoplástico por aspersão - espessura de 1,5 mm | E18: =VLOOKUP(K18,SINTÉTICO!$A:$R,6,0) -> m² | F18: =INDEX(SINTÉTICO!$G:$G,MATCH($A18,SINTÉTICO!$R:$R,0)) -> 645.65 | G18: =INDEX(SINTÉTICO!H:H,MATCH($K18,SINTÉTICO!$A:$A,0)) -> 49.64 | H18: =INDEX(SINTÉTICO!O:O,MATCH($A18,SINTÉTICO!$R:$R,0)) -> 38848.76 | I18: =H18/SINTÉTICO!$K$59 -> 0.010518116 | J18: =I18+J17 -> 0.92330049 | K18: =INDEX(SINTÉTICO!A:A,MATCH($A18,SINTÉTICO!P:P,0)) -> 6.1.1
... A45: 40 | B45: =VLOOKUP(K45,SINTÉTICO!$A:$R,2,0) -> SICRO | C45: =VLOOKUP(K45,SINTÉTICO!$A:$R,3,0) -> 5213848 | D45: =VLOOKUP(K45,SINTÉTICO!$A:$R,5,0) -> Luz de advertência e bateria para dispositivos de sinalização - utilização de 200 ciclos - fornecimento, 01 implantação e 01 retirada diária | E45: =VLOOKUP(K45,SINTÉTICO!$A:$R,6,0) -> un.dia | F45: =INDEX(SINTÉTICO!$G:$G,MATCH($A45,SINTÉTICO!$R:$R,0)) -> 201 | G45: =INDEX(SINTÉTICO!H:H,MATCH($K45,SINTÉTICO!$A:$A,0)) -> 1.12 | H45: =INDEX(SINTÉTICO!O:O,MATCH($A45,SINTÉTICO!$R:$R,0)) -> 271.35 | I45: =H45/SINTÉTICO!$K$59 -> 7.3466718e-05 | J45: =I45+J44 -> 1 | K45: =INDEX(SINTÉTICO!A:A,MATCH($A45,SINTÉTICO!P:P,0)) -> 7.6
A46: TOTAL GERAL | J46: =SUM(H6:H45) -> 3693509.2 | K46: =IF(J46=SINTÉTICO!K59,"OK","FALSO") -> OK
K47: =RESUMO!C11 -> 3693509.2

Sheet CRONO. FIS-FINANC
E1: DATA BASE: | G1: JAN/2026 - ONERADO
A3: OBRA: | B3: =SINTÉTICO!B2 -> ELABORAÇÃO DO PROJETO EXECUTIVO DE ENGENHARIA PARA RESTAURAÇÃO DA RODOVIA VPE-140 COM EXTENSÃO DE 2,85 km | E3: BDI OBRA | G3: =SINTÉTICO!K2 -> 0.2123
A5: LOCAL: | B5: RODOVIA | C5: PE-140 | E5: BDI DIFERENCIADO | G5: =SINTÉTICO!K3 -> 0.15
B6: TRECHO | C6: Entr. PE-095 ao Povoado de Malhada de Pedra
B7: EXTENSÃO | C7: 2,85 km
A9: CRONOGRAMA FÍSICO-FINANCEIRO ONERADO
A12: ITEM | B12: DESCRIÇÃO | C12: TOTAL | D12: 1º MÊS | E12: 2º MÊS | F12: 3º MÊS | G12: 4º MÊS
A13: 1.0 | B13: =RESUMO!B4 -> ADMINISTRAÇÃO | C13: =RESUMO!C4 -> 521321.8 | D13: =$C13*D14 -> 119220.99 | E13: =$C13*E14 -> 130260.65 | F13: =$C13*F14 -> 141439.91 | G13: =$C13*G14 -> 130400.25 | H13: =SUM(D13:G13) -> 521321.8 | I13: =H13=C13 -> TRUE
D14: =SUM(D15,D17,D19,D21,D23,D25)/SUM($C$15,$C$17,$C$19,$C$21,$C$23,$C$25) -> 0.22868983 | E14: =SUM(E15,E17,E19,E21,E23,E25)/SUM($C$15,$C$17,$C$19,$C$21,$C$23,$C$25) -> 0.24986612 | F14: =SUM(F15,F17,F19,F21,F23,F25)/SUM($C$15,$C$17,$C$19,$C$21,$C$23,$C$25) -> 0.27131017 | G14: =SUM(G15,G17,G19,G21,G23,G25)/SUM($C$15,$C$17,$C$19,$C$21,$C$23,$C$25) -> 0.25013388 | H14: =SUM(D14:G14) -> 1
A15: 2.0 | B15: =RESUMO!B5 -> CANTEIRO DE OBRAS | C15: =RESUMO!C5 -> 299223.6 | D15: =$C15*D16 -> 74805.9 | E15: =$C15*E16 -> 74805.9 | F15: =$C15*F16 -> 74805.9 | G15: =$C15*G16 -> 74805.9 | H15: =SUM(D15:G15) -> 299223.6 | I15: =H15=C15 -> TRUE
D16: =1/4 -> 0.25 | E16: =1/4 -> 0.25 | F16: =1/4 -> 0.25 | G16: =1/4 -> 0.25 | H16: =SUM(D16:G16) -> 1
A17: 3.0 | B17: =RESUMO!B6 -> MOBILIZAÇÃO/DESMOBILIZAÇÃO | C17: =RESUMO!C6 -> 213082.06 | D17: =$C17*D18 -> 106541.03 | E17: =$C17*E18 -> 0 | F17: =$C17*F18 -> 0 | G17: =$C17*G18 -> 106541.03 | H17: =SUM(D17:G17) -> 213082.06 | I17: =H17=C17 -> TRUE
D18: 0.5 | G18: 0.5 | H18: =SUM(D18:G18) -> 1
A19: 4.0 | B19: =RESUMO!B7 -> DRENAGEM | C19: =RESUMO!C7 -> 347432.38 | D19: =$C$19*D20 -> 0 | E19: =$C$19*E20 -> 173716.19 | F19: =$C$19*F20 -> 173716.19 | G19: =$C$19*G20 -> 0 | H19: =SUM(D19:G19) -> 347432.38 | I19: =H19=C19 -> TRUE
E20: 0.5 | F20: 0.5 | H20: =SUM(D20:G20) -> 1
A21: 5.0 | B21: =RESUMO!B8 -> PAVIMENTAÇÃO | C21: =RESUMO!C8 -> 2078727.7 | D21: =$C$21*D22 -> 519681.93 | E21: =$C$21*E22 -> 519681.93 | F21: =$C$21*F22 -> 519681.93 | G21: =$C$21*G22 -> 519681.93 | H21: =SUM(D21:G21) -> 2078727.7 | I21: =H21=C21 -> TRUE
D22: 0.25 | E22: 0.25 | F22: 0.25 | G22: 0.25 | H22: =SUM(D22:G22) -> 1
A23: 6.0 | B23: =RESUMO!B9 -> SINALIZAÇÃO | C23: =RESUMO!C9 -> 136049.14 | D23: =$C$23*D24 -> 0 | E23: =$C$23*E24 -> 0 | F23: =$C$23*F24 -> 68024.57 | G23: =$C$23*G24 -> 68024.57 | H23: =SUM(D23:G23) -> 136049.14 | I23: =H23=C23 -> TRUE
F24: 0.5 | G24: 0.5 | H24: =SUM(D24:G24) -> 1
A25: 7.0 | B25: =RESUMO!B10 -> SINALIZAÇÃO DE OBRA | C25: =RESUMO!C10 -> 97672.54 | D25: =$C$25*D26 -> 24418.135 | E25: =$C$25*E26 -> 24418.135 | F25: =$C$25*F26 -> 24418.135 | G25: =$C$25*G26 -> 24418.135 | H25: =SUM(D25:G25) -> 97672.54 | I25: =H25=C25 -> TRUE
D26: 0.25 | E26: 0.25 | F26: 0.25 | G26: 0.25 | H26: =SUM(D26:G26) -> 1
A29: TOTAL = | C29: =SUM(C13,C15,C17,C21,C23,C25,C19) -> 3693509.2 | D29: =D13+D15+D17+D21+D23+D25+D19 -> 844667.98 | E29: =E13+E15+E17+E21+E23+E25+E19 -> 922882.81 | F29: =F13+F15+F17+F21+F23+F25+F19 -> 1002086.6 | G29: =G13+G15+G17+G21+G23+G25+G19 -> 923871.81
D30: =D29/$C$29 -> 0.22868983 | E30: =E29/$C$29 -> 0.24986612 | F30: =F29/$C$29 -> 0.27131017 | G30: =G29/$C$29 -> 0.25013388
A31: TOTAL ACUMULADO = | C31: =C29 -> 3693509.2 | D31: =D29 -> 844667.98 | E31: =D31+E29 -> 1767550.8 | F31: =E31+F29 -> 2769637.4 | G31: =F31+G29 -> 3693509.2
D32: =D31/$C$29 -> 0.22868983 | E32: =D32+E30 -> 0.47855594 | F32: =E32+F30 -> 0.74986612 | G32: =F32+G30 -> 1
D35: =D36/$C$36 -> #REF! | E35: =E36/$C$36 -> #REF! | F35: =F36/$C$36 -> #REF! | G35: =G36/$C$36 -> #REF!
C36: =SUM(D36:G36) -> #REF! | D36: =D15+D17+D21+D23+D25+#REF!+D19+#REF! -> #REF! | E36: =E15+E17+E21+E23+E25+#REF!+E19+#REF! -> #REF! | F36: =F15+F17+F21+F23+F25+#REF!+F19+#REF! -> #REF! | G36: =G15+G17+G21+G23+G25+#REF!+G19+#REF! -> #REF!
B37: ADM LOCAL | C37: =SUM(D37:G37) -> #REF! | D37: =D38*D36 -> #REF! | E37: =E38*E36 -> #REF! | F37: =F38*F36 -> #REF! | G37: =G38*G36 -> #REF!
B38: % SOBRE CUSTO DIRETO | C38: =C13 -> 521321.8 | D38: =C38/C36 -> #REF! | E38: =#REF! -> #REF! | F38: =E38 -> #REF! | G38: =F38 -> #REF!
C39: =C38/12 -> 43443.483

Sheet Composições Gerais
D1: Obra | E1: Bancos | G1: B.D.I. | I1: Encargos Sociais
D2: VPE - 144 - ONERADO | E2: SINAPI - 01/2026 - Pernambuco SICRO3 - 01/2026 - Pernambuco | G2: 0.2123 | I2: Não Desonerado: embutido nos preços unitário dos insumos de mão de obra, de acordo com as bases.
A3: Composições Analíticas com Preço Unitário - Gerais
A4: 1 | D4: 'ADMINISTRAÇAO
B5: Código | C5: Banco | D5: Descrição | E5: Tipo | G5: Und | H5: Quant. | I5: Valor Unit | J5: Total
A6: Insumo | B6: CPU 001 | C6: Próprio | D6: CUSTO COM ADMINISTRAÇÃO LOCAL DE OBRA | E6: Equipamento | G6: UN | H6: 1 | I6: 430027.06 | J6: =H6*I6 -> 430027.06
E7: MO sem LS => | F7: 0 | G7: LS => | H7: 0 | I7: MO com LS => | J7: 0
E8: Valor do BDI => | F8: 0.2123 | H8: Valor com BDI => | J8: =J6*(1+F8) -> 521321.81
G9: Quant. => | H9: 1,00 | I9: Preço Total => | J9: =J8 -> 521321.81
A11: 2 | D11: CANTEIRO DE OBRAS
A12: 2.1 | B12: Código | C12: Banco | D12: Descrição | E12: Tipo | G12: Und | H12: Quant. | I12: Valor Unit | J12: Total
A13: Insumo | B13: CPU 002 | C13: Próprio | D13: INSTALAÇÃO DO CANTEIRO DE OBRAS | E13: Equipamento | G13: UN | H13: 1 | I13: 221801.04 | J13: =H13*I13 -> 221801.04
E14: MO sem LS => | F14: 0 | G14: LS => | H14: 0 | I14: MO com LS => | J14: 0
E15: Valor do BDI => | H15: Valor com BDI => | J15: =J13*(1+G2) -> 268889.4
G16: Quant. => | H16: 1,00 | I16: Preço Total => | J16: =J15 -> 268889.4
A18: 2.2 | B18: Código | C18: Banco | D18: Descrição | E18: Tipo | G18: Und | H18: Quant. | I18: Valor Unit | J18: Total
A19: Insumo | B19: CPU 003 | C19: Próprio | D19: PLACA DE OBRA EM CHAPA DE ACO GALVANIZADO | E19: Equipamento | G19: M² | H19: 1 | I19: ='Composições Canteiro'!J7 -> 551.48573 | J19: =H19*I19 -> 551.48573
E20: MO sem LS => | F20: 0 | G20: LS => | H20: 0 | I20: MO com LS => | J20: 0
E21: Valor do BDI => | H21: Valor com BDI => | J21: =J19*(1+G2) -> 668.56615
G22: Quant. => | H22: 1 | I22: Preço Total => | J22: =H22*J21 -> 668.56615
A25: 2.3 | B25: Código | C25: Banco | D25: Descrição | E25: Tipo | G25: Und | H25: Quant. | I25: Valor Unit | J25: Total
A26: Insumo | B26: CPU 004 | C26: Próprio | D26: CANTEIRO ITINERANTE | E26: Equipamento | G26: UN | H26: 1 | I26: ='Composições Canteiro'!J20 -> 2946.6261 | J26: =H26*I26 -> 2946.6261
E27: MO sem LS => | F27: 0 | G27: LS => | H27: 0 | I27: MO com LS => | J27: 0
E28: Valor do BDI => | F28: 0.2123 | H28: Valor com BDI => | J28: =J26*(1+F28) -> 3572.1948
G29: Quant. => | I29: Preço Total =>
A33: 3 | D33: MOBILIZAÇAO/ DESMOBILIZAÇÃO
A34: 3.1 | B34: Código | C34: Banco | D34: Descrição | E34: Tipo | G34: Und | H34: Quant. | I34: Valor Unit | J34: Total
A35: Insumo | B35: CPU 05 | C35: Próprio | D35: CUSTO DE MOBILIZAÇÃO E DESMOBILIZAÇÃO DE EQUIPAMENTOS (LEVES, MÉDIOS E PESADOS), MÁQUINAS, MOBILIÁRIOS E PESSOAL | E35: Equipamento | G35: UN | H35: 1 | I35: 87883.39 | J35: =H35*I35 -> 87883.39
E36: MO sem LS => | F36: 0 | G36: LS => | H36: 0 | I36: MO com LS => | J36: 0
E37: Valor do BDI => | H37: Valor com BDI => | J37: =J38*(1+G2) -> 106541.03
G38: Quant. => | H38: 1 | I38: Preço Total => | J38: =J35*H38 -> 87883.39
A41: 4 | D41: DRENAGEM
A42: 4.1 | B42: Código | C42: Banco | D42: Descrição | E42: Tipo | G42: Und | H42: Quant. | I42: Valor Unit | J42: Total
A43: Composição | B43: 2003373 | C43: SICRO3 | D43: Meio-fio de concreto - MFC 03 - areia e brita comerciais - fôrma de madeira | G43: m | H43: 1 | I43: 69.16 | J43: 69.16
F44: Custo Horário de Execução => | J44: 0
F45: Fator de Influencia da Chuva - FIC => | J45: 0
F46: Custo do FIC => | J46: 0
F47: Produção de Equipe => | J47: 1
F48: Custo Unitário de Execução => | J48: 0
A49: D | B49: Banco | C49: Código | D49: Atividades Auxiliares | E49: Quantidade | F49: Unidade | G49: Preço Unitário | J49: Custo Horário
A50: Atividade Auxiliar | B50: SICRO3 | C50: 1109669 | D50: Argamassa de cimento e areia 1:3 - confecção em betoneira e lançamento manual - areia comercial | E50: 0.0001 | F50: m³ | G50: 533.5 | J50: 0.0534
A51: Atividade Auxiliar | B51: SICRO3 | C51: 1107892 | D51: Concreto fck = 20 MPa - confecção em betoneira e lançamento manual - areia e brita comerciais | E51: 0.042 | F51: m³ | G51: 468.98 | J51: 19.6972
A52: Atividade Auxiliar | B52: SICRO3 | C52: 4805750 | D52: Escavação manual em material de 1ª categoria na profundidade de até 1 m | E52: 0.03 | F52: m³ | G52: 47.59 | J52: 1.4277
A53: Atividade Auxiliar | B53: SICRO3 | C53: 3103302 | D53: Fôrmas de tábuas de pinho para dispositivos de drenagem - utilização de 3 vezes - confecção, instalação e retirada | E53: 0.5615 | F53: m² | G53: 85.45 | J53: 47.9802
F54: Custo Total das Atividades => | J54: 69.1585
E55: MO sem LS => | F55: 30.90698 | G55: LS => | H55: 0 | I55: MO com LS => | J55: 30.90698
E56: Valor do BDI => | F56: 14.68 | H56: Valor com BDI => | J56: 83.84
A57: 4.2 | B57: Código | C57: Banco | D57: Descrição | E57: Tipo | G57: Und | H57: Quant. | I57: Valor Unit | J57: Total
A58: Composição | B58: 2003613 | C58: SICRO3 | D58: Boca de saída para dreno subsuperficial - BSD 03 - areia e brita comerciais | G58: un | H58: 1 | I58: 160.38 | J58: 160.38
F59: Custo Horário de Execução => | J59: 0
F60: Fator de Influencia da Chuva - FIC => | J60: 0
F61: Custo do FIC => | J61: 0
F62: Produção de Equipe => | J62: 1
F63: Custo Unitário de Execução => | J63: 0
A64: D | B64: Banco | C64: Código | D64: Atividades Auxiliares | E64: Quantidade | F64: Unidade | G64: Preço Unitário | J64: Custo Horário
A65: Atividade Auxiliar | B65: SICRO3 | C65: 1107892 | D65: Concreto fck = 20 MPa - confecção em betoneira e lançamento manual - areia e brita comerciais | E65: 0.096 | F65: m³ | G65: 468.98 | J65: 45.0221
A66: Atividade Auxiliar | B66: SICRO3 | C66: 3103302 | D66: Fôrmas de tábuas de pinho para dispositivos de drenagem - utilização de 3 vezes - confecção, instalação e retirada | E66: 1.35 | F66: m² | G66: 85.45 | J66: 115.3575
F67: Custo Total das Atividades => | J67: 160.3796
E68: MO sem LS => | F68: 70.592458 | G68: LS => | H68: 0 | I68: MO com LS => | J68: 70.59
E69: Valor do BDI => | F69: 34.04 | H69: Valor com BDI => | J69: 194.42
A72: 4.3 | B72: Código | C72: Banco | D72: Descrição | E72: Tipo | G72: Und | H72: Quant. | I72: Valor Unit | J72: Total
A73: Composição | B73: 2003265 | C73: SICRO3 | D73: Sarjeta triangular de concreto - STC 88-20 - escavação mecânica - areia e brita comerciais | G73: m | H73: 1 | I73: 55.72 | J73: 55.72
F74: Custo Horário de Execução => | J74: 0
F75: Fator de Influencia da Chuva - FIC => | J75: 0
F76: Custo do FIC => | J76: 0
F77: Produção de Equipe => | J77: 1
F78: Custo Unitário de Execução => | J78: 0
A79: D | B79: Banco | C79: Código | D79: Atividades Auxiliares | E79: Quantidade | F79: Unidade | G79: Preço Unitário | J79: Custo Horário
A80: Atividade Auxiliar | B80: SICRO3 | C80: 4805756 | D80: Apiloamento manual de superfície com espessura de 15 cm | E80: 1.1917 | F80: m² | G80: 5.35 | J80: 6.3756
A81: Atividade Auxiliar | B81: SICRO3 | C81: 1109669 | D81: Argamassa de cimento e areia 1:3 - confecção em betoneira e lançamento manual - areia comercial | E81: 0.0001 | F81: m³ | G81: 533.5 | J81: 0.0534
A82: Atividade Auxiliar | B82: SICRO3 | C82: 1107892 | D82: Concreto fck = 20 MPa - confecção em betoneira e lançamento manual - areia e brita comerciais | E82: 0.0893 | F82: m³ | G82: 468.98 | J82: 41.8799
A83: Atividade Auxiliar | B83: SICRO3 | C83: 2004520 | D83: Escavação mecânica de vala trapezoidal ou triangular em material de 1ª categoria para drenagem superficial com retroescavadeira - 0,15 m² ≤ seção < 0,20 m² | E83: 0.1773 | F83: m³ | G83: 22.82 | J83: 4.046
A84: Atividade Auxiliar | B84: SICRO3 | C84: 3108022 | D84: Guia de madeira de 2,5 x 8,0 cm - confecção e instalação | E84: 0.5959 | F84: m | G84: 5.64 | J84: 3.3609
F85: Custo Total das Atividades => | J85: 55.7158
E86: MO sem LS => | F86: 12.885099 | G86: LS => | H86: 0 | I86: MO com LS => | J86: 12.885099
A87: 4.4 | B87: Código | C87: Banco | D87: Descrição | E87: Tipo | G87: Und | H87: Quant. | I87: Valor Unit | J87: Total
A88: Composição | B88: 2003609 | C88: SICRO3 | D88: Dreno subsuperficial - DSS 03 - brita comercial | G88: m | H88: 1 | I88: 24.4 | J88: 24.4
A89: A | B89: Código | C89: Banco | D89: Equipamentos | E89: Quantidade | F89: Utilização | H89: Custo Operacional | J89: Custo Horário
F90: Operativa | G90: Improdutiva | H90: Operativa | I90: Improdutiva
A91: Insumo | B91: E9556 | C91: SICRO3 | D91: Compactador manual de placa vibratória - 3,00 kW | E91: 0.00803 | F91: 1 | G91: 0 | H91: 10.0285 | I91: 2.5088 | J91: 0.0805
F92: Custo Horário de Equipamentos => | J92: 0.0805
A93: B | B93: Código | C93: Banco | D93: Mão de Obra | E93: Quantidade | F93: Salário Hora | J93: Custo Horário
A94: Insumo | B94: P9824 | C94: SICRO3 | D94: Servente | E94: 0.10803 | I94: 23.4491 | J94: 2.5332
F95: Custo Horário da Mão de Obra => | J95: 2.5332
F96: Adc.M.O. - Ferramentas (0,0%) => | J96: 0
F97: Custo Horário de Execução => | J97: 2.6137
F98: Fator de Influencia da Chuva - FIC => | J98: 0.0159
F99: Custo do FIC => | J99: 0.0406
F100: Produção de Equipe => | J100: 1
F101: Custo Unitário de Execução => | J101: 2.6137
A102: C | B102: Banco | C102: Código | D102: Material | E102: Quantidade | F102: Unidade | G102: Preço Unitário | J102: Custo Horário
A103: Insumo | B103: SICRO3 | C103: M0191 | D103: Brita 1 | E103: 0.08 | F103: m³ | G103: 130.4067 | J103: 10.4325
A104: Insumo | B104: SICRO3 | C104: M0192 | D104: Brita 2 | E104: 0.08 | F104: m³ | G104: 121.74 | J104: 9.7392
F105: Custo Total do Material => | J105: 20.1717
A106: D | B106: Banco | C106: Código | D106: Atividades Auxiliares | E106: Quantidade | F106: Unidade | G106: Preço Unitário | J106: Custo Horário
A107: Atividade Auxiliar | B107: SICRO3 | C107: 4805757 | D107: Escavação mecânica de vala em material de 1ª categoria | E107: 0.16 | F107: m³ | G107: 6.99 | J107: 1.1184
F108: Custo Total das Atividades => | J108: 1.1184
A109: E | B109: Banco | C109: Insumo | D109: Tempos Fixos | E109: Código | F109: Quantidade | G109: Unidade | H109: Preço Unitário | J109: Custo Horário
A110: Tempo Fixo | B110: SICRO3 | C110: M0191 | D110: Carga, manobra e descarga de agregados ou solos em caminhão basculante de 10 m³ - carga com carregadeira de 3,40 m³ (exclusa) e descarga livre | E110: 5914647 | F110: 0.12 | G110: t | H110: 1.88 | J110: 0.2256
A111: Tempo Fixo | B111: SICRO3 | C111: M0192 | D111: Carga, manobra e descarga de agregados ou solos em caminhão basculante de 10 m³ - carga com carregadeira de 3,40 m³ (exclusa) e descarga livre | E111: 5914647 | F111: 0.12 | G111: t | H111: 1.88 | J111: 0.2256
...

Sheet Composições Canteiro
D1: Obra | E1: Bancos | G1: B.D.I. | I1: Encargos Sociais
D2: VPE - 144 - ONERADO | E2: SINAPI - 01/2026 - Pernambuco SICRO3 - 01/2026 - Pernambuco | G2: 0.2123 | I2: Não Desonerado: embutido nos preços unitário dos insumos de mão de obra, de acordo com as bases.
A3: Composições Analíticas com Preço Unitário
A4: Composições CANTEIRO DE OBRAS
A6: 2.2 | B6: Código | C6: Banco | D6: Descrição | E6: Tipo | G6: Und | H6: Quant. | I6: Valor Unit | J6: Total
A7: Composição | B7: CPU 003 | C7: Próprio | D7: PLACA DE OBRA EM CHAPA DE AÇO GALVANIZADO | G7: M² | H7: 1 | I7: =J7 -> 551.48573 | J7: =SUM(J8:J14) -> 551.48573
A8: Composição Auxiliar | B8: 5213421 | C8: SICRO3 | D8: =IFERROR(VLOOKUP(B8,SICRO,2,0),IFERROR(VLOOKUP(B8,SINAPI,2,0),IFERROR(VLOOKUP(B8,MO.SICRO,2,0),IFERROR(VLOOKUP(B8,INS.SICRO,2,0),IFERROR(VLOOKUP(B8,EQ.SICRO,2,0),))))) -> Placa em aço nº 16 galvanizado com película retrorrefletiva tipo I + IV - confecção | G8: =IFERROR(VLOOKUP(B8,SICRO,3,0),IFERROR(VLOOKUP(B8,SINAPI,3,0),IFERROR(VLOOKUP(B8,MO.SICRO,3,0),IFERROR(VLOOKUP(B8,INS.SICRO,3,0),IFERROR(VLOOKUP(B8,EQ.SICRO,3,0),))))) -> m² | H8: 1 | I8: =IFERROR(VLOOKUP(B8,SICRO,4,0),IFERROR(VLOOKUP(B8,SINAPI,4,0),IFERROR(VLOOKUP(B8,MO.SICRO,4,0),IFERROR(VLOOKUP(B8,INS.SICRO,4,0),IFERROR(VLOOKUP(B8,EQ.SICRO,10,0),))))) -> 394.89 | J8: =H8*I8 -> 394.89
A9: Composição Auxiliar | B9: 1106057 | C9: SICRO3 | D9: =IFERROR(VLOOKUP(B9,SICRO,2,0),IFERROR(VLOOKUP(B9,SINAPI,2,0),IFERROR(VLOOKUP(B9,MO.SICRO,2,0),IFERROR(VLOOKUP(B9,INS.SICRO,2,0),IFERROR(VLOOKUP(B9,EQ.SICRO,2,0),))))) -> Concreto magro - confecção em betoneira e lançamento manual - areia e brita comerciais | G9: =IFERROR(VLOOKUP(B9,SICRO,3,0),IFERROR(VLOOKUP(B9,SINAPI,3,0),IFERROR(VLOOKUP(B9,MO.SICRO,3,0),IFERROR(VLOOKUP(B9,INS.SICRO,3,0),IFERROR(VLOOKUP(B9,EQ.SICRO,3,0),))))) -> m³ | H9: 0.01 | I9: =IFERROR(VLOOKUP(B9,SICRO,4,0),IFERROR(VLOOKUP(B9,SINAPI,4,0),IFERROR(VLOOKUP(B9,MO.SICRO,4,0),IFERROR(VLOOKUP(B9,INS.SICRO,4,0),IFERROR(VLOOKUP(B9,EQ.SICRO,10,0),))))) -> 453.59 | J9: =H9*I9 -> 4.5359
A10: Insumo | B10: M0284 | C10: SICRO3 | D10: =IFERROR(VLOOKUP(B10,SICRO,2,0),IFERROR(VLOOKUP(B10,SINAPI,2,0),IFERROR(VLOOKUP(B10,MO.SICRO,2,0),IFERROR(VLOOKUP(B10,INS.SICRO,2,0),IFERROR(VLOOKUP(B10,EQ.SICRO,2,0),))))) -> Caibro de pinho - L = 7,5 cm e E = 7,5 cm | E10: Material | G10: =IFERROR(VLOOKUP(B10,SICRO,3,0),IFERROR(VLOOKUP(B10,SINAPI,3,0),IFERROR(VLOOKUP(B10,MO.SICRO,3,0),IFERROR(VLOOKUP(B10,INS.SICRO,3,0),IFERROR(VLOOKUP(B10,EQ.SICRO,3,0),))))) -> m | H10: 4 | I10: =IFERROR(VLOOKUP(B10,SICRO,4,0),IFERROR(VLOOKUP(B10,SINAPI,4,0),IFERROR(VLOOKUP(B10,MO.SICRO,4,0),IFERROR(VLOOKUP(B10,INS.SICRO,4,0),IFERROR(VLOOKUP(B10,EQ.SICRO,10,0),))))) -> 17.1081 | J10: =H10*I10 -> 68.4324
A11: Insumo | B11: P9824 | C11: SICRO3 | D11: =IFERROR(VLOOKUP(B11,SICRO,2,0),IFERROR(VLOOKUP(B11,SINAPI,2,0),IFERROR(VLOOKUP(B11,MO.SICRO,2,0),IFERROR(VLOOKUP(B11,INS.SICRO,2,0),IFERROR(VLOOKUP(B11,EQ.SICRO,2,0),))))) -> Servente | E11: Mão de Obra | G11: =IFERROR(VLOOKUP(B11,SICRO,3,0),IFERROR(VLOOKUP(B11,SINAPI,3,0),IFERROR(VLOOKUP(B11,MO.SICRO,3,0),IFERROR(VLOOKUP(B11,INS.SICRO,3,0),IFERROR(VLOOKUP(B11,EQ.SICRO,3,0),))))) -> h | H11: 2 | I11: =IFERROR(VLOOKUP(B11,SICRO,4,0),IFERROR(VLOOKUP(B11,SINAPI,4,0),IFERROR(VLOOKUP(B11,MO.SICRO,4,0),IFERROR(VLOOKUP(B11,INS.SICRO,4,0),IFERROR(VLOOKUP(B11,EQ.SICRO,10,0),))))) -> 23.4491 | J11: =H11*I11 -> 46.8982
A12: Insumo | B12: M0310 | C12: SICRO3 | D12: =IFERROR(VLOOKUP(B12,SICRO,2,0),IFERROR(VLOOKUP(B12,SINAPI,2,0),IFERROR(VLOOKUP(B12,MO.SICRO,2,0),IFERROR(VLOOKUP(B12,INS.SICRO,2,0),IFERROR(VLOOKUP(B12,EQ.SICRO,2,0),))))) -> Peça de madeira - L = 7,5 cm e E = 2,5 cm | E12: Material | G12: =IFERROR(VLOOKUP(B12,SICRO,3,0),IFERROR(VLOOKUP(B12,SINAPI,3,0),IFERROR(VLOOKUP(B12,MO.SICRO,3,0),IFERROR(VLOOKUP(B12,INS.SICRO,3,0),IFERROR(VLOOKUP(B12,EQ.SICRO,3,0),))))) -> m | H12: 1 | I12: =IFERROR(VLOOKUP(B12,SICRO,4,0),IFERROR(VLOOKUP(B12,SINAPI,4,0),IFERROR(VLOOKUP(B12,MO.SICRO,4,0),IFERROR(VLOOKUP(B12,INS.SICRO,4,0),IFERROR(VLOOKUP(B12,EQ.SICRO,10,0),))))) -> 6.0352 | J12: =H12*I12 -> 6.0352
A13: Insumo | B13: M1205 | C13: SICRO3 | D13: =IFERROR(VLOOKUP(B13,SICRO,2,0),IFERROR(VLOOKUP(B13,SINAPI,2,0),IFERROR(VLOOKUP(B13,MO.SICRO,2,0),IFERROR(VLOOKUP(B13,INS.SICRO,2,0),IFERROR(VLOOKUP(B13,EQ.SICRO,2,0),))))) -> Prego de ferro | E13: Material | G13: =IFERROR(VLOOKUP(B13,SICRO,3,0),IFERROR(VLOOKUP(B13,SINAPI,3,0),IFERROR(VLOOKUP(B13,MO.SICRO,3,0),IFERROR(VLOOKUP(B13,INS.SICRO,3,0),IFERROR(VLOOKUP(B13,EQ.SICRO,3,0),))))) -> kg | H13: 0.11 | I13: =IFERROR(VLOOKUP(B13,SICRO,4,0),IFERROR(VLOOKUP(B13,SINAPI,4,0),IFERROR(VLOOKUP(B13,MO.SICRO,4,0),IFERROR(VLOOKUP(B13,INS.SICRO,4,0),IFERROR(VLOOKUP(B13,EQ.SICRO,10,0),))))) -> 13.4203 | J13: =H13*I13 -> 1.476233
A14: Insumo | B14: P9808 | C14: SICRO3 | D14: =IFERROR(VLOOKUP(B14,SICRO,2,0),IFERROR(VLOOKUP(B14,SINAPI,2,0),IFERROR(VLOOKUP(B14,MO.SICRO,2,0),IFERROR(VLOOKUP(B14,INS.SICRO,2,0),IFERROR(VLOOKUP(B14,EQ.SICRO,2,0),))))) -> Carpinteiro | E14: Mão de Obra | G14: =IFERROR(VLOOKUP(B14,SICRO,3,0),IFERROR(VLOOKUP(B14,SINAPI,3,0),IFERROR(VLOOKUP(B14,MO.SICRO,3,0),IFERROR(VLOOKUP(B14,INS.SICRO,3,0),IFERROR(VLOOKUP(B14,EQ.SICRO,3,0),))))) -> h | H14: 1 | I14: =IFERROR(VLOOKUP(B14,SICRO,4,0),IFERROR(VLOOKUP(B14,SINAPI,4,0),IFERROR(VLOOKUP(B14,MO.SICRO,4,0),IFERROR(VLOOKUP(B14,INS.SICRO,4,0),IFERROR(VLOOKUP(B14,EQ.SICRO,10,0),))))) -> 29.2178 | J14: =H14*I14 -> 29.2178
E15: MO sem LS => | F15: =J11+J14 -> 76.116 | G15: LS => | H15: 0 | I15: MO com LS => | J15: =J11+J14 -> 76.116
E16: Valor do BDI => | H16: Valor com BDI =>
A19: 2.4 | B19: Código | C19: Banco | D19: Descrição | E19: Tipo | G19: Und | H19: Quant. | I19: Valor Unit | J19: Total
A20: Composição | B20: CPU 004 | C20: Próprio | D20: CANTEIRO ITINERANTE | G20: MÊS | H20: 1 | I20: =J20 -> 2946.6261 | J20: =SUM(J21:J26) -> 2946.6261
A21: Insumo | B21: VPE-144 COT006 | C21: Próprio | D21: BANHEIRO QUÍMICO | E21: Material | G21: UN | H21: 0.00833 | I21: 1983.94 | J21: =H21*I21 -> 16.52622
A22: Insumo | B22: VPE-144 COT005 | C22: Próprio | D22: CONJUNTO DE MESA E CADEIRAS (COTAÇÃO) | E22: Material | G22: UN | H22: 0.00833 | I22: 380.41 | J22: =H22*I22 -> 3.1688153
A23: Insumo | B23: VPE125 COT004 | C23: Próprio | D23: TENDA PLÁSTICA (COTAÇÃO) | E23: Material | G23: UN | H23: 0.02083 | I23: 266.1 | J23: =H23*I23 -> 5.542863
A24: Insumo | B24: P9824 | C24: SICRO3 | D24: =IFERROR(VLOOKUP(B24,SICRO,2,0),IFERROR(VLOOKUP(B24,SINAPI,2,0),IFERROR(VLOOKUP(B24,MO.SICRO,2,0),IFERROR(VLOOKUP(B24,INS.SICRO,2,0),IFERROR(VLOOKUP(B24,EQ.SICRO,2,0),))))) -> Servente | E24: Mão de Obra | G24: =IFERROR(VLOOKUP(B24,SICRO,3,0),IFERROR(VLOOKUP(B24,SINAPI,3,0),IFERROR(VLOOKUP(B24,MO.SICRO,3,0),IFERROR(VLOOKUP(B24,INS.SICRO,3,0),IFERROR(VLOOKUP(B24,EQ.SICRO,3,0),))))) -> h | H24: 6.67 | I24: =IFERROR(VLOOKUP(B24,SICRO,4,0),IFERROR(VLOOKUP(B24,SINAPI,4,0),IFERROR(VLOOKUP(B24,MO.SICRO,4,0),IFERROR(VLOOKUP(B24,INS.SICRO,4,0),IFERROR(VLOOKUP(B24,EQ.SICRO,10,0),))))) -> 23.4491 | J24: =H24*I24 -> 156.4055
A25: Insumo | B25: VPE-1445 COT003 | C25: Próprio | D25: BEBEDOURO DE COLUNA (COTAÇÃO) | E25: Material | G25: UN | H25: 0.008333 | I25: 696.56 | J25: =H25*I25 -> 5.8044345
A26: Insumo | B26: E9199 | C26: SICRO3 | D26: =IFERROR(VLOOKUP(B26,SICRO,2,0),IFERROR(VLOOKUP(B26,SINAPI,2,0),IFERROR(VLOOKUP(B26,MO.SICRO,2,0),IFERROR(VLOOKUP(B26,INS.SICRO,2,0),IFERROR(VLOOKUP(B26,EQ.SICRO,2,0),))))) -> Caminhão com sistema de hidrojateamento de alta pressão e vácuo para limpeza e desobstrução de bueiros com capacidade total de 15.600 l - 188 kW | E26: Equipamento | G26: =IFERROR(VLOOKUP(B26,SICRO,3,0),IFERROR(VLOOKUP(B26,SINAPI,3,0),IFERROR(VLOOKUP(B26,MO.SICRO,3,0),IFERROR(VLOOKUP(B26,INS.SICRO,3,0),IFERROR(VLOOKUP(B26,EQ.SICRO,3,0),))))) -> 0 | H26: 6.67 | I26: =IFERROR(VLOOKUP(B26,SICRO,4,0),IFERROR(VLOOKUP(B26,SINAPI,4,0),IFERROR(VLOOKUP(B26,MO.SICRO,4,0),IFERROR(VLOOKUP(B26,INS.SICRO,4,0),IFERROR(VLOOKUP(B26,EQ.SICRO,10,0),))))) -> 413.6699 | J26: =H26*I26 -> 2759.1782
E27: MO sem LS => | F27: =J24 -> 156.4055 | G27: LS => | H27: 0 | I27: MO com LS => | J27: =J24 -> 156.4055
E28: Valor do BDI => | H28: Valor com BDI =>

Sheet Canteiro de Obras
A1: DIMENSIONAMENTO DO CANTEIRO DE OBRAS
A3: 1) CANTEIRO PRINCIPAL
A5: Planejamento das unidades do canteiro em containers
A6: Instalação | B6: Áreas de referência
A7: Escritório e seção técnica | B7: 14.86
A8: Alojamentos | B8: Não Considerado
A9: Residências | B9: Não Considerado
A10: Refeitório e cozinha | B10: Não Considerado
A11: Banheiros e vestiário | B11: 14.79
A12: Guarita | B12: 7.44
A13: Ambulatório | B13: Não Considerado
A14: Almoxarifado | B14: 29.74
A15: Depósito de cimento | B15: 29.57
A16: Oficina | B16: Não Considerado
A19: ÁREAS COBERTAS DO CANTEIRO
A20: Descrição | E20: Área do Container (m²) | F20: Tipo de Container | G20: Unidade | H20: Quantidade | I20: Área total | J20: Custo unitário | K20: Custo total
A21: Escritório e seção técnica (Área = 29,74 m²)
A22: Container de 2 TEU revestimento térmico (ar condicionado) com janela e 1 lavabo | E22: 14.86 | F22: M0059 | G22: und | H22: 1 | I22: 14.8596 | J22: 67730.85 | K22: =TRUNC(H22*J22,2) -> 67730.85
A23: Refeitório e cozinha (Área = 59,14 m²)
A24: Container de 1 TEU duplo (6,0 m x 4,88 m) com janela e 2 lavabos | E24: 0 | F24: M0058 | G24: und | H24: 0 | I24: 0 | J24: 0 | K24: 0
A25: Container de 1 TEU duplo (6,0 m x 4,88 m) com janela | E25: 0 | F25: M0057 | G25: und | H25: 0 | I25: 0 | J25: 0 | K25: =TRUNC(H25*J25,2) -> 0
A26: Alojamento (Área = 44,36 m²)
A27: Container de 1 TEU revestimento térmico (ar condicionado) com janela e 1 banheiro | E27: 0 | F27: M0059 | G27: und | H27: 0 | I27: 0 | J27: 0 | K27: 0
A28: Banheiro e vestiário (Área = 14,79 m²)
A29: Container de 1 TEU com 2 banheiros | E29: 14.79 | F29: M0041 | G29: und | H29: 1 | I29: 14.79 | J29: 101954.12 | K29: =TRUNC(H29*J29,2) -> 101954.12
A30: Residência (Área = 14,79 m²)
A31: Container 3/4 de 1 TEU com janela e 1 banheiro | E31: 0 | F31: M0059 | G31: und | H31: 0 | I31: 0 | J31: 0 | K31: 0
A32: Ambulatório (Área = 29,74 m²)
A33: Container de 2 TEU revestimento térmico (ar condicionado) com janela e 1 lavabo | E33: 0 | F33: M0066 | G33: und | H33: 0 | I33: 0 | J33: 0 | K33: 0
A34: Almoxarifado (Área = 29,74 m²)
A35: Container de 1 TEU duplo (6,0 m x 4,88 m) com janela | E35: 0 | F35: M0057 | G35: und | H35: 0 | I35: 0 | J35: 0 | K35: =TRUNC(H35*J35,2) -> 0
A36: Depósito de cimento (Área = 29,57 m²)
A37: Container de 1 TEU duplo (6,0 m x 4,88 m) com janela | E37: 0 | F37: M0057 | G37: und | H37: 0 | I37: 0 | J37: 0 | K37: =TRUNC(H37*J37,2) -> 0
A38: Oficina (Área = 37,11 m²)
A39: Container de 1 TEU com janela | E39: 0 | F39: M0042 | G39: und | H39: 0 | I39: 0 | J39: 0 | K39: 0
A40: Container 3/4 de 1 TEU com janela | F40: M0060 | G40: und | H40: 0 | J40: 0 | K40: 0
A41: Container 3/4 de 1 TEU com janela e 1 banheiro | F41: M0065 | G41: und | H41: 0 | J41: 0 | K41: 0
A42: Guarita (Área = 7,44 m²)
A43: Container 3/4 de 1 TEU com janela | E43: 7.44 | F43: M0071 | G43: und | H43: 1 | I43: 7.44 | J43: 52116.07 | K43: =TRUNC(H43*J43,2) -> 52116.07
A44: Área coberta do canteiro | F44: Área total de containers: | I44: =SUM(I21:I43) -> 37.0896 | J44: Custo: | K44: =SUM(K21:K43) -> 221801.04
A45: OBS: Ajustes segundo o Memorando-Circular n° 491/2018/DIREX/DNIT
A46: Fator de Mobiliário e Aparelhagem (k2) | E46: Fator de Ajuste da Distância do Canteiro aos Centros Fornecedores (k3)
E54: Centro fornecedor em Caruaru- PE
E55: Distância em leito natural (km): | G55: 15.9
E56: Distância em revestimento primário (km):
E57: Distância pavimentada (km):
A59: k2 = | B59: 1.05 | E59: k3 = | F59: =1+0.0014*G55 -> 1.02226
A62: Dimensionamento das áreas descobertas
F63: k2 = | G63: =B59 -> 1.05
F64: k3 = | G64: =F59 -> 1.02226 | H64: Centro fornecedor em Caruaru- PE
F65: CMCC = | G65: 1791.61 | H65: Pernambuco Janeiro/2026 (Sem desoneração)
F66: FEAT = | G66: 0.03
F67: Cp = | G67: 1
A68: Área descoberta do canteiro principal | F68: CCC = | G68: =((((1/5)*G63*G64*K44))+(C70*G66*G65))*G67 -> 51602.055 | H68: (Custo do Canteiro de Obras principal)
A69: Área coberta (m²) | B69: Relação Área coberta/Área total | C69: Área total (m²) | D69: Área descoberta (m²)
A70: =I44 -> 37.0896 | B70: 0.5 | C70: =A70/B70 -> 74.1792 | D70: =C70-A70 -> 37.0896
G92: DISTÂNCIA AO CENTRO FORNECEDOR

Sheet Mob e Desmob
B3: OBRA: | D3: RESTAURAÇÃO DA RODOVIA VPE-140 COM EXTENSÃO DE 2,85 km
B4: TRECHO: | D4: Entr. PE-095 ao Povoado de Malhada de Pedra
B5: DATA BASE: | D5: JAN/2026
B6: TIPO: | D6: SEM DESONERAÇÃO
B8: MOBILIZAÇÃO E DESMOBILIZAÇÃO DE EQUIPAMENTOS E VEÍCULOS
C10: Manual de Custos de Infraestrutura de Transportes - Volume 08 - Mobilização e Desmobilização
C11: DADOS DE ENTRADA:
H12: Tabela 01 - Velocidades médias - modo rodoviário
H13: Velocidade Rodovia Pav (P) - km/h | J13: Caminhões e veículos transportadores | M13: 60
J14: Cavalo mecânico com reboque ou dolly | M14: 30
H15: Velocidade Rodovia Revestimento Primário (RP) - km/h | J15: Caminhões e veículos transportadores | M15: 50
J16: Cavalo mecânico com reboque ou dolly | M16: 25
H17: Velocidade Rodovia Leito Natural (LN) - km/h | J17: Caminhões e veículos transportadores | M17: 40
J18: Cavalo mecânico com reboque ou dolly | M18: 20
H19: DMT Capital - Canteiro (km) | J19: Recife x Caruaru | M19: 143
C22: ITEM | D22: CÓDIGO | E22: DISCRIMINAÇÃO | I22: ORIGEM | J22: QUANTIDADE | K22: EQUIPAMENTO TRANSPORTADOR | L22: DISTANCIA MOBILIZAÇÃO DM (km) | M22: VELOCIDADE MÉDIA - V (km/h) | N22: TEMPO DE VIAGEM (h) | O22: FATOR DE UTILIZAÇÃO (FU) | P22: IDA/ VOLTA (K) | Q22: CUSTO HORÁRIO - CH (R$) | R22: CUSTO TOTAL MOBILIZAÇÃO - Cmob (R$)
D23: EQUIPAMENTOS AUTOPROPELIDOS
C24: 1 | D24: E9785 | E24: =VLOOKUP(D24,'[6]EQUIP SICRO'!$A:$K,2,0) -> Guindaste móvel sobre pneus com 2 eixos com capacidade máxima de 55 t - 186 kW | I24: =K19 -> 0 | J24: 1 | K24: =D24 -> E9785 | L24: =$M$19 -> 143 | M24: =$M$13 -> 60 | N24: =TRUNC(L24/M24,2) -> 2.38 | O24: 1 | P24: 2 | Q24: =VLOOKUP(K24,'[6]EQUIP SICRO'!$A:$K,10,0) -> 504.9109 | R24: =TRUNC(N24*O24*P24*J24*Q24,2) -> 2403.37
C25: 2 | D25: E9592 | E25: =VLOOKUP(D25,'[6]EQUIP SICRO'!$A:$K,2,0) -> Caminhão carroceria com capacidade de 15 t - 188 kW | I25: =$K$19 -> 0 | J25: 1 | K25: =D25 -> E9592 | L25: =$M$19 -> 143 | M25: =$M$13 -> 60 | N25: =TRUNC(L25/M25,2) -> 2.38 | O25: 1 | P25: 2 | Q25: =VLOOKUP(K25,'[6]EQUIP SICRO'!$A:$K,10,0) -> 285.2384 | R25: =TRUNC(N25*O25*P25*J25*Q25,2) -> 1357.73
C26: 3 | D26: E9506 | E26: =VLOOKUP(D26,'[6]EQUIP SICRO'!$A:$K,2,0) -> Caminhão basculante com capacidade de 6 m³ - 136 kW | I26: =$K$19 -> 0 | J26: 2 | K26: =D26 -> E9506 | L26: =$M$19 -> 143 | M26: =$M$13 -> 60 | N26: =TRUNC(L26/M26,2) -> 2.38 | O26: 1 | P26: 2 | Q26: =VLOOKUP(K26,'[6]EQUIP SICRO'!$A:$K,10,0) -> 202.839 | R26: =TRUNC(N26*O26*P26*J26*Q26,2) -> 1931.02
C27: 4 | D27: E9667 | E27: =VLOOKUP(D27,'[6]EQUIP SICRO'!$A:$K,2,0) -> Caminhão basculante com capacidade de 14 m³ - 210 kW | I27: =$K$19 -> 0 | J27: 3 | K27: =D27 -> E9667 | L27: =$M$19 -> 143 | M27: =$M$13 -> 60 | N27: =TRUNC(L27/M27,2) -> 2.38 | O27: 1 | P27: 2 | Q27: =VLOOKUP(K27,'[6]EQUIP SICRO'!$A:$K,10,0) -> 327.3518 | R27: =TRUNC(N27*O27*P27*J27*Q27,2) -> 4674.58
C28: 5 | D28: E9199 | E28: =VLOOKUP(D28,'[6]EQUIP SICRO'!$A:$K,2,0) -> Caminhão com sistema de hidrojateamento de alta pressão e vácuo para limpeza e desobstrução de bueiros com capacidade total de 15.600 l - 188 kW | I28: =$K$19 -> 0 | J28: 1 | K28: =D28 -> E9199 | L28: =$M$19 -> 143 | M28: =$M$13 -> 60 | N28: =TRUNC(L28/M28,2) -> 2.38 | O28: 1 | P28: 2 | Q28: =VLOOKUP(K28,'[6]EQUIP SICRO'!$A:$K,10,0) -> 413.6699 | R28: =TRUNC(N28*O28*P28*J28*Q28,2) -> 1969.06
C29: 6 | D29: E9579 | E29: =VLOOKUP(D29,'[6]EQUIP SICRO'!$A:$K,2,0) -> Caminhão basculante com capacidade de 10 m³ - 210 kW | I29: =$K$19 -> 0 | J29: 1 | K29: =D29 -> E9579 | L29: =$M$19 -> 143 | M29: =$M$13 -> 60 | N29: =TRUNC(L29/M29,2) -> 2.38 | O29: 1 | P29: 2 | Q29: =VLOOKUP(K29,'[6]EQUIP SICRO'!$A:$K,10,0) -> 315.7363 | R29: =TRUNC(N29*O29*P29*J29*Q29,2) -> 1502.9
C30: 7 | D30: E9686 | E30: =VLOOKUP(D30,'[6]EQUIP SICRO'!$A:$K,2,0) -> Caminhão guindauto com capacidade de elevação de 6,2 t e carroceria de 7 t - 136 kW | I30: =$K$19 -> 0 | J30: 1 | K30: =D30 -> E9686 | L30: =$M$19 -> 143 | M30: =$M$13 -> 60 | N30: =TRUNC(L30/M30,2) -> 2.38 | O30: 1 | P30: 2 | Q30: =VLOOKUP(K30,'[6]EQUIP SICRO'!$A:$K,10,0) -> 324.7261 | R30: =TRUNC(N30*O30*P30*J30*Q30,2) -> 1545.69
C31: 8 | D31: E9571 | E31: =VLOOKUP(D31,'[6]EQUIP SICRO'!$A:$K,2,0) -> Caminhão tanque com capacidade de 10.000 l - 188 kW | I31: =$K$19 -> 0 | J31: 2 | K31: =D31 -> E9571 | L31: =$M$19 -> 143 | M31: =$M$13 -> 60 | N31: =TRUNC(L31/M31,2) -> 2.38 | O31: 1 | P31: 2 | Q31: =VLOOKUP(K31,'[6]EQUIP SICRO'!$A:$K,10,0) -> 362.2722 | R31: =TRUNC(N31*O31*P31*J31*Q31,2) -> 3448.83
C32: 9 | D32: E9509 | E32: =VLOOKUP(D32,'[6]EQUIP SICRO'!$A:$K,2,0) -> Caminhão tanque distribuidor de asfalto com capacidade de 6.000 l - 7 kW/136 kW | I32: =$K$19 -> 0 | J32: 2 | K32: =D32 -> E9509 | L32: =$M$19 -> 143 | M32: =$M$13 -> 60 | N32: =TRUNC(L32/M32,2) -> 2.38 | O32: 1 | P32: 2 | Q32: =VLOOKUP(K32,'[6]EQUIP SICRO'!$A:$K,10,0) -> 337.1172 | R32: =TRUNC(N32*O32*P32*J32*Q32,2) -> 3209.35
C33: 10 | D33: E9645 | E33: =VLOOKUP(D33,'[6]EQUIP SICRO'!$A:$K,2,0) -> Caminhão demarcador de faixas com sistema de pintura a quente - 5 kW/30,10 kW/136 kW | I33: =$K$19 -> 0 | J33: 1 | K33: =D33 -> E9645 | L33: =$M$19 -> 143 | M33: =$M$13 -> 60 | N33: =TRUNC(L33/M33,2) -> 2.38 | O33: 1 | P33: 2 | Q33: =VLOOKUP(K33,'[6]EQUIP SICRO'!$A:$K,10,0) -> 704.1991 | R33: =TRUNC(N33*O33*P33*J33*Q33,2) -> 3351.98
C34: 11 | D34: E9687 | E34: =VLOOKUP(D34,'[6]EQUIP SICRO'!$A:$K,2,0) -> Caminhão carroceria com capacidade de 5 t - 120 kW | I34: =$K$19 -> 0 | J34: 2 | K34: =D34 -> E9687 | L34: =$M$19 -> 143 | M34: =$M$13 -> 60 | N34: =TRUNC(L34/M34,2) -> 2.38 | O34: 1 | P34: 2 | Q34: =VLOOKUP(K34,'[6]EQUIP SICRO'!$A:$K,10,0) -> 177.1371 | R34: =TRUNC(N34*O34*P34*J34*Q34,2) -> 1686.34
C35: 12 | D35: E9792 | E35: =VLOOKUP(D35,'[6]EQUIP SICRO'!$A:$K,2,0) -> Caminhão para hidrossemeadura com capacidade de 7.500 l - 77,2 kW/235 kW | I35: =$K$19 -> 0 | J35: 1 | K35: =D35 -> E9792 | L35: =$M$19 -> 143 | M35: =$M$13 -> 60 | N35: =TRUNC(L35/M35,2) -> 2.38 | O35: 1 | P35: 2 | Q35: =VLOOKUP(K35,'[6]EQUIP SICRO'!$A:$K,10,0) -> 610.8829 | R35: =TRUNC(N35*O35*P35*J35*Q35,2) -> 2907.8
C36: 13 | D36: E9082 | E36: =VLOOKUP(D36,'[6]EQUIP SICRO'!$A:$K,2,0) -> Bate-estaca hidráulico para defensas montado em caminhão guindauto com capacidade de 6,2 t e carroceria de 5 t - 152 kW | I36: =$K$19 -> 0 | J36: 1 | K36: =D36 -> E9082 | L36: =$M$19 -> 143 | M36: =$M$13 -> 60 | N36: =TRUNC(L36/M36,2) -> 2.38 | O36: 1 | P36: 2 | Q36: =VLOOKUP(K36,'[6]EQUIP SICRO'!$A:$K,10,0) -> 397.2819 | R36: =TRUNC(N36*O36*P36*J36*Q36,2) -> 1891.06
C37: 14 | D37: E9605 | E37: =VLOOKUP(D37,'[6]EQUIP SICRO'!$A:$K,2,0) -> Caminhão tanque com capacidade de 6.000 l - 136 kW | I37: =$K$19 -> 0 | J37: 1 | K37: =D37 -> E9605 | L37: =$M$19 -> 143 | M37: =$M$13 -> 60 | N37: =TRUNC(L37/M37,2) -> 2.38 | O37: 1 | P37: 2 | Q37: =VLOOKUP(K37,'[6]EQUIP SICRO'!$A:$K,10,0) -> 284.1438 | R37: =TRUNC(N37*O37*P37*J37*Q37,2) -> 1352.52
D38: EQUIPAMENTOS TRANSPORTADOS
C39: 8 | D39: =D61 -> E9584 | E39: =VLOOKUP(D39,'[6]EQUIP SICRO'!$A:$K,2,0) -> Carregadeira de pneus com capacidade de 1,72 m³ - 113 kW | I39: =$K$19 -> 0 | J39: 3 | K39: =K61 -> E9665 | L39: =$M$19 -> 143 | M39: =$M$14 -> 30 | N39: =TRUNC(L39/M39,2) -> 4.76 | O39: =P61 -> 0.66692607 | P39: 2 | Q39: =VLOOKUP(K39,'[6]EQUIP SICRO'!$A:$K,10,0) -> 423.3606 | R39: =TRUNC(N39*O39*P39*J39*Q39,2) -> 8063.92
C40: 8 | D40: =D62 -> E9541 | E40: =VLOOKUP(D40,'[6]EQUIP SICRO'!$A:$K,2,0) -> Trator sobre esteiras com lâmina - 259 kW | I40: =$K$19 -> 0 | J40: 2 | K40: =K62 -> E9018 | L40: =$M$19 -> 143 | M40: =$M$14 -> 30 | N40: =TRUNC(L40/M40,2) -> 4.76 | O40: =P62 -> 0.72765772 | P40: 2 | Q40: =VLOOKUP(K40,'[6]EQUIP SICRO'!$A:$K,10,0) -> 559.0545 | R40: =TRUNC(N40*O40*P40*J40*Q40,2) -> 7745.47
C41: 9 | D41: =D63 -> E9511 | E41: =VLOOKUP(D41,'[6]EQUIP SICRO'!$A:$K,2,0) -> Carregadeira de pneus com capacidade de 3,40 m³ - 195 kW | I41: =$K$19 -> 0 | J41: 1 | K41: =K63 -> E9665 | L41: =$M$19 -> 143 | M41: 30 | N41: =TRUNC(L41/M41,2) -> 4.76 | O41: =P63 -> 0.7311284 | P41: 2 | Q41: =VLOOKUP(K41,'[6]EQUIP SICRO'!$A:$K,10,0) -> 423.3606 | R41: =TRUNC(N41*O41*P41*J41*Q41,2) -> 2946.73
C42: 10 | D42: =D64 -> E9774 | E42: =VLOOKUP(D42,'[6]EQUIP SICRO'!$A:$K,2,0) -> Retroescavadeira de pneus com caçamba de escavação trapezoidal ou triangular com seção de corte de 0,30 a 0,50 m² - 58 kW | I42: =$K$19 -> 0 | J42: 1 | K42: =K64 -> E9665 | L42: =$M$19 -> 143 | M42: 30 | N42: =TRUNC(L42/M42,2) -> 4.76 | O42: =P64 -> 0.6536965 | P42: 2 | Q42: =VLOOKUP(K42,'[6]EQUIP SICRO'!$A:$K,10,0) -> 423.3606 | R42: =TRUNC(N42*O42*P42*J42*Q42,2) -> 2634.65
C43: 11 | D43: =D65 -> E9524 | E43: =VLOOKUP(D43,'[6]EQUIP SICRO'!$A:$K,2,0) -> Motoniveladora - 93 kW | I43: =$K$19 -> 0 | J43: 2 | K43: =K65 -> E9666 | L43: =$M$19 -> 143 | M43: 30 | N43: =TRUNC(L43/M43,2) -> 4.76 | O43: =P65 -> 0.91449814 | P43: 2 | Q43: =VLOOKUP(K43,'[6]EQUIP SICRO'!$A:$K,10,0) -> 471.3493 | R43: =TRUNC(N43*O43*P43*J43*Q43,2) -> 8207.15
C44: 12 | D44: =D66 -> E9762 | E44: =VLOOKUP(D44,'[6]EQUIP SICRO'!$A:$K,2,0) -> Rolo compactador de pneus autopropelido de 27 t - 85 kW | I44: =$K$19 -> 0 | J44: 1 | K44: =K66 -> E9018 | L44: =$M$19 -> 143 | M44: 30 | N44: =TRUNC(L44/M44,2) -> 4.76 | O44: =P66 -> 0.30980107 | P44: 2 | Q44: =VLOOKUP(K44,'[6]EQUIP SICRO'!$A:$K,10,0) -> 559.0545 | R44: =TRUNC(N44*O44*P44*J44*Q44,2) -> 1648.82
C45: 13 | D45: =D67 -> E9685 | E45: =VLOOKUP(D45,'[6]EQUIP SICRO'!$A:$K,2,0) -> Rolo compactador pé de carneiro vibratório autopropelido por pneus de 11,6 t - 82 kW | I45: =$K$19 -> 0 | J45: 1 | K45: =K67 -> E9666 | L45: =$M$19 -> 143 | M45: =$M$14 -> 30 | N45: =TRUNC(L45/M45,2) -> 4.76 | O45: =P67 -> 0.48289963 | P45: 2 | Q45: =VLOOKUP(K45,'[6]EQUIP SICRO'!$A:$K,10,0) -> 471.3493 | R45: =TRUNC(N45*O45*P45*J45*Q45,2) -> 2166.88
C46: 14 | D46: =D68 -> E9577 | E46: =VLOOKUP(D46,'[6]EQUIP SICRO'!$A:$K,2,0) -> Trator agrícola sobre pneus - 77 kW | I46: =$K$19 -> 0 | J46: 2 | K46: =K68 -> E9665 | L46: =$M$19 -> 143 | M46: =$M$14 -> 30 | N46: =TRUNC(L46/M46,2) -> 4.76 | O46: =P68 -> 0.40700389 | P46: 2 | Q46: =VLOOKUP(K46,'[6]EQUIP SICRO'!$A:$K,10,0) -> 423.3606 | R46: =TRUNC(N46*O46*P46*J46*Q46,2) -> 3280.77
C49: ITEM | D49: CÓDIGO | E49: DISCRIMINAÇÃO | I49: ORIGEM | J49: QUANTIDADE | K49: EQUIPAMENTO TRANSPORTADOR | L49: DISTANCIA MOBILIZAÇÃO DM (km) | M49: VELOCIDADE MÉDIA - V (km/h) | N49: TEMPO DE VIAGEM (h) | O49: FATOR DE UTILIZAÇÃO (FU) | P49: IDA/ VOLTA (K) | Q49: CUSTO HORÁRIO - CH (R$) | R49: CUSTO TOTAL MOBILIZAÇÃO - Cmob (R$)
C50: 11 | D50: =D69 -> E9558 | E50: =VLOOKUP(D50,'[6]EQUIP SICRO'!$A:$K,2,0) -> Tanque de estocagem de asfalto com capacidade de 30.000 l | I50: =$K$19 -> 0 | J50: 1 | K50: =K69 -> E9665 | L50: =$M$19 -> 143 | M50: 30 | N50: =TRUNC(L50/M50,2) -> 4.76 | O50: =P69 -> 0.58521401 | P50: 2 | Q50: =VLOOKUP(K50,'[6]EQUIP SICRO'!$A:$K,10,0) -> 423.3606 | R50: =TRUNC(N50*O50*P50*J50*Q50,2) -> 2358.64
C51: 12 | D51: =D70 -> E9681 | E51: =VLOOKUP(D51,'[6]EQUIP SICRO'!$A:$K,2,0) -> Rolo compactador liso tandem vibratório autopropelido de 10,4 t - 82 kW | I51: =$K$19 -> 0 | J51: 1 | K51: =K70 -> E9665 | L51: =$M$19 -> 143 | M51: 30 | N51: =TRUNC(L51/M51,2) -> 4.76 | O51: =P70 -> 0.53670518 | P51: 2 | Q51: =VLOOKUP(K51,'[6]EQUIP SICRO'!$A:$K,10,0) -> 423.3606 | R51: =TRUNC(N51*O51*P51*J51*Q51,2) -> 2163.13
C52: 13 | D52: =D71 -> E9545 | E52: =VLOOKUP(D52,'[6]EQUIP SICRO'!$A:$K,2,0) -> Vibroacabadora de asfalto sobre esteiras - 97 kW | I52: =$K$19 -> 0 | J52: 1 | K52: =K71 -> E9665 | L52: =$M$19 -> 143 | M52: =$M$14 -> 30 | N52: =TRUNC(L52/M52,2) -> 4.76 | O52: =P71 -> 0.71863913 | P52: 2 | Q52: =VLOOKUP(K52,'[6]EQUIP SICRO'!$A:$K,10,0) -> 423.3606 | R52: =TRUNC(N52*O52*P52*J52*Q52,2) -> 2896.39
C53: 14 | D53: =D72 -> E9689 | E53: =VLOOKUP(D53,'[6]EQUIP SICRO'!$A:$K,2,0) -> Usina de asfalto a quente gravimétrica com capacidade de 100/140 t/h - 260 kW | I53: =$K$19 -> 0 | J53: 1 | K53: =K72 -> E9665 | L53: =$M$19 -> 143 | M53: =$M$14 -> 30 | N53: =TRUNC(L53/M53,2) -> 4.76 | O53: =P72 -> 2.614786 | P53: 2 | Q53: =VLOOKUP(K53,'[6]EQUIP SICRO'!$A:$K,10,0) -> 423.3606 | R53: =TRUNC(N53*O53*P53*J53*Q53,2) -> 10538.61
C54: TOTAL (R$) | R54: =SUM(R24:R53) -> 87883.39
C55: BDI = | Q55: 0.2123 | R55: =R54*Q55 -> 18657.644
C56: TOTAL GERAL DE EQUIPAMENTOS DE GRANDE PORTE (R$) | R56: =SUM(R54:R55) -> 106541.03
D59: CÁLCULO DO FATOR DE UTILIZAÇÃO (FU)
D60: Código | E60: Equipamento | I60: ÁREA (m²) | J60: PESO (kg) | K60: EQUIPAMENTO TRANSPORTADOR | L60: ÁREA DO EQP TRANSPORTADOR | M60: CARGA ÚTIL TRANSPORTADOR (KG) | N60: FUA | O60: FUC | P60: FU
D61: E9584 | E61: Carregadeira de pneus com capacidade de 1,72 m³ - 113 kW | I61: 17.14 | J61: 9959 | K61: E9665 | L61: 25.7 | M61: 21986 | N61: =I61/L61 -> 0.66692607 | O61: =J61/M61 -> 0.45297007 | P61: =IF(O61>=N61,O61,N61) -> 0.66692607
D62: E9541 | E62: Trator sobre esteiras com lâmina - 259 kW | I62: 16.09 | J62: 38488 | K62: E9018 | L62: 41.22 | M62: 52893 | N62: =I62/L62 -> 0.39034449 | O62: =J62/M62 -> 0.72765772 | P62: =IF(O62>=N62,O62,N62) -> 0.72765772
D63: E9511 | E63: Carregadeira de pneus com capacidade de 3,40 m³ - 195 kW | I63: 18.79 | J63: 12019 | K63: E9665 | L63: 25.7 | M63: 21986 | N63: =I63/L63 -> 0.7311284 | O63: =J63/M63 -> 0.54666606 | P63: =IF(O63>=N63,O63,N63) -> 0.7311284
D64: E9774 | E64: Retroescavadeira de pneus com caçamba de escavação trapezoidal ou triangular com seção de corte de 0,30 a 0,50 m² - 58 kW | I64: 16.8 | J64: 6792 | K64: E9665 | L64: 25.7 | M64: 21986 | N64: =I64/L64 -> 0.6536965 | O64: =J64/M64 -> 0.30892386 | P64: =IF(O64>=N64,O64,N64) -> 0.6536965
D65: E9524 | E65: Motoniveladora - 93 kW | I65: 24.6 | J65: 15669 | K65: E9666 | L65: 26.9 | M65: 29387 | N65: =I65/L65 -> 0.91449814 | O65: =J65/M65 -> 0.53319495 | P65: =IF(O65>=N65,O65,N65) -> 0.91449814
D66: E9762 | E66: Rolo compactador de pneus autopropelido de 27 t - 85 kW | I66: 12.77 | J66: 11700 | K66: E9018 | L66: 41.22 | M66: 52893 | N66: =I66/L66 -> 0.30980107 | O66: =J66/M66 -> 0.22120129 | P66: =IF(O66>=N66,O66,N66) -> 0.30980107
D67: E9685 | E67: Rolo compactador pé de carneiro vibratório autopropelido por pneus de 11,6 t - 82 kW | I67: 12.99 | J67: 12390 | K67: E9666 | L67: 26.9 | M67: 29387 | N67: =I67/L67 -> 0.48289963 | O67: =J67/M67 -> 0.421615 | P67: =IF(O67>=N67,O67,N67) -> 0.48289963
D68: E9577 | E68: Trator agrícola sobre pneus - 77 kW | I68: 10.46 | J68: 5775 | K68: E9665 | L68: 25.7 | M68: 21986 | N68: =I68/L68 -> 0.40700389 | O68: =J68/M68 -> 0.26266715 | P68: =IF(O68>=N68,O68,N68) -> 0.40700389
D69: E9558 | E69: Tanque de estocagem de asfalto com capacidade de 30.000 l | I69: 15.04 | J69: 8445 | K69: E9665 | L69: 25.7 | M69: 21986 | N69: =I69/L69 -> 0.58521401 | O69: =J69/M69 -> 0.38410807 | P69: =IF(O69>=N69,O69,N69) -> 0.58521401
D70: E9681 | E70: Rolo compactador liso tandem vibratório autopropelido de 10,4 t - 82 kW | I70: 9.38 | J70: 11800 | K70: E9665 | L70: 25.7 | M70: 21986 | N70: =I70/L70 -> 0.36498054 | O70: =J70/M70 -> 0.53670518 | P70: =IF(O70>=N70,O70,N70) -> 0.53670518
D71: E9545 | E71: Vibroacabadora de asfalto sobre esteiras - 97 kW | I71: 16.38 | J71: 15800 | K71: E9665 | L71: 25.7 | M71: 21986 | N71: =I71/L71 -> 0.63735409 | O71: =J71/M71 -> 0.71863913 | P71: =IF(O71>=N71,O71,N71) -> 0.71863913
D72: E9689 | E72: Usina de asfalto a quente gravimétrica com capacidade de 100/140 t/h - 260 kW | I72: 67.2 | J72: 49000 | K72: E9665 | L72: 25.7 | M72: 21986 | N72: =I72/L72 -> 2.614786 | O72: =J72/M72 -> 2.228691 | P72: =IF(O72>=N72,O72,N72) -> 2.614786

Sheet BDI serviços
B2: DER-PE
B4: COMPOSIÇÃO DA PARCELA DE BDI - Sem Desoneração (Bonificação e Depessas Indiretas)
B5: ITENS RELATIVOS À ADMINISTRAÇÃO DA OBRA | E5: % sobre CD
B6: A - Administração Central | E6: 0.038
B7: B - Seguros e Garantias Contratuais | E7: 0.0032
B8: C - Riscos | E8: 0.005
B9: D - Despesa Financeira | E9: 0.0102
B10: LUCRO | E10: % sobre CD
B11: E - Lucro | E11: 0.0708
B12: TAXAS E IMPOSTOS | E12: % sobre CD
B13: PIS | E13: 0.0065
B14: COFINS | E14: 0.03
B15: ISSQN | E15: 0.03
B16: CPRB
B17: I (Impostos) | E17: =SUM(E13:F16) -> 0.0665
B18: BDI COM IMPOSTOS (%) | D18: Total | E18: =(((1+E6+E7+E8)*(1+E9)*(1+E11))/(1-E17)-1) -> 0.21231679
B19: CD = Custo Direto CPRB – Contribuição Previdenciária sobre a Receita Bruta Não foi encontrado Lei municipal para o munícipioi, Portanto, foi adotado o valor referencial de 5%.
B20: BDI DIFERENCIADO (sem desoneração) = 15,62% Memorando Circular DNIT nº 03/2016-DIREX
B21: MUNICÍPIO | C21: EXTENSÃO (KM) | D21: ALÍQUOTA | E21: DEDUÇÃO | F21: ALÍQUOTA | G21: PROPORÇÃO (%)
B22: CARUARU | C22: 2.85 | D22: 0.05 | E22: 0.2 | F22: 0.03 | G22: =C22/$C$23 -> 1
B23: EXTENSÃO TOTAL DO TRECHO: | C23: =SUM(C22:C22) -> 2.85
B24: MÉDIA PONDERADA: | F24: =SUMPRODUCT(G22:G22,F22:F22) -> 0.03
B27: DER-PE
B28: COMPOSIÇÃO DA PARCELA DE BDI - Com Desoneração (Bonificação e Depessas Indiretas)
B29: ITENS RELATIVOS À ADMINISTRAÇÃO DA OBRA | E29: % sobre CD
B30: A - Administração Central | E30: 0.038
B31: B - Seguros e Garantias Contratuais | E31: 0.0032
B32: C - Riscos | E32: 0.005
B33: D - Despesa Financeira | E33: 0.0102
B34: LUCRO | E34: % sobre CD
B35: E - Lucro | E35: 0.0708
B36: TAXAS E IMPOSTOS | E36: % sobre CD
B37: PIS | E37: 0.0065
B38: COFINS | E38: 0.03
B39: ISSQN | E39: =E15 -> 0.03
B40: CPRB | E40: 0.036 | K40: =21.24-20.82 -> 0.42
B41: I (Impostos) | E41: =SUM(E37:F40) -> 0.1025
B42: BDI COM IMPOSTOS (%) | D42: Total | E42: =(((1+E30+E31+E32)*(1+E33)*(1+E35))/(1-E41)-1) -> 0.26094454
B43: CD = Custo Direto CPRB – Contribuição Previdenciária sobre a Receita Bruta Não foi encontrado Lei municipal para o munícipioi, Portanto, foi adotado o valor referencial de 5%.
B44: BDI DIFERENCIADO (com desoneração) = 21,92% Memorando Circular DNIT nº 03/2016-DIREX | K44: =21.24-20.82 -> 0.42
B45: MUNICÍPIO | C45: EXTENSÃO (KM) | D45: ALÍQUOTA | E45: DEDUÇÃO | F45: ALÍQUOTA | G45: PROPORÇÃO (%)
B46: CARUARU | C46: 2.85 | D46: 0.05 | E46: 0.2 | F46: 0.03 | G46: =C46/$C$23 -> 1
B47: EXTENSÃO TOTAL DO TRECHO: | C47: =SUM(C46:C46) -> 2.85
B48: MÉDIA PONDERADA: | F48: =SUMPRODUCT(G46:G46,F46:F46) -> 0.03

Sheet BDI Diferenciado
A1: DER-PE
A4: COMPOSIÇÃO DA PARCELA DE BDI - Sem Desoneração (Bonificação e Depessas Indiretas)
A5: ITENS RELATIVOS À ADMINISTRAÇÃO DA OBRA | D5: % sobre CD
A6: A - Administração Central | D6: 0.015
A7: B - Seguros e Garantias Contratuais | D7: 0.003
A8: C - Riscos | D8: 0.0056
A9: D - Despesa Financeira | D9: 0.0085
A10: LUCRO | D10: % sobre CD
A11: E - Lucro | D11: 0.0399
A12: TAXAS E IMPOSTOS | D12: % sobre CD
A13: PIS | D13: 0.0065
A14: COFINS | D14: 0.03
A15: ISSQN | D15: =E24 -> 0.03
A16: CPRB
A17: I (Impostos) | D17: =SUM(D13:E16) -> 0.0665
A18: BDI COM IMPOSTOS (%) | C18: Total | D18: =(((1+D6+D7+D8)*(1+D9)*(1+D11))/(1-D17)-1) -> 0.14996186
A19: CD = Custo Direto CPRB – Contribuição Previdenciária sobre a Receita Bruta Não foi encontrado Lei municipal para o munícipioi, Portanto, foi adotado o valor referencial de 5%.
A20: BDI DIFERENCIADO (sem desoneração) = 15,62% Memorando Circular DNIT nº 03/2016-DIREX
A21: MUNICÍPIO | B21: EXTENSÃO (KM) | C21: ALÍQUOTA | D21: DEDUÇÃO | E21: ALÍQUOTA | F21: PROPORÇÃO (%)
A22: CARUARU | B22: 2.85 | C22: 0.05 | D22: 0.2 | E22: 0.03 | F22: =B22/$B$23 -> 1
A23: EXTENSÃO TOTAL DO TRECHO: | B23: =SUM(B22:B22) -> 2.85
A24: MÉDIA PONDERADA: | E24: =SUMPRODUCT(F22:F22,E22:E22) -> 0.03
A28: DER-PE
A29: COMPOSIÇÃO DA PARCELA DE BDI - Com Desoneração (Bonificação e Depessas Indiretas)
A30: ITENS RELATIVOS À ADMINISTRAÇÃO DA OBRA | D30: % sobre CD
A31: A - Administração Central | D31: 0.015
A32: B - Seguros e Garantias Contratuais | D32: 0.003
A33: C - Riscos | D33: 0.0056
A34: D - Despesa Financeira | D34: 0.0085
A35: LUCRO | D35: % sobre CD
A36: E - Lucro | D36: 0.0399
A37: TAXAS E IMPOSTOS | D37: % sobre CD
A38: PIS | D38: 0.0065
A39: COFINS | D39: 0.03
A40: ISSQN | D40: =D15 -> 0.03
A41: CPRB | D41: 0.036 | J41: =21.24-20.82 -> 0.42
A42: I (Impostos) | D42: =SUM(D38:E41) -> 0.1025
A43: BDI COM IMPOSTOS (%) | C43: Total | D43: =(((1+D31+D32+D33)*(1+D34)*(1+D36))/(1-D42)-1) -> 0.19608846
A44: CD = Custo Direto CPRB – Contribuição Previdenciária sobre a Receita Bruta Não foi encontrado Lei municipal para o munícipioi, Portanto, foi adotado o valor referencial de 5%.
A45: BDI DIFERENCIADO (com desoneração) = 21,92% Memorando Circular DNIT nº 03/2016-DIREX | J45: =21.24-20.82 -> 0.42
A46: MUNICÍPIO | B46: EXTENSÃO (KM) | C46: ALÍQUOTA | D46: DEDUÇÃO | E46: ALÍQUOTA | F46: PROPORÇÃO (%)
A47: CARUARU | B47: 2.85 | C47: 0.05 | D47: 0.2 | E47: 0.03 | F47: =B47/$B$23 -> 1
A48: EXTENSÃO TOTAL DO TRECHO: | B48: =SUM(B47:B47) -> 2.85
A49: MÉDIA PONDERADA: | E49: =SUMPRODUCT(F47:F47,E47:E47) -> 0.03

Sheet ADM-Resumo
A1: RODOVIA: | B1: VPE - 140
A2: TRECHO: | B2: Entr. PE-095 ao Povoado de Malhada de Pedra
A3: EXTENSÃO: | B3: 2,85 km
F4: DATA BASE : JAN/26
A5: RESUMO DAS PARCELAS DA ADMINISTRAÇÃO LOCAL
A6: (ONERADA)
A7: Item | B7: Discriminação | C7: Unidade | D7: Quantidade | E7: Custo unitário (R$) | F7: Custo total (R$)
A8: 1. | B8: Parcela Fixa
A9: 1.1 | B9: Mão de Obra Principal | C9: mês | D9: 4 | E9: ='ADM-Fixa'!G38 -> 40990.054 | F9: =E9*D9 -> 163960.22
A10: 1.2 | B10: Veículos Principal | C10: mês | D10: 4 | E10: ='ADM-Fixa'!J54 -> 28042.995 | F10: =E10*D10 -> 112171.98
A11: Subtotal do Item 1 | F11: =SUM(F9:F10) -> 276132.2
A12: 2. | B12: Parcela Vinculada
A13: 2.1 | B13: Equipe de produção de pavimentação | C13: mês | D13: 4 | E13: ='ADM-Vinculada'!G26 -> 8418.9631 | F13: =E13*D13 -> 33675.852
A14: 2.2 | B14: Equipe de topografia | C14: mês | D14: 4 | E14: ='ADM-Vinculada'!G39 -> 9524.6714 | F14: =E14*D14 -> 38098.686
A15: 2.3 | B15: Equipe de medicina e segurança do trabalho | C15: mês | D15: 4 | E15: ='ADM-Vinculada'!G45 -> 7705.2345 | F15: =E15*D15 -> 30820.938
A16: Subtotal do Item 3 | F16: =SUM(F13:F15) -> 102595.48
A17: 3. | B17: Parcela Variável
A18: 3.1 | B18: Equipes de frente de serviço | C18: eq x mês | D18: ='ADM-Variavel'!G10 -> 1.2433987 | E18: ='ADM-Variavel$'!G15 -> 8886.3324 | F18: =E18*D18 -> 11049.255
A19: 3.2 | B19: Laboratório de solos | C19: eq x mês | D19: ='ADM-Variavel'!G11 -> 0.18540137 | E19: ='ADM-Variavel$'!G26 -> 6902.392 | F19: =E19*D19 -> 1279.7129
A20: 3.3 | B20: Laboratório de asfaltos | C20: eq x mês | D20: ='ADM-Variavel'!G12 -> 0.28351914 | E20: ='ADM-Variavel$'!G37 -> 6902.392 | F20: =E20*D20 -> 1956.9602
A21: 3.4 | B21: Laboratório de concreto | C21: eq x mês | D21: ='ADM-Variavel'!G13 -> 0 | E21: ='ADM-Variavel$'!G48 -> 0 | F21: =E21*D21 -> 0
A22: Subtotal do Item 4 | F22: =SUM(F18:F21) -> 14285.928
A23: 4. | B23: Manutenção dos Canteiros de Obras e Acampamentos
A24: 4.1 | B24: Equipe de manutenção | C24: mês | D24: 4 | E24: ='MANUTENÇÃO DO CANTEIRO E ACAMP.'!G24 -> 4133.9956 | F24: =E24*D24 -> 16535.982
A25: Subtotal do Item 5 | F25: =F24 -> 16535.982
A27: Subtotal | F27: =F22+F16+F11+F25 -> 409549.58
A29: 5. | B29: Despesas Diversas
A30: 5.1 | B30: Despesas Diversas | C30: % | D30: 0.05 | F30: =F27*D30 -> 20477.479
E32: Custo total da Administração Local | F32: =F30+F27 -> 430027.06
D33: BDI: | E33: 0.2123 | F33: =F32*E33 -> 91294.746
E34: TOTAL | F34: =F33+F32 -> 521321.81
A35: OBS: As parcelas de custo incluem mão de obra e veículos

Sheet ADM-Fixa
A1: RODOVIA: | B1: ='ADM-Resumo'!B1:F1 -> VPE - 140
A2: TRECHO: | B2: ='ADM-Resumo'!B2:F2 -> Entr. PE-095 ao Povoado de Malhada de Pedra
A3: EXTENSÃO: | B3: ='ADM-Resumo'!B3:F3 -> 2,85 km
F4: DATA BASE : JAN/26
A5: ADMINISTRAÇÃO LOCAL
A6: PARCELA FIXA - DIMENSIONAMENTO
A8: Quantidades das equipes da parcela fixa e complementar | D8: mês | E8: Homens
A9: equipes de parcela fixa | D9: 4 | E9: =E38 -> 6.75 | F9: =E9*D9 -> 27
A10: equipes de parcela fixa complementar | D10: 4 | E10: =+E80 -> 0
A11: Total das equipes | E11: =SUM(E9:E10) -> 6.75
F13: Data-base: | G13: 46023
A14: Administração local - parcela fixa principal - mão de obra
A15: Código | B15: Discriminação | C15: Código SICRO | D15: Unidade | E15: Quantidade | F15: Custo Unitário (R$) | G15: Custo total (R$)
A16: 1. | B16: Mão de obra (principal fixa)
A17: 1.1. | B17: Gerência Técnica
A18: 1.1.1. | B18: Geral
A19: 1.1.1.1. | B19: Engenheiro Chefe | C19: P9955 | D19: mês
A20: 1.1.1.2. | B20: Engenheiro supervisor | C20: P9819 | D20: mês | E20: 0.25 | F20: =VLOOKUP(C20,'[7]M.O.'!A$1:G$65536,6,0) -> 28515.636 | G20: =F20*E20 -> 7128.909
A21: 1.1.1.3. | B21: Encarregado geral | C21: P9840 | D21: mês | E21: 1 | F21: =VLOOKUP(C21,'[7]M.O.'!A$1:G$65536,6,0) -> 11859.736 | G21: =F21*E21 -> 11859.736
A22: 1.1.1.4. | B22: Técnico de meio ambiente | C22: P9897 | D22: mês | E22: 0.5
A23: 1.1.1.5. | B23: Motorista | C23: P9948 | D23: mês | E23: 0.5
A25: 1.1.2. | B25: Auxiliar
A26: 1.1.2.1. | B26: Engenheiro auxiliar | C26: P9946 | D26: mês
A27: 1.1.2.2. | B27: Auxiliar técnico | C27: P9903 | D27: mês | E27: 1 | F27: =VLOOKUP(C27,'[7]M.O.'!A$1:G$65536,6,0) -> 4980.7747 | G27: =F27*E27 -> 4980.7747
A28: 1.2. | B28: Gerência Administrativa
A29: 1.2.1. | B29: Geral
A30: 1.2.1.1. | B30: Chefe do setor administrativo | C30: P9883 | D30: mês
A31: 1.2.1.2. | B31: Encarregado administrativo | C31: P9809 | D31: mês | F31: =VLOOKUP(C31,'[7]M.O.'!A$1:G$65536,6,0) -> 7572.8766 | G31: =F31*E31 -> 0
A32: 1.2.1.3. | B32: Porteiro | C32: P9896 | D32: mês
A33: 1.2.1.4. | B33: Vigia | C33: P9827 | D33: mês | E33: 2 | F33: =VLOOKUP(C33,'[7]M.O.'!A$1:G$65536,6,0) -> 5050.4234 | G33: =F33*E33 -> 10100.847
A34: 1.2.1.5. | B34: Motorista | C34: P9948 | D34: mês
A35: 1.2.2. | B35: Auxiliar
A36: 1.2.2.1. | B36: Auxiliar administrativo | C36: P9806 | D36: mês | E36: 0.5 | F36: =VLOOKUP(C36,'[7]M.O.'!A$1:G$65536,6,0) -> 5281.6129 | G36: =F36*E36 -> 2640.8065
A37: 1.2.2.2. | B37: Faxineiro | C37: P9842 | D37: mês | E37: 1 | F37: =VLOOKUP(C37,'[7]M.O.'!A$1:G$65536,6,0) -> 4278.9814 | G37: =F37*E37 -> 4278.9814
A38: 1A.Total da mão de obra da parcela principal fixa | E38: =SUM(E17:E37) -> 6.75 | G38: =SUM(G17:G37) -> 40990.054
A39: OBS: Ajustes segundo o Memorando-Circular n° 491/2018/DIREX/DNIT
A42: Administração local - parcela fixa principal - veículos
A43: Código | B43: Discriminação | C43: Código SICRO | D43: Unidade | E43: Quantidade | F43: Utilização (h) | H43: Custo horário (R$) | J43: Custo Total
F44: Produtiva | G44: Improdutiva | H44: Produtivo | I44: Improdutivo
A45: 2. | B45: Veículos (principal fixa)
A46: 2.1. | B46: Gerência Técnica
A47: 2.1.1. | B47: Geral
A48: 2.1.1.1. | B48: Veículo leve - 53 kW | C48: E9093 | D48: mês | E48: 1 | F48: 44 | G48: 176 | H48: =VLOOKUP(C48,[7]EQUIP!A$1:K$65536,10,0) -> 35.9667 | I48: =VLOOKUP(C48,[7]EQUIP!A$1:K$65536,11,0) -> 7.0814 | J48: =E48*(H48*F48+I48*G48) -> 2828.8612
A49: 2.1.1.2. | B49: Miniônibus - 111 Kw | C49: E9134 | D49: mês | E49: 1 | F49: 44 | G49: 176 | H49: =VLOOKUP(C49,[7]EQUIP!A$1:K$65536,10,0) -> 247.9609 | I49: =VLOOKUP(C49,[7]EQUIP!A$1:K$65536,11,0) -> 81.2719 | J49: =E49*(H49*F49+I49*G49) -> 25214.134
A50: 2.1.2. | B50: Auxiliar
A51: 2.1.2.1. | B51: Veículo leve - 53 kW | C51: E9093 | D51: mês | F51: 44 | G51: 176 | H51: =VLOOKUP(C51,[7]EQUIP!A$1:K$65536,10,0) -> 35.9667 | I51: =VLOOKUP(C51,[7]EQUIP!A$1:K$65536,11,0) -> 7.0814 | J51: =E51*(H51*F51+I51*G51) -> 0
A52: 2.2. | B52: Gerência Administrativa
A53: 2.2.1. | B53: Veículo leve - 53 kW | C53: E9093 | D53: mês | F53: 44 | G53: 176
A54: 2A. Total da parcela principal fixa | E54: =SUM(E48:E53) -> 2 | J54: =SUM(J46:J53) -> 28042.995
A56: Administração local - parcela fixa complementar OAE - mão de obra
A57: Código | B57: Discriminação | C57: Código SICRO | D57: Unidade | E57: Quantidade | F57: Custo Unitário (R$) | G57: Custo total (R$)
A58: 1. | B58: Mão de obra (complementar OAE fixa)
A59: 1.1. | B59: Gerência Técnica
A60: 1.1.1. | B60: Geral
A61: 1.1.1.1. | B61: Engenheiro Chefe | C61: P9955 | D61: mês
A62: 1.1.1.2. | B62: Engenheiro supervisor | C62: P9819 | D62: mês
A63: 1.1.1.3. | B63: Encarregado geral | C63: P9840 | D63: mês
A64: 1.1.1.4. | B64: Técnico de meio ambiente | C64: P9897 | D64: mês
A65: 1.1.1.5. | B65: Motorista | C65: P9948 | D65: mês
A67: 1.1.2. | B67: Auxiliar
A68: 1.1.2.1. | B68: Engenheiro auxiliar | C68: P9946 | D68: mês | F68: =VLOOKUP(C68,'[7]M.O.'!A$1:G$65536,6,0) -> 25432.686 | G68: =F68*E68 -> 0
A69: 1.1.2.2. | B69: Auxiliar técnico | C69: P9903 | D69: mês | F69: =VLOOKUP(C69,'[7]M.O.'!A$1:G$65536,6,0) -> 4980.7747 | G69: =F69*E69 -> 0
A70: 1.2. | B70: Gerência Administrativa
A71: 1.2.1. | B71: Geral
A72: 1.2.1.1. | B72: Chefe do setor administrativo | C72: P9883 | D72: mês
A73: 1.2.1.2. | B73: Encarregado administrativo | C73: P9809 | D73: mês
A74: 1.2.1.3. | B74: Porteiro | C74: P9896 | D74: mês
A75: 1.2.1.4. | B75: Vigia | C75: P9827 | D75: mês | F75: =VLOOKUP(C75,'[7]M.O.'!A$1:G$65536,6,0) -> 5050.4234 | G75: =F75*E75 -> 0
A76: 1.2.1.5. | B76: Motorista | C76: P9948 | D76: mês
A77: 1.2.2. | B77: Auxiliar
A78: 1.2.2.1. | B78: Auxiliar administrativo | C78: P9806 | D78: mês
A79: 1.2.2.2. | B79: Faxineiro | C79: P9842 | D79: mês
A80: 3A.Total da mão de obra da parcela fixa complementar OAE | E80: =SUM(E59:E79) -> 0 | G80: =SUM(G59:G79) -> 0
A81: OBS: Ajustes segundo o Memorando-Circular n° 491/2018/DIREX/DNIT
A84: Administração local - parcela fixa complementar OAE - veículos
A85: Código | B85: Discriminação | C85: Código SICRO | D85: Unidade | E85: Quantidade | F85: Utilização (h) | H85: Custo horário (R$) | J85: Custo Total
F86: Produtiva | G86: Improdutiva | H86: Produtivo | I86: Improdutivo
A87: 2. | B87: Veículos (complementar fixa)
A88: 2.1. | B88: Gerência Técnica
A89: 2.1.1. | B89: Geral
A90: 2.1.1.1. | B90: Veículo leve - 53 kW | C90: E9093 | D90: mês | F90: 44 | G90: 176 | H90: =VLOOKUP(C90,[7]EQUIP!A$1:K$65536,10,0) -> 35.9667 | I90: =VLOOKUP(C90,[7]EQUIP!A$1:K$65536,11,0) -> 7.0814 | J90: =E90*(H90*F90+I90*G90) -> 0
A91: 2.1.1.2. | B91: Miniônibus - 111 Kw | C91: E9134 | D91: mês | F91: 44 | G91: 176 | H91: =VLOOKUP(C91,[7]EQUIP!A$1:K$65536,10,0) -> 247.9609 | I91: =VLOOKUP(C91,[7]EQUIP!A$1:K$65536,11,0) -> 81.2719 | J91: =E91*(H91*F91+I91*G91) -> 0
A92: 2.1.2. | B92: Auxiliar
A93: 2.1.2.1. | B93: Veículo leve - 53 kW | C93: E9093 | D93: mês | F93: 44 | G93: 176 | H93: =VLOOKUP(C93,[7]EQUIP!A$1:K$65536,10,0) -> 35.9667 | I93: =VLOOKUP(C93,[7]EQUIP!A$1:K$65536,11,0) -> 7.0814 | J93: =E93*(H93*F93+I93*G93) -> 0
A94: 2.2. | B94: Gerência Administrativa
A95: 2.2.1. | B95: Veículo leve - 53 kW | C95: E9093 | D95: mês | F95: 44 | G95: 176
A96: 4A. Total da parcela fixa complementar OAE | E96: =SUM(E90:E95) -> 0 | J96: =SUM(J88:J95) -> 0

Sheet ADM-Vinculada
A1: RODOVIA: | B1: ='ADM-Resumo'!B1:F1 -> VPE - 140
A2: TRECHO: | B2: ='ADM-Resumo'!B2:F2 -> Entr. PE-095 ao Povoado de Malhada de Pedra
A3: EXTENSÃO: | B3: ='ADM-Resumo'!B3:F3 -> 2,85 km
F4: DATA BASE : JAN/26
A5: ADMINISTRAÇÃO LOCAL
A6: PARCELA VINCULADA - DIMENSIONAMENTO
A8: Quantidades das equipes da parcela vinculada | D8: Homens
A9: Total das equipes de parcela vinculada | D9: =SUM(D10:D14) -> 3 | E9: ='ADM-Fixa'!G38 -> 40990.054 | F9: =E9*D9 -> 122970.16
B10: Equipe de produção de pavimentação | D10: =E26 -> 1
B11: Equipe de topografia | D11: =E39 -> 1
B12: Equipe de medicina e segurança do trabalho | D12: =E45 -> 1
B13: Equipe de produção de OAE | D13: =E58 -> 0
B14: Equipe de topografia OAE | D14: =E71 -> 0
A16: Equipe de produção de pavimentação
A17: Código | B17: Discriminação | C17: Código SICRO | D17: Unidade | E17: Quantidade | F17: Custo Unitário (R$) | G17: Custo total (R$)
A18: 1. | B18: Equipe de Produção de Pavimentação
A19: 1.1. | B19: Mão de obra
A20: 1.1.1. | B20: Encarregado de pavimentação | C20: P9893 | D20: mês | E20: =1 -> 1 | F20: =VLOOKUP(C20,'[7]M.O.'!A$1:G$65536,6,0) -> 8418.9631 | G20: =F20*E20 -> 8418.9631
A21: 1.2. | B21: Veículos
B22: Discriminação | C22: Código SICRO | D22: Unidade | E22: Quantidade | F22: Utilização (h) | H22: Custo horário (R$) | J22: Custo Total
F23: Produtiva | G23: Improdutiva | H23: Produtivo | I23: Improdutivo
A24: 1.2.1. | B24: Veículo leve - 53 kW | C24: E9093 | D24: mês | F24: 44 | G24: 176 | H24: =VLOOKUP(C24,[7]EQUIP!A$1:K$65536,10,0) -> 35.9667 | I24: =VLOOKUP(C24,[7]EQUIP!A$1:K$65536,11,0) -> 7.0814 | J24: =E24*(H24*F24+I24*G24) -> 0
A26: Total da Equipe de Produção de Pavimentação | E26: =SUM(E18:E20) -> 1 | G26: =G20+J24 -> 8418.9631
A28: Equipe de topografia proposta para as obras de infraestrutura de transportes
A29: Código | B29: Discriminação | C29: Código SICRO | D29: Unidade | E29: Quantidade | F29: Custo Unitário (R$) | G29: Custo total (R$)
A30: 2. | B30: Equipe de Topografia
A31: 2.1. | B31: Mão de obra
A32: 2.1.1. | B32: Topógrafo | C32: P9949 | D32: mês | E32: 0.25 | F32: =VLOOKUP(C32,'[7]M.O.'!A$1:G$65536,6,0) -> 8888.3391 | G32: =F32*E32 -> 2222.0848
A33: 2.1.2. | B33: Auxiliar de topografia | C33: P9950 | D33: mês | E33: 0.75 | F33: =VLOOKUP(C33,'[7]M.O.'!A$1:G$65536,6,0) -> 5964.9672 | G33: =F33*E33 -> 4473.7254
A34: 2.2. | B34: Veículos
B35: Discriminação | C35: Código SICRO | D35: Unidade | E35: Quantidade | F35: Utilização (h) | H35: Custo horário (R$) | J35: Custo Total
F36: Produtiva | G36: Improdutiva | H36: Produtivo | I36: Improdutivo
A37: 2.2.1. | B37: Veículo leve - 53 kW | C37: E9093 | D37: mês | E37: 1 | F37: 44 | G37: 176 | H37: =VLOOKUP(C37,[7]EQUIP!A$1:K$65536,10,0) -> 35.9667 | I37: =VLOOKUP(C37,[7]EQUIP!A$1:K$65536,11,0) -> 7.0814 | J37: =E37*(H37*F37+I37*G37) -> 2828.8612
A39: 1A.Total da mão de obra da parcela vinculada | E39: =SUM(E30:E33) -> 1 | G39: =(SUM(G30:G33))+J37 -> 9524.6714
A41: Mão de obra da equipe de medicina e segurança do trabalho
A42: Código | B42: Discriminação | C42: Código SICRO | D42: Unidade | E42: Quantidade | F42: Custo Unitário (R$) | G42: Custo total (R$)
A43: 3.1 | B43: Técnico de segurança do trabalho | C43: P9876 | D43: mês | E43: 1 | F43: =VLOOKUP(C43,'[7]M.O.'!A$1:G$65536,6,0) -> 7705.2345 | G43: =F43*E43 -> 7705.2345
A45: Total da mão de obra da equipe de medicina e segurança do trabalho | E45: =SUM(E43:E44) -> 1 | G45: =SUM(G43:G44) -> 7705.2345
A47: Equipe de produção de OAE
A48: Código | B48: Discriminação | C48: Código SICRO | D48: Unidade | E48: Quantidade | F48: Custo Unitário (R$) | G48: Custo total (R$)
A49: 4. | B49: Equipe de Produção de OAE
A50: 4.1. | B50: Mão de obra
A51: 4.1.1. | B51: Encarregado de obras de artes especiais | C51: P9869 | D51: mês | F51: =VLOOKUP(C51,'[7]M.O.'!A$1:G$65536,6,0) -> 8418.9631 | G51: =F51*E51 -> 0
A53: 4.2. | B53: Veículos
B54: Discriminação | C54: Código SICRO | D54: Unidade | E54: Quantidade | F54: Utilização (h) | H54: Custo horário (R$) | J54: Custo Total
F55: Produtiva | G55: Improdutiva | H55: Produtivo | I55: Improdutivo
A56: 4.2.1. | B56: Veículo leve - 53 kW | C56: E9093 | D56: mês | F56: 44 | G56: 176 | H56: =VLOOKUP(C56,[7]EQUIP!A$1:K$65536,10,0) -> 35.9667 | I56: =VLOOKUP(C56,[7]EQUIP!A$1:K$65536,11,0) -> 7.0814 | J56: =E56*(H56*F56+I56*G56) -> 0
A58: Total da Equipe de Produção de OAE | E58: =SUM(E50:E52) -> 0 | G58: =G51+G52+J56 -> 0
A60: Equipe de topografia proposta para OAE
A61: Código | B61: Discriminação | C61: Código SICRO | D61: Unidade | E61: Quantidade | F61: Custo Unitário (R$) | G61: Custo total (R$)
A62: 5. | B62: Equipe de Topografia
A63: 5.1. | B63: Mão de obra
A64: 5.1.1. | B64: Topógrafo | C64: P9949 | D64: mês | F64: =VLOOKUP(C64,'[7]M.O.'!A$1:G$65536,6,0) -> 8888.3391 | G64: =F64*E64 -> 0
A65: 5.1.2. | B65: Auxiliar de topografia | C65: P9950 | D65: mês | F65: =VLOOKUP(C65,'[7]M.O.'!A$1:G$65536,6,0) -> 5964.9672 | G65: =F65*E65 -> 0
A66: 5.2. | B66: Veículos
B67: Discriminação | C67: Código SICRO | D67: Unidade | E67: Quantidade | F67: Utilização (h) | H67: Custo horário (R$) | J67: Custo Total
F68: Produtiva | G68: Improdutiva | H68: Produtivo | I68: Improdutivo
A69: 5.2.1. | B69: Veículo leve - 53 kW | C69: E9093 | D69: mês | F69: 44 | G69: 176 | H69: =VLOOKUP(C69,[7]EQUIP!A$1:K$65536,10,0) -> 35.9667 | I69: =VLOOKUP(C69,[7]EQUIP!A$1:K$65536,11,0) -> 7.0814 | J69: =E69*(H69*F69+I69*G69) -> 0
A71: 1A.Total da mão de obra da parcela vinculada | E71: =SUM(E62:E65) -> 0 | G71: =(SUM(G62:G65))+J69 -> 0

Sheet ADM-Variavel
A1: RODOVIA: | B1: ='ADM-Resumo'!B1:F1 -> VPE - 140
A2: TRECHO: | B2: ='ADM-Resumo'!B2:F2 -> Entr. PE-095 ao Povoado de Malhada de Pedra
A3: EXTENSÃO: | B3: ='ADM-Resumo'!B3:F3 -> 2,85 km
F4: DATA BASE : JAN/26
A5: ADMINISTRAÇÃO LOCAL
A6: PARCELA VARIÁVEL - DIMENSIONAMENTO
A9: Quantidades das equipes da parcela variável | D9: Homens/mês | E9: Quantidade | F9: Meses | G9: Total Equipes
A10: Total das equipes de frente de serviço | D10: =G10*E10/F10 -> 0.46627453 | E10: ='ADM-Variavel$'!E15 -> 1.5 | F10: 4 | G10: =G55 -> 1.2433987
A11: Total da equipe de laboratório de solos | D11: =G11*E11/F11 -> 0.092700685 | E11: 2 | F11: 4 | G11: =G62 -> 0.18540137
A12: Total da equipe de laboratório de asfalto | D12: =G12*E12/F12 -> 0.070879785 | E12: 1 | F12: 4 | G12: =G70 -> 0.28351914
A13: Total da equipe de laboratório de concreto | D13: 0 | F13: 4 | G13: 0
A14: Total das equipes | G14: =SUM(G10:G13) -> 1.7123193
A15: Homem / Mês | D15: =SUM(D10:D14) -> 0.629855
A17: Demonstrativo
A19: Equipes de acompanhamento das frentes de serviço de pavimentação
A20: Item da Planilha | B20: Código SICRO | C20: Discriminação | D20: Unidade | E20: Quantidade | F20: Produção Horária | G20: Efs
A22: 5.1 | B22: 4011484 | C22: Reciclagem com incorporação do revestimento asfáltico à base e adição de brita comercial - 100% Proctor modificado | D22: M³ | E22: 4060.29 | F22: 90.84 | G22: =E22/(F22*182.49) -> 0.24492937 | H22: OK
A23: 5.2 | B23: 4011212 | C23: Varredura da superfície para execução de revestimento asfáltico | D23: M² | E23: 19922 | F23: 2430.24 | G23: =E23/(F23*182.49) -> 0.044920512 | H23: OK
A24: 5.3 | B24: 4011351 | C24: Imprimação com asfalto diluído | D24: M² | E24: 19922 | F24: 1125 | G24: =E24/(F24*182.49) -> 0.097037889 | H24: OK
A25: 5.4 | B25: 4011353 | C25: Pintura de ligação | D25: M² | E25: 19922 | F25: 1500 | G25: =E25/(F25*182.49) -> 0.072778417 | H25: OK
A26: 5.5 | B26: 4011463 | C26: Concreto asfáltico - faixa C - areia e brita comerciais | D26: T | E26: 2390.64 | F26: 99.6 | G26: =E26/(F26*182.49) -> 0.13152726 | H26: OK
A27: Total de Equipes para Pavimentação | G27: =SUM(G21:G26) -> 0.59119344
A29: Equipes de acompanhamento das frentes de serviço de drenagem
A30: Item da Planilha | B30: Código SICRO | C30: Discriminação | D30: Unidade | E30: Quantidade | F30: Efsdu | G30: Efs
A31: 4.1 | B31: 2003373 | C31: Meio-fio de concreto - MFC 03 - areia e brita comerciais - fôrma de madeira | D31: M | E31: 371.28 | F31: 0.00021 | G31: =E31*F31 -> 0.0779688 | H31: ok
A32: 4.3 | B32: 2003265 | C32: Sarjeta triangular de concreto - STC 88-20 - escavação mecânica - areia e brita comerciais | D32: M | E32: 2620 | F32: 0.00019 | G32: =E32*F32 -> 0.4978 | H32: ok
A33: Total de Equipes para Drenagem | G33: =SUM(G31:G32) -> 0.5757688
A36: Equipes de acompanhamento das frentes de serviço de sinalização
A37: Item da Planilha | B37: Código SICRO | C37: Discriminação | D37: Unidade | E37: Quantidade | F37: Produção Horária | G37: Efs
A38: 7 | C38: Equipes de frente de serviço para Sinalização | F38: equipexmês
A39: 6.1 | C39: SINALIZAÇÃO HORIZONTAL
A40: 6.1.1 | B40: 5213408 | C40: Pintura de faixa com termoplástico por aspersão - espessura de 1,5 mm | D40: M² | E40: 645.65 | F40: 95.4 | G40: =0.2*(E40/(F40*182.49)) -> 0.0074171951 | H40: ok
A41: 6.1.2 | B41: 5213362 | C41: Tachão refletivo em plástico injetado - bidirecional - fornecimento e colocação | D41: UN | E41: 48 | F41: 36 | G41: =0.2*(E41/(F41*182.49)) -> 0.0014612673 | H41: ok
A42: 6.1.3 | B42: 5213360 | C42: Tacha refletiva em plástico injetado - bidirecional tipo I - com um pino - fornecimento e colocação | D42: UN | E42: 912 | F42: 36 | G42: =0.2*(E42/(F42*182.49)) -> 0.027764078 | H42: ok
A43: 6.2 | C43: SINALIZAÇÃO VERTICAL | H43: ok
A44: 6.2.1 | B44: 5213441 | C44: Placa de regulamentação em aço D = 0,80 m - película retrorrefletiva tipo I + SI - fornecimento e implantação | D44: UN | E44: 10 | F44: 3 | G44: =0.2*(E44/(F44*182.49)) -> 0.0036531682 | H44: ok
A45: 6.2.2 | B45: 5213464 | C45: Placa de advertência em aço, lado de 0,60 m - película retrorrefletiva tipo I + SI - fornecimento e implantação | D45: UN | E45: 6 | F45: 3 | G45: =0.2*(E45/(F45*182.49)) -> 0.0021919009 | H45: ok
A46: 6.2.3 | B46: 5213571 | C46: Placa em aço - película I + III - fornecimento e implantação | D46: M² | E46: 22.68 | F46: 3 | G46: =0.2*(E46/(F46*182.49)) -> 0.0082853855 | H46: ok
A47: 6.2.4 | B47: 5213472 | C47: Placa de marco quilométrico em aço - 0,60 x 0,865 m - película retrorrefletiva tipo I + I - fornecimento e implantação | D47: UN | E47: 2 | F47: 3 | G47: =0.2*(E47/(F47*182.49)) -> 0.00073063364 | H47: ok
A48: 6.2.5 | B48: 5213552 | C48: Placa em aço, modulada - 2,00 x 1,00 m - película retrorrefletiva tipo I + III - fornecimento e implantação | D48: UN | E48: 2 | F48: 2 | G48: =0.2*(E48/(F48*182.49)) -> 0.0010959505 | H48: ok
A49: 6.2.6 | B49: 5213577 | C49: Placa em aço, modulada - acima de 2 m² - película I + III - fornecimento e implantação | D49: M² | E49: 24.75 | F49: 3 | G49: =0.2*(E49/(F49*182.49)) -> 0.0090415913 | H49: ok
A50: 6.2.7 | B50: 5216111 | C50: Suporte para placa de sinalização em madeira de lei tratada 8 x 8 cm - fornecimento e implantação | D50: UN | E50: 54 | F50: 4 | G50: =0.2*(E50/(F50*182.49)) -> 0.014795331 | H50: ok
A51: Total de Equipes para Sinalização | G51: =SUM(G38:G50) -> 0.076436502
A55: TOTAL DAS EQUIPES DE ACOMPANHAMENTO DAS FRENTES DE SERVIÇOS | G55: =G33+G27+G51 -> 1.2433987
A57: Equipes de controle tecnológico
A59: Item da Planilha | B59: Código SICRO | C59: Discriminação | D59: Unidade | E59: Quantidade | F59: QE | G59: Efs
A60: Laboratório de solos para pavimentação
A61: =A22 -> 5.1 | B61: =B22 -> 4011484 | C61: =C22 -> Reciclagem com incorporação do revestimento asfáltico à base e adição de brita comercial - 100% Proctor modificado | D61: =D22 -> M³ | E61: =E22 -> 4060.29 | F61: 21900 | G61: =E61/F61 -> 0.18540137 | H61: ok
A62: Total das equipes de laboratório de solos para pavimentação | G62: =SUM(G61:G61) -> 0.18540137
A64: Item da Planilha | B64: Código SICRO | C64: Discriminação | D64: Unidade | E64: Quantidade | F64: QE | G64: Efs
A65: Laboratório de asfalto
A66: =A24 -> 5.3 | B66: =B24 -> 4011351 | C66: =C24 -> Imprimação com asfalto diluído | D66: =D24 -> M² | E66: =E24 -> 19922 | F66: 1610000 | G66: =E66/F66 -> 0.012373913 | H66: ok
A67: =A25 -> 5.4 | B67: =B25 -> 4011353 | C67: =C25 -> Pintura de ligação | D67: =D25 -> M² | E67: =E25 -> 19922 | F67: 3610000 | G67: =E67/F67 -> 0.0055185596 | H67: ok
A68: =A26 -> 5.5 | B68: =B26 -> 4011463 | C68: =C26 -> Concreto asfáltico - faixa C - areia e brita comerciais | D68: =D26 -> T | E68: =E26 -> 2390.64 | F68: 9000 | G68: =E68/F68 -> 0.26562667 | H68: ok
A70: Total das equipes de laboratório de Pavimentação | G70: =SUM(G66:G69) -> 0.28351914

Sheet ADM-Variavel$
A1: RODOVIA: | B1: ='ADM-Resumo'!B1:F1 -> VPE - 140
A2: TRECHO: | B2: ='ADM-Resumo'!B2:F2 -> Entr. PE-095 ao Povoado de Malhada de Pedra
A3: EXTENSÃO: | B3: ='ADM-Resumo'!B3:F3 -> 2,85 km
F4: DATA BASE : JAN/26
A5: ADMINISTRAÇÃO LOCAL
A6: PARCELA VARIÁVEL - EQUIPES PADRÃO
F7: Data-base: | G7: 46023
A8: DEMONSTRATIVO
A10: Composição de custo das equipes da parcela variável da administração local
A11: Código | B11: Discriminação | C11: Código SICRO | D11: Unidade | E11: Quantidade | F11: Custo Unitário (R$) | G11: Custo total (R$)
A12: Mão de obra de acompanhamento de frentes de serviço
A13: 1.1. | B13: Encarregado de turma | C13: P9875 | D13: mês | E13: 1 | F13: =VLOOKUP(C13,'[7]M.O.'!A$1:G$65536,6,0) -> 6234.1465 | G13: =F13*E13 -> 6234.1465
A14: 1.2. | B14: Apontador | C14: P9804 | D14: mês | E14: 0.5 | F14: =VLOOKUP(C14,'[7]M.O.'!A$1:G$65536,6,0) -> 5304.3719 | G14: =F14*E14 -> 2652.186
A15: Total da mão de obra da equipe de acompanhamento de frentes de serviço | E15: =SUM(E13:E14) -> 1.5 | G15: =SUM(G13:G14) -> 8886.3324
A17: Mão de obra da equipe de laboratório de solos
A18: 1. | B18: Mão de obra
A19: 1.1. | B19: Laboratorista | C19: P9858 | D19: mês | E19: 0.5 | F19: =VLOOKUP(C19,'[7]M.O.'!A$1:G$65536,6,0) -> 7854.9119 | G19: =F19*E19 -> 3927.456
A20: 1.2. | B20: Auxiliar de laboratório | C20: P9833 | D20: mês | E20: 0.5 | F20: =VLOOKUP(C20,'[7]M.O.'!A$1:G$65536,6,0) -> 5949.872 | G20: =F20*E20 -> 2974.936
A21: 2. | B21: Veículos
B22: Discriminação | C22: Código SICRO | D22: Unidade | E22: Quantidade | F22: Utilização (h) | H22: Custo horário (R$) | J22: Custo Total
F23: Produtiva | G23: Improdutiva | H23: Produtivo | I23: Improdutivo
A24: 2.1. | B24: Van furgão - 93 kW | C24: E9125 | D24: mês | F24: 44 | G24: 176 | J24: =E24*(H24*F24+I24*G24) -> 0
A26: Total da mão de obra da equipe de laboratório de solos | E26: =SUM(E19:E20) -> 1 | G26: =(SUM(G19:G20))+J24 -> 6902.392
A28: Mão de obra da equipe de laboratório de asfalto
A29: 1. | B29: Mão de obra
A30: 1.1. | B30: Laboratorista | C30: P9858 | D30: mês | E30: 0.5 | F30: =VLOOKUP(C30,'[7]M.O.'!A$1:G$65536,6,0) -> 7854.9119 | G30: =F30*E30 -> 3927.456
A31: 1.2. | B31: Auxiliar de laboratório | C31: P9833 | D31: mês | E31: 0.5 | F31: =VLOOKUP(C31,'[7]M.O.'!A$1:G$65536,6,0) -> 5949.872 | G31: =F31*E31 -> 2974.936
A32: 2. | B32: Veículos
B33: Discriminação | C33: Código SICRO | D33: Unidade | E33: Quantidade | F33: Utilização (h) | H33: Custo horário (R$) | J33: Custo Total
F34: Produtiva | G34: Improdutiva | H34: Produtivo | I34: Improdutivo
A35: 2.1. | B35: Van furgão - 93 kW | C35: E9125 | D35: mês | F35: 44 | G35: 176 | J35: =E35*(H35*F35+I35*G35) -> 0
A37: Total da mão de obra da equipe de laboratório de asfalto | E37: =SUM(E30:E31) -> 1 | G37: =(SUM(G30:G31))+J35 -> 6902.392
A39: Mão de obra da equipe de laboratório de concreto
A40: 1. | B40: Mão de obra
A41: 1.1. | B41: Laboratorista | C41: P9858 | D41: mês | F41: =VLOOKUP(C41,'[7]M.O.'!A$1:G$65536,6,0) -> 7854.9119 | G41: =F41*E41 -> 0
A42: 1.2. | B42: Auxiliar de laboratório | C42: P9833 | D42: mês | F42: =VLOOKUP(C42,'[7]M.O.'!A$1:G$65536,6,0) -> 5949.872 | G42: =F42*E42 -> 0
A43: 2. | B43: Veículos
B44: Discriminação | C44: Código SICRO | D44: Unidade | E44: Quantidade | F44: Utilização (h) | H44: Custo horário (R$) | J44: Custo Total
F45: Produtiva | G45: Improdutiva | H45: Produtivo | I45: Improdutivo
A46: 2.1. | B46: Van furgão - 93 kW | C46: E9125 | D46: mês | F46: 44 | G46: 176 | J46: =E46*(H46*F46+I46*G46) -> 0
A48: Total da mão de obra da equipe de laboratório de concreto | E48: =SUM(E41:E42) -> 0 | G48: =(SUM(G41:G42))+J46 -> 0

Sheet MANUTENÇÃO DO CANTEIRO E ACAMP.
A1: RODOVIA: | B1: ='ADM-Resumo'!B1:F1 -> VPE - 140
A2: TRECHO: | B2: ='ADM-Resumo'!B2:F2 -> Entr. PE-095 ao Povoado de Malhada de Pedra
A3: EXTENSÃO: | B3: ='ADM-Resumo'!B3:F3 -> 2,85 km
F4: DATA BASE : JAN/26
A5: ADMINISTRAÇÃO LOCAL
A6: Manutenção do Canteiro de Obras e Acampamentos
A8: Equipe de Manutenção do Canteiro de Obras e Acampamentos
A9: Código | B9: Discriminação | C9: Código SICRO | D9: Unidade | E9: Quantidade | F9: Custo Produtivo (R$) | G9: Custo total (R$)
A10: 1. | B10: Manutenção do Canteiro de Obras e Acampamentos
A11: 1.1. | B11: Mão de obra
A12: 1.1.1. | B12: Pedreiro - mensalista | C12: P9952 | D12: mês | E12: =(44/220*G26) -> 0.048 | F12: =VLOOKUP(C12,'[7]M.O.'!A$1:G$65536,6,0) -> 5320.4852 | G12: =F12*E12 -> 255.38329
A13: 1.1.2. | B13: Servente - mensalista | C13: P9954 | D13: mês | E13: =(44/220*G26) -> 0.048 | F13: =VLOOKUP(C13,'[7]M.O.'!A$1:G$65536,6,0) -> 4323.5313 | G13: =F13*E13 -> 207.5295
A14: 1.1.3. | B14: Eletricista - mensalista | C14: P9953 | D14: mês | E14: =(44/220*G26) -> 0.048 | F14: =VLOOKUP(C14,'[7]M.O.'!A$1:G$65536,6,0) -> 6244.8902 | G14: =F14*E14 -> 299.75473
A15: Total da Equipe para Manutenção do Canteiro de Obras e Acampamentos | G15: =SUM(G12:G14) -> 762.66752
A17: Equipamentos para Manutenção do Canteiro de Obras e Acampamentos
A18: Código | B18: Discriminação | C18: Código SICRO | D18: Unidade | E18: Quantidade | F18: Custo Produtivo (R$) | G18: Custo total (R$)
A19: 1.2. | B19: Equipamentos
A20: 1.2.1. | B20: Caminhão guindauto de 20 t.m | C20: E9686 | D20: h/mês | E20: =22*G26 -> 5.28 | F20: =VLOOKUP(C20,[7]EQUIP!A$1:K$65536,10,0) -> 324.7261 | G20: =F20*E20 -> 1714.5538
A21: 1.2.2. | B21: Caminhão tanque com capacidade de 6.000 l - 136 kW | C21: E9605 | D21: h/mês | E21: =11*G26 -> 2.64 | F21: =VLOOKUP(C21,[7]EQUIP!A$1:K$65536,10,0) -> 284.1438 | G21: =F21*E21 -> 750.13963
A22: 1.2.3. | B22: Motoniveladora | C22: E9524 | D22: h/mês | E22: =11*G26 -> 2.64 | F22: =VLOOKUP(C22,[7]EQUIP!A$1:K$65536,10,0) -> 343.4222 | G22: =F22*E22 -> 906.63461
A23: Total de Equip. para Manutenção do Canteiro de Obras e Acampamentos | G23: =SUM(G20:G22) -> 3371.328
A24: Total da Manutenção do Canteiro de Obras e Acampamentos | G24: =G23+G15 -> 4133.9956
B26: CAC = | C26: ( ACP ) | D26: = | E26: =C30 -> 366.59 | F26: = | G26: =ROUND(C30/C31,2) -> 0.24
C27: ( ACR ) | E27: =C31 -> 1535.42
A29: CAC = | B29: Representa o Coeficiente de Proporcionalidade de Áreas Cobertas; | C29: =G26 -> 0.24 | D29: conforme instrução de serviço N° 01 GEP/DER-PE, 08/09/2020
A30: ACP = | B30: Representa a Área das Instalações Cobertas Previstas em Projeto (m²); | C30: 366.59
A31: ACR = | B31: Representa a Área das Instalações Cobertas Referenciais (m²). | C31: 1535.42
E33: 0.2123

Sheet ANP
A3: OBRA: | B3: ELABORAÇÃO DO PROJETO EXECUTIVO DE ENGENHARIA PARA RESTAURAÇÃO DA RODOVIA VPE-140 COM EXTENSÃO DE 2,85 km
A4: TRECHO: | B4: Entr. PE-095 ao Povoado de Malhada de Pedra | G4: DATA BASE: | H4: 46023
G5: TIPO: | H5: SEM DESONERAÇÃO
A7: TRANSPORTE DE MATERIAL BETUMINOSO
B9: Refinaria | D9: Localidade | F9: DMT | G9: Produtos
B10: Refinaria Mataripe | D10: São Francisco do Conde/BA | F10: 748 | G10: CAP 50/70
B12: Refinaria Lubrificantes e Derivados do Nordeste (Lubnor) | D12: Fortaleza/CE | G12: CAP 50/70
F13: 768 | G13: EAI
G14: RR-1C
B15: Nacional Asfaltos | D15: Palmas/TO | F15: 1766 | G15: CAP 50/70
B16: Refinaria Gabriel Passo (Regap) | D16: Betim/MG | F16: 1992 | G16: EAI RR-1C
A18: PREÇOS DE DISTRIBUIÇÃO DE PRODUTOS ASFÁLTICOS
A19: Agência Nacional do Petróleo, Gás Natural e Biocombustíveis
A20: Superintendência de Defesa da Concorrência, Estudos e Regulação Econômica
A21: PREÇO MÉDIO MENSAL PONDERADO PRATICADO PELOS DISTRIBUIDORES DE PRODUTOS ASFÁLTICOS (R$/KG)
C23: Mês | D23: Produto | F23: Estado/Região | G23: Preço
C24: 46054 | D24: EMULSÃO ASFÁLTICA PARA IMPRIMAÇÃO - EAI | F24: Nordeste | G24: 2.03102
C25: 46054 | F25: Nordeste | G25: 2.03102
C26: 46054 | F26: Centro-Oeste | G26: 2.44893
C27: 46054 | D27: CIMENTOS ASFÁLTICOS CAP-50-70 | F27: Bahia | G27: 4.0617104
C28: 46054 | F28: Ceará | G28: 4.0469028
C29: 46054 | F29: Tocantins | G29: 3.7049114
C30: 46054 | D30: EMULSÕES ASFÁLTICAS RR-1C | F30: Bahia | G30: -
C31: 46054 | F31: Ceará | G31: 2.68255
C32: 46054 | F32: Minas Gerais | G32: 2.3331794
C33: https://www.gov.br/anp/pt-br/assuntos/precos-e-defesa-da-concorrencia/precos/precos-de-distribuicao-de-produtos-asfalticos
A38: REFINARIA MATARIPE (SÃO FRANCISCO DO CONDE/BA) - CANTEIRO VPE - 140 | H38: Refinaria Lubrificantes e Derivados do Nordeste (Lubnor) - CANTEIRO VPE - 140
A63: DISTRIBUIDORA NACIONAL ASFALTOS (PALMAS/TO) - CANTEIRO VPE - 140 | H63: REFINARIA REGAP (BETIM/MG) - CANTEIRO VPE - 140

Sheet Betuminoso
B4: OBRA: | C4: =ANP!B3 -> ELABORAÇÃO DO PROJETO EXECUTIVO DE ENGENHARIA PARA RESTAURAÇÃO DA RODOVIA VPE-140 COM EXTENSÃO DE 2,85 km
B5: TRECHO: | C5: =ANP!B4 -> Entr. PE-095 ao Povoado de Malhada de Pedra | J5: DATA BASE: | K5: =ANP!H4 -> 46023
B6: EXTENSÃO: | C6: 2,85 KM | J6: TIPO: | K6: SEM DESONERAÇÃO
B8: CUSTO DO MATERIAL BETUMINOSO - BINÔMIO DE AQUISIÇÃO E TRANSPORTE
B9: COM BASE NA PORTARIA Nº 1977 DE 25 DE OUTUBRO DE 2017 E PORTARIA COMPLEMENTAR Nº 434 DE 14 DE MARÇO DE 2017
B12: MATERIAL BETUMINOSO - CAP 50/70
C14: UF | D14: Local | E14: FLU (D) | F14: PAV (D1) | G14: N PAV (D2) | H14: L N (D3) | I14: ICMS (%) | J14: COFINS (%) | K14: PIS (%) | L14: BDI (%) | M14: AQUISIÇÃO ANP (R$/kg)
B15: R-1 | C15: Bahia | D15: =ANP!D10 -> São Francisco do Conde/BA | E15: 0 | F15: =ANP!F10-G15 -> 746.8 | G15: 1.2 | H15: 0 | I15: 0.205 | J15: 0.03 | K15: 0.0065 | L15: 0.2123 | M15: =ANP!G27 -> 4.0617104
B16: R-2 | C16: Ceará | D16: =ANP!D12 -> Fortaleza/CE | E16: 0 | F16: =ANP!F13-1.2 -> 766.8 | G16: 1.2 | H16: 0 | I16: 0.205 | J16: 0.03 | K16: 0.0065 | L16: 0.2123 | M16: =ANP!G28 -> 4.0469028
B17: R-3 | C17: Tocantins | D17: Palmas/TO | E17: 0 | F17: =ANP!F15-G17 -> 1764.8 | G17: 1.2 | H17: 0 | I17: 0.205 | J17: 0.03 | K17: 0.0065 | L17: 0.2123 | M17: =ANP!G29 -> 3.7049114
C19: Transporte Rodoviário | H19: Indice Reajuste | I19: DATA BASE | K19: Fator Correção
C20: T.R. = 26,939 + (0,253 x D1) + (0,299xD2) + (0,412xD3) | I20: I0 | J20: I1
I21: 41821 | J21: 46054
H22: PAVIMENTAÇÃO | I22: 270.237 | J22: 590.239 | K22: =ROUND((J22/I22),4) -> 2.1842
B25: Serviço | D25: R-1 Sem ICMS | E25: Unidade | G25: R-2 Sem ICMS | H25: Unidade | J25: R-3 Sem ICMS | K25: Unidade
B26: Aquisição | D26: =TRUNC(M15*1000,2) -> 4061.71 | E26: R$/T | G26: =TRUNC(M16*1000,2) -> 4046.9 | H26: R$/T | J26: =TRUNC(M17*1000,2) -> 3704.91 | K26: R$/T
B27: Transporte | D27: =TRUNC(($K$22*((26.939+(0.253*F15)+(0.299*G15)+(0.412*H15)))),2) -> 472.3 | E27: R$/T | G27: =TRUNC(($K$22*((26.939+(0.253*F16)+(0.299*G16)+(0.412*H16)))),2) -> 483.35 | H27: R$/T | J27: =TRUNC(($K$22*((26.939+(0.253*F17)+(0.299*G17)+(0.412*H17)))),2) -> 1034.85 | K27: R$/T
B29: Serviço | D29: R-1 Com Impostos | E29: Unidade | G29: R-2 Com Impostos | H29: Unidade | J29: R-3 Com Impostos | K29: Unidade
B30: Aquisição | D30: =TRUNC(D26/(1-($I$15+$K$15+$J$15-($K$15+$J$15)*$I$15))) -> 5302 | E30: R$/T | G30: =TRUNC(((G26/(1-($I$15+$K$15+$J$15-($K$15+$J$15)*$I$15))))) -> 5283 | H30: R$/T | J30: =TRUNC(((J26/(1-($I$15+$K$15+$J$15-($K$15+$J$15)*$I$15))))) -> 4836 | K30: R$/T
B31: Transporte | D31: =TRUNC(D27*(1+I15),2) -> 569.12 | E31: R$/T | G31: =TRUNC(G27*(1+I16),2) -> 582.43 | H31: R$/T | J31: =TRUNC(J27*(1+I17),2) -> 1246.99 | K31: R$/T
B33: Serviço | D33: BDI | E33: Unidade | G33: BDI | H33: Unidade | J33: BDI | K33: Unidade
B34: Aquisição | D34: =TRUNC(D30*$L$15,2) -> 1125.61 | E34: R$/T | G34: =TRUNC(G30*$L$16,2) -> 1121.58 | H34: R$/T | J34: =TRUNC(J30*$L$17,2) -> 1026.68 | K34: R$/T
B35: Transporte | D35: =TRUNC(D31*$L$15,2) -> 120.82 | E35: R$/T | G35: =TRUNC(G31*$L$16,2) -> 123.64 | H35: R$/T | J35: =TRUNC(J31*$L$17,2) -> 264.73 | K35: R$/T
B37: Serviço | D37: R-1 Total | E37: Unidade | G37: R-2 Total | H37: Unidade | J37: R-3 Total | K37: Unidade
B38: Aquisição | D38: =SUM(D30,D34) -> 6427.61 | E38: R$ | G38: =SUM(G30,G34) -> 6404.58 | H38: R$ | J38: =SUM(J30,J34) -> 5862.68 | K38: R$
B39: Transporte | D39: =SUM(D31,D35) -> 689.94 | E39: R$ | G39: =SUM(G31,G35) -> 706.07 | H39: R$ | J39: =SUM(J31,J35) -> 1511.72 | K39: R$
B40: Total | D40: =IF(D38=0,0,SUM(D38:D39)) -> 7117.55 | E40: R$ | G40: =IF(G38=0,0,SUM(G38:G39)) -> 7110.65 | H40: R$ | J40: =IF(J38=0,0,SUM(J38:J39)) -> 7374.4 | K40: R$
B43: MATERIAL BETUMINOSO - EMULSÃO ASFÁLTICA RR-1C
C45: UF | D45: Local | E45: FLU (D) | F45: PAV (D1) | G45: N PAV (D2) | H45: L N (D3) | I45: ICMS (%) | J45: COFINS (%) | K45: PIS (%) | L45: BDI (%) | M45: AQUISIÇÃO ANP (R$/kg)
B46: R-1 | C46: =ANP!F30 -> Bahia | D46: =ANP!D10 -> São Francisco do Conde/BA | E46: 0 | F46: =747-G46 -> 745.8 | G46: 1.2 | H46: 0 | I46: 0.205 | J46: 0.03 | K46: 0.0065 | L46: =L15 -> 0.2123 | M46: =ANP!G30 -> -
B47: R-2 | C47: =ANP!F31 -> Ceará | D47: =ANP!D12 -> Fortaleza/CE | E47: 0 | F47: =779-1.2 -> 777.8 | G47: 1.2 | H47: 0 | I47: 0.205 | J47: 0.03 | K47: 0.0065 | L47: =L16 -> 0.2123 | M47: =ANP!G31 -> 2.68255
B48: R-3 | C48: =ANP!F32 -> Minas Gerais | D48: =ANP!D16 -> Betim/MG | E48: 0 | F48: =1990-1.2 -> 1988.8 | G48: 1.2 | H48: 0 | I48: 0.205 | J48: 0.03 | K48: 0.0065 | L48: =L17 -> 0.2123 | M48: =ANP!G32 -> 2.3331794
C50: Transporte Rodoviário | H50: Indice Reajuste | I50: DATA BASE | K50: Fator Correção
C51: T.R. = 26,939 + (0,253 x D1) + (0,299xD2) + (0,412xD3) | I51: I0 | J51: I1
I52: 41821 | J52: 45658
H53: PAVIMENTAÇÃO | I53: 270.237 | J53: 590.239 | K53: =ROUND((J53/I53),4) -> 2.1842
B56: Serviço | D56: R-1 Sem ICMS | E56: Unidade | G56: R-2 Sem ICMS | H56: Unidade | J56: R-3 Sem ICMS | K56: Unidade
B57: Aquisição | D57: =TRUNC(M47*1000,2) -> 2682.55 | E57: R$/T | G57: =TRUNC(M47*1000,2) -> 2682.55 | H57: R$/T | J57: =TRUNC(M48*1000,2) -> 2333.17 | K57: R$/T
B58: Transporte | D58: =TRUNC(($K$22*((26.939+(0.253*F46)+(0.299*G46)+(0.412*H46)))),2) -> 471.75 | E58: R$/T | G58: =TRUNC(($K$22*((26.939+(0.253*F47)+(0.299*G47)+(0.412*H47)))),2) -> 489.43 | H58: R$/T | J58: =TRUNC(($K$22*((26.939+(0.253*F48)+(0.299*G48)+(0.412*H48)))),2) -> 1158.63 | K58: R$/T
B60: Serviço | D60: R-1 Com Impostos | E60: Unidade | G60: R-2 Com Impostos | H60: Unidade | J60: R-3 Com Impostos | K60: Unidade
B61: Aquisição | D61: =TRUNC(D57/(1-($I$15+$K$15+$J$15-($K$15+$J$15)*$I$15))) -> 3502 | E61: R$/T | G61: =TRUNC(((G57/(1-($I$15+$K$15+$J$15-($K$15+$J$15)*$I$15))))) -> 3502 | H61: R$/T | J61: =TRUNC(((J57/(1-($I$15+$K$15+$J$15-($K$15+$J$15)*$I$15))))) -> 3045 | K61: R$/T
B62: Transporte | D62: =TRUNC(D58*(1+I46),2) -> 568.45 | E62: R$/T | G62: =TRUNC(G58*(1+I47),2) -> 589.76 | H62: R$/T | J62: =TRUNC(J58*(1+I48),2) -> 1396.14 | K62: R$/T
J63: =J62+J61 -> 4441.14
B64: Serviço | D64: BDI | E64: Unidade | G64: BDI | H64: Unidade | J64: BDI | K64: Unidade
B65: Aquisição | D65: =TRUNC(D61*$L$15,2) -> 743.47 | E65: R$/T | G65: =TRUNC(G61*$L$16,2) -> 743.47 | H65: R$/T | J65: =TRUNC(J61*$L$17,2) -> 646.45 | K65: R$/T
B66: Transporte | D66: =TRUNC(D62*$L$15,2) -> 120.68 | E66: R$/T | G66: =TRUNC(G62*$L$16,2) -> 125.2 | H66: R$/T | J66: =TRUNC(J62*$L$17,2) -> 296.4 | K66: R$/T
B68: Serviço | D68: R-1 Total | E68: Unidade | G68: R-2 Total | H68: Unidade | J68: R-3 Total | K68: Unidade
B69: Aquisição | D69: =SUM(D61,D65) -> 4245.47 | E69: R$ | G69: =SUM(G61,G65) -> 4245.47 | H69: R$ | J69: =SUM(J61,J65) -> 3691.45 | K69: R$
B70: Transporte | D70: =SUM(D62,D66) -> 689.13 | E70: R$ | G70: =SUM(G62,G66) -> 714.96 | H70: R$ | J70: =SUM(J62,J66) -> 1692.54 | K70: R$
B71: Total | D71: =IF(D69=0,0,SUM(D69:D70)) -> 4934.6 | E71: R$ | G71: =IF(G69=0,0,SUM(G69:G70)) -> 4960.43 | H71: R$ | J71: =IF(J69=0,0,SUM(J69:J70)) -> 5383.99 | K71: R$
B73: MATERIAL BETUMINOSO - CM-30
C75: UF | D75: Local | E75: FLU (D) | F75: PAV (D1) | G75: N PAV (D2) | H75: L N (D3) | I75: ICMS (%) | J75: COFINS (%) | K75: PIS (%) | L75: BDI (%) | M75: AQUISIÇÃO ANP (R$/kg)
B76: R-1 | C76: Bahia | D76: =ANP!D10 -> São Francisco do Conde/BA | E76: 0 | F76: =747-G76 -> 745.8 | G76: 1.2 | H76: 0 | I76: 0.205 | J76: 0.03 | K76: 0.0065 | L76: =L15 -> 0.2123 | M76: =ANP!G24 -> 2.03102
B77: R-2 | C77: Ceará | D77: =ANP!D12 -> Fortaleza/CE | E77: 0 | F77: =779-1.2 -> 777.8 | G77: 1.2 | H77: 0 | I77: 0.205 | J77: 0.03 | K77: 0.0065 | L77: =L16 -> 0.2123 | M77: =ANP!G25 -> 2.03102
B78: R-3 | C78: Minas Gerais | D78: =ANP!D16 -> Betim/MG | E78: 0 | F78: =1990-1.2 -> 1988.8 | G78: 1.2 | H78: 0 | I78: 0.205 | J78: 0.03 | K78: 0.0065 | L78: =L17 -> 0.2123 | M78: =ANP!G26 -> 2.44893
C80: Transporte Rodoviário | H80: Indice Reajuste | I80: DATA BASE | K80: Fator Correção
C81: T.R. = 26,939 + (0,253 x D1) + (0,299xD2) + (0,412xD3) | I81: I0 | J81: I1
I82: 41821 | J82: 45658
H83: PAVIMENTAÇÃO | I83: 270.237 | J83: 590.239 | K83: =ROUND((J83/I83),4) -> 2.1842
B86: Serviço | D86: R-1 Sem ICMS | E86: Unidade | G86: R-2 Sem ICMS | H86: Unidade | J86: R-3 Sem ICMS | K86: Unidade
B87: Aquisição | D87: =TRUNC(M76*1000,2) -> 2031.02 | E87: R$/T | G87: =TRUNC(M77*1000,2) -> 2031.02 | H87: R$/T | J87: =TRUNC(M78*1000,2) -> 2448.93 | K87: R$/T
B88: Transporte | D88: =TRUNC(($K$22*((26.939+(0.253*F76)+(0.299*G76)+(0.412*H76)))),2) -> 471.75 | E88: R$/T | G88: =TRUNC(($K$22*((26.939+(0.253*F77)+(0.299*G77)+(0.412*H77)))),2) -> 489.43 | H88: R$/T | J88: =TRUNC(($K$22*((26.939+(0.253*F78)+(0.299*G78)+(0.412*H78)))),2) -> 1158.63 | K88: R$/T
B90: Serviço | D90: R-1 Com Impostos | E90: Unidade | G90: R-2 Com Impostos | H90: Unidade | J90: R-3 Com Impostos | K90: Unidade
B91: Aquisição | D91: =TRUNC(D87/(1-($I$15+$K$15+$J$15-($K$15+$J$15)*$I$15))) -> 2651 | E91: R$/T | G91: =TRUNC(((G87/(1-($I$15+$K$15+$J$15-($K$15+$J$15)*$I$15))))) -> 2651 | H91: R$/T | J91: =TRUNC(((J87*I76)+(J87*J76)+(J87*K76))+J87,2) -> 3040.34 | K91: R$/T
B92: Transporte | D92: =TRUNC(D88*(1+I76),2) -> 568.45 | E92: R$/T | G92: =TRUNC(G88*(1+I77),2) -> 589.76 | H92: R$/T | J92: =TRUNC(J88*(1+I78),2) -> 1396.14 | K92: R$/T
B94: Serviço | D94: BDI | E94: Unidade | G94: BDI | H94: Unidade | J94: BDI | K94: Unidade
B95: Aquisição | D95: =TRUNC(D91*$L$15,2) -> 562.8 | E95: R$/T | G95: =TRUNC(G91*$L$16,2) -> 562.8 | H95: R$/T | J95: =TRUNC(J91*$L$17,2) -> 645.46 | K95: R$/T
B96: Transporte | D96: =TRUNC(D92*$L$15,2) -> 120.68 | E96: R$/T | G96: =TRUNC(G92*$L$16,2) -> 125.2 | H96: R$/T | J96: =TRUNC(J92*$L$17,2) -> 296.4 | K96: R$/T
B98: Serviço | D98: R-1 Total | E98: Unidade | G98: R-2 Total | H98: Unidade | J98: R-3 Total | K98: Unidade
B99: Aquisição | D99: =SUM(D91,D95) -> 3213.8 | E99: R$ | G99: =SUM(G91,G95) -> 3213.8 | H99: R$ | J99: =SUM(J91,J95) -> 3685.8 | K99: R$
B100: Transporte | D100: =SUM(D92,D96) -> 689.13 | E100: R$ | G100: =SUM(G92,G96) -> 714.96 | H100: R$ | J100: =SUM(J92,J96) -> 1692.54 | K100: R$
B101: Total | D101: =IF(D99=0,0,SUM(D99:D100)) -> 3902.93 | E101: R$ | G101: =IF(G99=0,0,SUM(G99:G100)) -> 3928.76 | H101: R$ | J101: =IF(J99=0,0,SUM(J99:J100)) -> 5378.34 | K101: R$
E109: RESUMO
E110: PRODUTO | F110: CÓDIGO | G110: SERVIÇO | I110: UNIDADE | J110: CUSTO DIRETO | K110: PREÇO UNITARIO
E111: CAP 50/70 | F111: AQ-01 | G111: Aquisição de CAP 50/70 | I111: t | J111: =$G$30 -> 5283 | K111: =$G$38 -> 6404.58
F112: TR-01 | G112: Transporte de CAP 50/70 | I112: t | J112: =$G$31 -> 582.43 | K112: =$G$39 -> 706.07
E113: RR-1C | F113: AQ-02 | G113: Aquisição de RR-1C | I113: t | J113: =$G$61 -> 3502 | K113: =$G$69 -> 4245.47
F114: TR-02 | G114: Transporte de RR-1C | I114: t | J114: =$G$62 -> 589.76 | K114: =$G$70 -> 714.96
E115: CM-30 | F115: AQ-03 | G115: Aquisição de EAI | I115: t | J115: =$G$91 -> 2651 | K115: =$G$99 -> 3213.8
F116: TR-03 | G116: Transporte de EAI | I116: t | J116: =$G$92 -> 589.76 | K116: =$G$100 -> 714.96
C136: FÓRMULA ANTIGA | I136: NOVA FÓRMULA

Sheet Pesquisa de Mercado
B1: Materiais | C1: Unid | D1: Preço da Cotação | E1: Data da cotação | F1: Índice Setorial de Reajust | G1: Índice da Data Base (OUT-25) | H1: Índice da Data da Cotação | I1: Fator de reajuste | J1: Preço Reajustado | K1: Fornecedor
B2: Destinação final de resíduos sólidos | C2: T | D2: 85 | E2: 45643 | F2: OBRAS COMPLEMENTARES E MEIO AMBIENTE | G2: 167.061 | H2: 163.433 | I2: =((H2-G2)/G2) -> -0.021716618 | J2: =D2/(1+I2) -> 86.886889 | K2: CTR - Candeias | S2: =D2*(G2/H2) -> 86.886889 | T2: =J2-S2 -> 0
D3: 80 | E3: 45670 | G3: =G2 -> 167.061 | H3: 164.153 | I3: =((H3-G3)/G3) -> -0.017406815 | J3: =D3/(1+I3) -> 81.417214 | K3: CTR CARUARU | S3: =D3*(G3/H3) -> 81.417214 | T3: =J3-S3 -> 0
D4: 85 | E4: 45666 | G4: =G3 -> 167.061 | H4: =H3 -> 164.153 | I4: =((H4-G4)/G4) -> -0.017406815 | J4: =D4/(1+I4) -> 86.50579 | K4: UTR PAULISTA | S4: =D4*(G4/H4) -> 86.50579 | T4: =J4-S4 -> 0
B5: Brita 0 | C5: M³ | D5: 143 | E5: 45642 | F5: PAVIMENTAÇÃO | G5: 590.239 | H5: 583.334 | I5: =((H5-G5)/G5) -> -0.011698651 | J5: =D5/(1+I5) -> 144.69271 | K5: Pedreira Agreste | S5: =D5*(G5/H5) -> 144.69271 | T5: =J5-S5 -> 0
D6: 125 | E6: 45672 | G6: =G5 -> 590.239 | H6: 584.512 | I6: =((H6-G6)/G6) -> -0.0097028492 | J6: =D6/(1+I6) -> 126.22474 | K6: GUARANY | S6: =D6*(G6/H6) -> 126.22474 | T6: =J6-S6 -> 0
D7: 122 | E7: 45658 | G7: =G5 -> 590.239 | H7: =H6 -> 584.512 | I7: =((H7-G7)/G7) -> -0.0097028492 | J7: =D7/(1+I7) -> 123.19535 | K7: Pedreira Brical | S7: =D7*(G7/H7) -> 123.19535 | T7: =J7-S7 -> 0
B8: Brita 1 | C8: M³ | D8: 132 | E8: 45642 | F8: PAVIMENTAÇÃO | G8: 590.239 | H8: =H5 -> 583.334 | I8: =((H8-G8)/G8) -> -0.011698651 | J8: =D8/(1+I8) -> 133.5625 | K8: Pedreira Agreste | S8: =D8*(G8/H8) -> 133.5625 | T8: =J8-S8 -> 0
D9: 130 | E9: 45672 | G9: =G8 -> 590.239 | H9: =H6 -> 584.512 | I9: =((H9-G9)/G9) -> -0.0097028492 | J9: =D9/(1+I9) -> 131.27373 | K9: MINECAL | S9: =D9*(G9/H9) -> 131.27373 | T9: =J9-S9 -> 0
D10: 125 | E10: 45672 | G10: =G8 -> 590.239 | H10: =H6 -> 584.512 | I10: =((H10-G10)/G10) -> -0.0097028492 | J10: =D10/(1+I10) -> 126.22474 | K10: GUARANY
D11: 122 | E11: 45658 | G11: =G5 -> 590.239 | H11: =H6 -> 584.512 | I11: =((H11-G11)/G11) -> -0.0097028492 | J11: =D11/(1+I11) -> 123.19535 | K11: Pedreira Brical | S11: =D11*(G11/H11) -> 123.19535 | T11: =J11-S11 -> 0
B12: Brita 2 | C12: M³ | D12: 132 | E12: 45642 | F12: PAVIMENTAÇÃO | G12: 590.239 | H12: =H5 -> 583.334 | I12: =((H12-G12)/G12) -> -0.011698651 | J12: =D12/(1+I12) -> 133.5625 | K12: Pedreira Agreste | S12: =D12*(G12/H12) -> 133.5625 | T12: =J12-S12 -> 0
D13: 130 | E13: 45672 | G13: =G12 -> 590.239 | H13: =H6 -> 584.512 | I13: =((H13-G13)/G13) -> -0.0097028492 | J13: =D13/(1+I13) -> 131.27373 | K13: MINECAL | S13: =D13*(G13/H13) -> 131.27373 | T13: =J13-S13 -> 0
D14: 125 | E14: 45672 | G14: =G12 -> 590.239 | H14: =H6 -> 584.512 | I14: =((H14-G14)/G14) -> -0.0097028492 | J14: =D14/(1+I14) -> 126.22474 | K14: GUARANY
D15: 122 | E15: 45658 | G15: =G9 -> 590.239 | H15: =H6 -> 584.512 | I15: =((H15-G15)/G15) -> -0.0097028492 | J15: =D15/(1+I15) -> 123.19535 | K15: Pedreira Brical | S15: =D15*(G15/H15) -> 123.19535 | T15: =J15-S15 -> 0
B16: Brita 4 (Rachinha) | C16: M³ | D16: 132 | E16: 45642 | F16: PAVIMENTAÇÃO | G16: 579.756 | H16: 583.334 | I16: =((H16-G16)/G16) -> 0.0061715618 | J16: =D16/(1+I16) -> 131.19035 | K16: S.N. BARBOSA | S16: =D16*(G16/H16) -> 131.19035 | T16: =J16-S16 -> 0
D17: 115 | E17: 45672 | G17: 579.756 | H17: 583.334 | I17: =((H17-G17)/G17) -> 0.0061715618 | J17: =D17/(1+I17) -> 114.29462 | K17: PREMOCIL | S17: =D17*(G17/H17) -> 114.29462 | T17: =J17-S17 -> 0
D18: 120 | E18: 45672 | G18: 579.756 | H18: 583.334 | I18: =((H18-G18)/G18) -> 0.0061715618 | J18: =D18/(1+I18) -> 119.26396 | K18: GALVAZ
B19: Pedrisco | C19: M³ | D19: 132 | E19: 45642 | F19: PAVIMENTAÇÃO | G19: 579.756 | H19: 583.334 | I19: =((H19-G19)/G19) -> 0.0061715618 | J19: =D19/(1+I19) -> 131.19035 | K19: S.N. BARBOSA | S19: =D19*(G19/H19) -> 131.19035 | T19: =J19-S19 -> 0
S20: =D20*(G20/H20) -> #DIV/0! | T20: =J20-S20 -> #DIV/0!
S21: =D21*(G21/H21) -> #DIV/0! | T21: =J21-S21 -> #DIV/0!
B22: Pó de Pedra | C22: M³ | D22: 90 | E22: 45642 | F22: PAVIMENTAÇÃO | G22: =G5 -> 590.239 | H22: =H12 -> 583.334 | I22: =((H22-G22)/G22) -> -0.011698651 | J22: =D22/(1+I22) -> 91.065342 | K22: Pedreira Agreste | S22: =D22*(G22/H22) -> 91.065342 | T22: =J22-S22 -> 0
D23: 87 | E23: 45658 | G23: =G5 -> 590.239 | H23: =H13 -> 584.512 | I23: =((H23-G23)/G23) -> -0.0097028492 | J23: =D23/(1+I23) -> 87.852419 | K23: Pedreira Brical | S23: =D23*(G23/H23) -> 87.852419 | T23: =J23-S23 -> 0
B25: Pedra de mão ou Rachão | C25: M³ | D25: 121 | E25: 45642 | F25: PAVIMENTAÇÃO | G25: =G5 -> 590.239 | H25: =H22 -> 583.334 | I25: =((H25-G25)/G25) -> -0.011698651 | J25: =D25/(1+I25) -> 122.43229 | K25: Pedreira Agreste | S25: =D25*(G25/H25) -> 122.43229 | T25: =J25-S25 -> 0
D26: 115 | E26: 45672 | G26: =G5 -> 590.239 | H26: =H23 -> 584.512 | I26: =((H26-G26)/G26) -> -0.0097028492 | J26: =D26/(1+I26) -> 116.12676 | K26: MINECAL | S26: =D26*(G26/H26) -> 116.12676 | T26: =J26-S26 -> 0
D27: 120 | E27: 45672 | G27: =G5 -> 590.239 | H27: =H23 -> 584.512 | I27: =((H27-G27)/G27) -> -0.0097028492 | J27: =D27/(1+I27) -> 121.17575 | K27: GUARANY
D28: 112 | E28: 45658 | G28: =G5 -> 590.239 | H28: =H23 -> 584.512 | I28: =((H28-G28)/G28) -> -0.0097028492 | J28: =D28/(1+I28) -> 113.09737 | K28: Pedreira Brical | S28: =D28*(G28/H28) -> 113.09737 | T28: =J28-S28 -> 0
B29: BGS | C29: M³ | D29: 121 | E29: 45642 | F29: PAVIMENTAÇÃO | G29: =G5 -> 590.239 | H29: =H25 -> 583.334 | I29: =((H29-G29)/G29) -> -0.011698651 | J29: =D29/(1+I29) -> 122.43229 | K29: Pedreira Agreste | S29: =D29*(G29/H29) -> 122.43229 | T29: =J29-S29 -> 0
D30: 120 | E30: 45672 | G30: =G5 -> 590.239 | H30: =H26 -> 584.512 | I30: =((H30-G30)/G30) -> -0.0097028492 | J30: =D30/(1+I30) -> 121.17575 | K30: MINECAL
D31: 125 | E31: 45672 | G31: =G6 -> 590.239 | H31: =H27 -> 584.512 | I31: =((H31-G31)/G31) -> -0.0097028492 | J31: =D31/(1+I31) -> 126.22474 | K31: GUARANY
D32: 118 | E32: 45658 | G32: =G7 -> 590.239 | H32: =H28 -> 584.512 | I32: =((H32-G32)/G32) -> -0.0097028492 | J32: =D32/(1+I32) -> 119.15615 | K32: Pedreira Brical
B33: Banheiro Químico | C33: un | D33: 3400 | E33: 45691 | F33: INCC | G33: 1225.633 | H33: 1173.775 | I33: =((H33-G33)/G33) -> -0.042311198 | J33: =D33/(1+I33) -> 3550.2138 | K33: MERCADO LIVRE | S33: =D33*(G33/H33) -> 3550.2138 | T33: =J33-S33 -> 0
D34: 1900 | E34: 45691 | G34: =G33 -> 1225.633 | H34: =H33 -> 1173.775 | I34: =((H34-G34)/G34) -> -0.042311198 | J34: =D34/(1+I34) -> 1983.943 | K34: TELITE | S34: =D34*(G34/H34) -> 1983.943 | T34: =J34-S34 -> 0
D35: 3100 | E35: 45691 | G35: =G33 -> 1225.633 | H35: =H33 -> 1173.775 | I35: =((H35-G35)/G35) -> -0.042311198 | J35: =D35/(1+I35) -> 3236.9596 | K35: MF RURAL | S35: =D35*(G35/H35) -> 3236.9596 | T35: =J35-S35 -> 0
B36: Bebedouro de coluna | C36: un | D36: 723.13 | E36: 45627 | F36: INCC | G36: 1225.633 | H36: 1159.536 | I36: =((H36-G36)/G36) -> -0.053928868 | J36: =D36/(1+I36) -> 764.35056 | K36: MERCADO LIVRE | S36: =D36*(G36/H36) -> 764.35056 | T36: =J36-S36 -> 0
D37: 775.44 | E37: 45627 | G37: =G36 -> 1225.633 | H37: 1159.536 | I37: =((H37-G37)/G37) -> -0.053928868 | J37: =D37/(1+I37) -> 819.64239 | K37: MAGAZINE LUIZA | S37: =D37*(G37/H37) -> 819.64239 | T37: =J37-S37 -> 0
D38: 659 | E38: 45627 | G38: =G36 -> 1225.633 | H38: 1159.536 | I38: =((H38-G38)/G38) -> -0.053928868 | J38: =D38/(1+I38) -> 696.56496 | K38: FRIGELAR | S38: =D38*(G38/H38) -> 696.56496 | T38: =J38-S38 -> 0
B39: Tenda plástica | C39: un | D39: 251.75 | E39: 45627 | F39: INCC | G39: 1225.633 | H39: 1159.536 | I39: =((H39-G39)/G39) -> -0.053928868 | J39: =D39/(1+I39) -> 266.1005 | K39: MERCADO LIVRE | S39: =D39*(G39/H39) -> 266.1005 | T39: =J39-S39 -> 0
D40: 329.89 | E40: 45627 | G40: =G39 -> 1225.633 | H40: 1159.536 | I40: =((H40-G40)/G40) -> -0.053928868 | J40: =D40/(1+I40) -> 348.69471 | K40: MAGAZINE LUIZA | S40: =D40*(G40/H40) -> 348.69471 | T40: =J40-S40 -> 0
D41: 279.9 | E41: 45627 | G41: =G39 -> 1225.633 | H41: 1159.536 | I41: =((H41-G41)/G41) -> -0.053928868 | J41: =D41/(1+I41) -> 295.85513 | K41: LEROY MERLIN | S41: =D41*(G41/H41) -> 295.85513 | T41: =J41-S41 -> 0
B42: Conjunto de mesa e cadeiras | C42: un | D42: 399.99 | E42: 45627 | F42: INCC | G42: 1225.633 | H42: 1159.536 | I42: =((H42-G42)/G42) -> -0.053928868 | J42: =D42/(1+I42) -> 422.79062 | K42: MERCADO LIVRE | S42: =D42*(G42/H42) -> 422.79062 | T42: =J42-S42 -> 0
D43: 359.9 | E43: 45627 | G43: =G42 -> 1225.633 | H43: 1159.536 | I43: =((H43-G43)/G43) -> -0.053928868 | J43: =D43/(1+I43) -> 380.41537 | K43: MAGAZINE LUIZA | S43: =D43*(G43/H43) -> 380.41537 | T43: =J43-S43 -> 0
D44: 376.9 | E44: 45627 | G44: =G42 -> 1225.633 | H44: 1159.536 | I44: =((H44-G44)/G44) -> -0.053928868 | J44: =D44/(1+I44) -> 398.38442 | K44: LOJA DO MECÂNICO | S44: =D44*(G44/H44) -> 398.38442 | T44: =J44-S44 -> 0
B45: Barra roscada 1 1/2 x 550 mm | C45: m | D45: 408.38 | E45: 45707 | F45: SERVIÇOS COM AÇO PARA OAE | G45: 99.248 | H45: 100.612 | I45: =((H45-G45)/G45) -> 0.01374335 | J45: =D45/(1+I45) -> 402.84358 | K45: MIXPAR | S45: =D45*(G45/H45) -> 402.84358 | T45: =J45-S45 -> 0
D46: 379.89 | E46: 45707 | G46: =G45 -> 99.248 | H46: =H45 -> 100.612 | I46: =((H46-G46)/G46) -> 0.01374335 | J46: =D46/(1+I46) -> 374.73982 | K46: MERCADO LIVRE | S46: =D46*(G46/H46) -> 374.73982 | T46: =J46-S46 -> 0
D47: 353.85 | E47: 45341 | G47: =G45 -> 99.248 | H47: =H45 -> 100.612 | I47: =((H47-G47)/G47) -> 0.01374335 | J47: =D47/(1+I47) -> 349.05284 | K47: PARAFUSO FÁCIL | S47: =D47*(G47/H47) -> 349.05284 | T47: =J47-S47 -> 0

Sheet Binômio
B1: Materiais | C1: UND | D1: FRETE | E1: Preço Reajustado | F1: TRANSP ROD. PAV.COMINHÃO BASCULANTE 14m³ (SICRO)5915321 | G1: DMT | H1: QUANTID. | I1: DENSIDADE | J1: PREÇO AJUSTADO X QUANTIDADE | K1: PREÇO DO TRANSPORTE (SICRO) X DMT PAV. X PESO. EM TON | L1: TOTAL | M1: FORNECEDOR
B2: Destinação final de resíduos sólidos | C2: T | D2: CTR - Candeias - Jaboatão dos Guararapes/pe | E2: ='Pesquisa de Mercado'!J2 -> 86.886889 | F2: 0.83 | G2: 120 | I2: 1 | J2: =H2*E2 -> 0 | K2: =F2*G2*I2 -> 99.6 | L2: =K2+E2 -> 186.48689 | M2: ='Pesquisa de Mercado'!K2 -> CTR - Candeias | O2: =SMALL(L2:L4,1) -> 102.99721
D3: FOB - CARUARU/PE | E3: ='Pesquisa de Mercado'!J3 -> 81.417214 | F3: =F2 -> 0.83 | G3: 26 | I3: =I2 -> 1 | J3: =H3*E3 -> 0 | K3: =F3*G3*I3 -> 21.58 | L3: =K3+E3 -> 102.99721 | M3: ='Pesquisa de Mercado'!K3 -> CTR CARUARU
D4: FOB - PAULISTA/PE | E4: ='Pesquisa de Mercado'!J4 -> 86.50579 | F4: =F2 -> 0.83 | G4: 129 | I4: =I2 -> 1 | J4: =H4*E4 -> 0 | K4: =F4*G4*I4 -> 107.07 | L4: =K4+E4 -> 193.57579 | M4: ='Pesquisa de Mercado'!K4 -> UTR PAULISTA
B5: Brita 0 | C5: M³ | D5: FOB - CARUARU/PE | E5: ='Pesquisa de Mercado'!J5 -> 144.69271 | F5: =F2 -> 0.83 | G5: 35.3 | I5: 1.5 | J5: =H5*E5 -> 0 | K5: =F5*G5*I5 -> 43.9485 | L5: =K5+E5 -> 188.64121 | M5: ='Pesquisa de Mercado'!K5 -> Pedreira Agreste | O5: =SMALL(L5:L7,1) -> 125.06285
D6: FOB - JABOATÃO DOS GUARARAPES/PE | E6: ='Pesquisa de Mercado'!J6 -> 126.22474 | F6: =F2 -> 0.83 | G6: 117 | I6: 1.5 | K6: =F6*G6*I6 -> 145.665 | L6: =K6+E6 -> 271.88974 | M6: ='Pesquisa de Mercado'!K6 -> GUARANY
D7: FOB - CARUARU/PE | E7: ='Pesquisa de Mercado'!J7 -> 123.19535 | F7: =F2 -> 0.83 | G7: 1.5 | I7: 1.5 | K7: =F7*G7*I7 -> 1.8675 | L7: =K7+E7 -> 125.06285 | M7: ='Pesquisa de Mercado'!K7 -> Pedreira Brical
B8: Brita 1 | C8: M³ | D8: =D5 -> FOB - CARUARU/PE | E8: ='Pesquisa de Mercado'!J8 -> 133.5625 | F8: =F2 -> 0.83 | G8: =G5 -> 35.3 | I8: 1.5 | J8: =H8*E8 -> 0 | K8: =F8*G8*I8 -> 43.9485 | L8: =K8+E8 -> 177.511 | M8: ='Pesquisa de Mercado'!K8 -> Pedreira Agreste | O8: =SMALL(L8:L11,1) -> 125.06285
D9: =D8 -> FOB - CARUARU/PE | E9: ='Pesquisa de Mercado'!J9 -> 131.27373 | F9: =F2 -> 0.83 | G9: 20.9 | I9: 1.5 | J9: =H9*E9 -> 0 | K9: =F9*G9*I9 -> 26.0205 | L9: =K9+E9 -> 157.29423 | M9: ='Pesquisa de Mercado'!K9 -> MINECAL
D10: FOB - JABOATÃO DOS GUARARAPES/PE | E10: ='Pesquisa de Mercado'!J10 -> 126.22474 | F10: =F2 -> 0.83 | G10: =G6 -> 117 | I10: 1.5 | K10: =F10*G10*I10 -> 145.665 | L10: =K10+E10 -> 271.88974 | M10: ='Pesquisa de Mercado'!K10 -> GUARANY
D11: FOB - CARUARU/PE | E11: ='Pesquisa de Mercado'!J11 -> 123.19535 | F11: =F2 -> 0.83 | G11: =G7 -> 1.5 | I11: 1.5 | K11: =F11*G11*I11 -> 1.8675 | L11: =K11+E11 -> 125.06285 | M11: ='Pesquisa de Mercado'!K11 -> Pedreira Brical
B12: Brita 2 | C12: M³ | D12: =D8 -> FOB - CARUARU/PE | E12: ='Pesquisa de Mercado'!J12 -> 133.5625 | F12: =F2 -> 0.83 | G12: =G8 -> 35.3 | I12: 1.5 | J12: =H12*E12 -> 0 | K12: =F12*G12*I12 -> 43.9485 | L12: =K12+E12 -> 177.511 | M12: ='Pesquisa de Mercado'!K12 -> Pedreira Agreste | O12: =SMALL(L12:L15,1) -> 125.06285
D13: =D9 -> FOB - CARUARU/PE | E13: ='Pesquisa de Mercado'!J13 -> 131.27373 | F13: =F2 -> 0.83 | G13: =G9 -> 20.9 | I13: =I12 -> 1.5 | J13: =H13*E13 -> 0 | K13: =F13*G13*I13 -> 26.0205 | L13: =K13+E13 -> 157.29423 | M13: ='Pesquisa de Mercado'!K13 -> MINECAL
D14: =D10 -> FOB - JABOATÃO DOS GUARARAPES/PE | E14: ='Pesquisa de Mercado'!J14 -> 126.22474 | F14: =F2 -> 0.83 | G14: =G6 -> 117 | I14: 1.5 | K14: =F14*G14*I14 -> 145.665 | L14: =K14+E14 -> 271.88974 | M14: ='Pesquisa de Mercado'!K14 -> GUARANY
D15: =D11 -> FOB - CARUARU/PE | E15: ='Pesquisa de Mercado'!J15 -> 123.19535 | F15: =F2 -> 0.83 | G15: =G7 -> 1.5 | I15: 1.5 | K15: =F15*G15*I15 -> 1.8675 | L15: =K15+E15 -> 125.06285 | M15: ='Pesquisa de Mercado'!K15 -> Pedreira Brical
B16: Brita 4 (Rachinha) | C16: M³ | D16: =D12 -> FOB - CARUARU/PE | E16: 131.19035 | F16: =F12 -> 0.83 | G16: =G12 -> 35.3 | I16: 1.5 | J16: =H16*E16 -> 0 | K16: =F16*G16*I16 -> 43.9485 | L16: =K16+E16 -> 175.13885 | M16: ='Pesquisa de Mercado'!K16 -> S.N. BARBOSA | O16: =SMALL(L16:L18,1) -> 140.31512
D17: =D13 -> FOB - CARUARU/PE | E17: 114.29462 | F17: =F13 -> 0.83 | G17: =G13 -> 20.9 | I17: =I16 -> 1.5 | J17: =H17*E17 -> 0 | K17: =F17*G17*I17 -> 26.0205 | L17: =K17+E17 -> 140.31512 | M17: ='Pesquisa de Mercado'!K17 -> PREMOCIL
D18: =D14 -> FOB - JABOATÃO DOS GUARARAPES/PE | E18: 119.26396 | F18: 0.82 | G18: =G14 -> 117 | I18: 1.5 | K18: =F18*G18*I18 -> 143.91 | L18: =K18+E18 -> 263.17396 | M18: ='Pesquisa de Mercado'!K18 -> GALVAZ
B19: Pedrisco | C19: M³ | D19: =D12 -> FOB - CARUARU/PE | E19: 131.19035 | F19: =F12 -> 0.83 | G19: =G12 -> 35.3 | I19: 1.5 | J19: =H19*E19 -> 0 | K19: =F19*G19*I19 -> 43.9485 | L19: =K19+E19 -> 175.13885 | M19: ='Pesquisa de Mercado'!K19 -> S.N. BARBOSA | O19: =SMALL(L19:L21,1) -> 175.13885
M20: ='Pesquisa de Mercado'!K20 -> 0
M21: ='Pesquisa de Mercado'!K21 -> 0
B22: Pó de Pedra | C22: M³ | D22: =D16 -> FOB - CARUARU/PE | E22: ='Pesquisa de Mercado'!J22 -> 91.065342 | F22: =F2 -> 0.83 | G22: =G12 -> 35.3 | I22: 1.5 | J22: =H22*E22 -> 0 | K22: =F22*G22*I22 -> 43.9485 | L22: =K22+E22 -> 135.01384 | M22: ='Pesquisa de Mercado'!K22 -> Pedreira Agreste | O22: =SMALL(L22:L24,1) -> 89.719919
D23: =D15 -> FOB - CARUARU/PE | E23: ='Pesquisa de Mercado'!J23 -> 87.852419 | F23: =F2 -> 0.83 | G23: =G15 -> 1.5 | I23: 1.5 | J23: =H23*E23 -> 0 | K23: =F23*G23*I23 -> 1.8675 | L23: =K23+E23 -> 89.719919 | M23: ='Pesquisa de Mercado'!K23 -> Pedreira Brical
B25: Pedra de mão ou Rachão | C25: M³ | D25: =D12 -> FOB - CARUARU/PE | E25: ='Pesquisa de Mercado'!J25 -> 122.43229 | F25: =F2 -> 0.83 | G25: =G8 -> 35.3 | I25: 1.5 | J25: =H25*E25 -> 0 | K25: =F25*G25*I25 -> 43.9485 | L25: =K25+E25 -> 166.38079 | M25: ='Pesquisa de Mercado'!K25 -> Pedreira Agreste | O25: =SMALL(L25:L28,1) -> 114.96487
D26: =D13 -> FOB - CARUARU/PE | E26: ='Pesquisa de Mercado'!J26 -> 116.12676 | F26: =F2 -> 0.83 | G26: =G9 -> 20.9 | I26: 1.5 | J26: =H26*E26 -> 0 | K26: =F26*G26*I26 -> 26.0205 | L26: =K26+E26 -> 142.14726 | M26: ='Pesquisa de Mercado'!K26 -> MINECAL
D27: =D14 -> FOB - JABOATÃO DOS GUARARAPES/PE | E27: ='Pesquisa de Mercado'!J27 -> 121.17575 | F27: =F2 -> 0.83 | G27: =G10 -> 117 | I27: 1.5 | K27: =F27*G27*I27 -> 145.665 | L27: =K27+E27 -> 266.84075 | M27: ='Pesquisa de Mercado'!K27 -> GUARANY
D28: =D15 -> FOB - CARUARU/PE | E28: ='Pesquisa de Mercado'!J28 -> 113.09737 | F28: =F2 -> 0.83 | G28: =G11 -> 1.5 | I28: 1.5 | K28: =F28*G28*I28 -> 1.8675 | L28: =K28+E28 -> 114.96487 | M28: ='Pesquisa de Mercado'!K28 -> Pedreira Brical
B29: BGS | C29: M³ | D29: =D25 -> FOB - CARUARU/PE | E29: ='Pesquisa de Mercado'!J29 -> 122.43229 | F29: =F2 -> 0.83 | G29: =G8 -> 35.3 | I29: 1.5 | K29: =F29*G29*I29 -> 43.9485 | L29: =K29+E29 -> 166.38079 | M29: ='Pesquisa de Mercado'!K29 -> Pedreira Agreste | O29: =SMALL(L29:L32,1) -> 121.02365
D30: =D26 -> FOB - CARUARU/PE | E30: ='Pesquisa de Mercado'!J30 -> 121.17575 | F30: =F2 -> 0.83 | G30: =G9 -> 20.9 | I30: 1.5 | K30: =F30*G30*I30 -> 26.0205 | L30: =K30+E30 -> 147.19625 | M30: ='Pesquisa de Mercado'!K30 -> MINECAL
D31: =D27 -> FOB - JABOATÃO DOS GUARARAPES/PE | E31: ='Pesquisa de Mercado'!J31 -> 126.22474 | F31: =F2 -> 0.83 | G31: =G10 -> 117 | I31: 1.5 | K31: =F31*G31*I31 -> 145.665 | L31: =K31+E31 -> 271.88974 | M31: ='Pesquisa de Mercado'!K31 -> GUARANY
D32: =D28 -> FOB - CARUARU/PE | E32: ='Pesquisa de Mercado'!J32 -> 119.15615 | F32: =F2 -> 0.83 | G32: =G11 -> 1.5 | I32: 1.5 | K32: =F32*G32*I32 -> 1.8675 | L32: =K32+E32 -> 121.02365 | M32: ='Pesquisa de Mercado'!K32 -> Pedreira Brical
B33: Banheiro Químico | C33: un | D33: CIF | E33: ='Pesquisa de Mercado'!J33 -> 3550.2138 | I33: 1 | J33: =H33*E33 -> 0 | K33: =F33*G33*I33 -> 0 | L33: =K33+E33 -> 3550.2138 | M33: ='Pesquisa de Mercado'!K33 -> MERCADO LIVRE | O33: =SMALL(L33:L35,1) -> 1983.943
D34: CIF | E34: ='Pesquisa de Mercado'!J34 -> 1983.943 | I34: =I33 -> 1 | J34: =H34*E34 -> 0 | K34: =F34*G34*I34 -> 0 | L34: =K34+E34 -> 1983.943 | M34: ='Pesquisa de Mercado'!K34 -> TELITE
D35: CIF | E35: ='Pesquisa de Mercado'!J35 -> 3236.9596 | I35: =I33 -> 1 | J35: =H35*E35 -> 0 | K35: =F35*G35*I35 -> 0 | L35: =K35+E35 -> 3236.9596 | M35: ='Pesquisa de Mercado'!K35 -> MF RURAL
B36: Bebedouro de coluna | C36: un | D36: =D33 -> CIF | E36: ='Pesquisa de Mercado'!J36 -> 764.35056 | I36: 1 | J36: =H36*E36 -> 0 | K36: =F36*G36*I36 -> 0 | L36: =K36+E36 -> 764.35056 | M36: ='Pesquisa de Mercado'!K36 -> MERCADO LIVRE | O36: =SMALL(L36:L38,1) -> 696.56496
D37: =D34 -> CIF | E37: ='Pesquisa de Mercado'!J37 -> 819.64239 | I37: 1 | J37: =H37*E37 -> 0 | K37: =F37*G37*I37 -> 0 | L37: =K37+E37 -> 819.64239 | M37: ='Pesquisa de Mercado'!K37 -> MAGAZINE LUIZA
D38: CIF | E38: ='Pesquisa de Mercado'!J38 -> 696.56496 | I38: 1 | J38: =H38*E38 -> 0 | K38: =F38*G38*I38 -> 0 | L38: =K38+E38 -> 696.56496 | M38: ='Pesquisa de Mercado'!K38 -> FRIGELAR
B39: Tenda plástica | C39: un | D39: =D36 -> CIF | E39: ='Pesquisa de Mercado'!J39 -> 266.1005 | I39: 1 | J39: =H39*E39 -> 0 | K39: =F39*G39*I39 -> 0 | L39: =K39+E39 -> 266.1005 | M39: ='Pesquisa de Mercado'!K39 -> MERCADO LIVRE | O39: =SMALL(L39:L41,1) -> 266.1005
D40: =D37 -> CIF | E40: ='Pesquisa de Mercado'!J40 -> 348.69471 | I40: 1 | J40: =H40*E40 -> 0 | K40: =F40*G40*I40 -> 0 | L40: =K40+E40 -> 348.69471 | M40: ='Pesquisa de Mercado'!K40 -> MAGAZINE LUIZA
D41: CIF | E41: ='Pesquisa de Mercado'!J41 -> 295.85513 | I41: 1 | J41: =H41*E41 -> 0 | K41: =F41*G41*I41 -> 0 | L41: =K41+E41 -> 295.85513 | M41: ='Pesquisa de Mercado'!K41 -> LEROY MERLIN
B42: Conjunto de mesa e cadeiras | C42: un | D42: =D39 -> CIF | E42: ='Pesquisa de Mercado'!J42 -> 422.79062 | I42: 1 | J42: =H42*E42 -> 0 | K42: =F42*G42*I42 -> 0 | L42: =K42+E42 -> 422.79062 | M42: ='Pesquisa de Mercado'!K42 -> MERCADO LIVRE | O42: =SMALL(L42:L44,1) -> 380.41537
D43: =D40 -> CIF | E43: ='Pesquisa de Mercado'!J43 -> 380.41537 | I43: 1 | J43: =H43*E43 -> 0 | K43: =F43*G43*I43 -> 0 | L43: =K43+E43 -> 380.41537 | M43: ='Pesquisa de Mercado'!K43 -> MAGAZINE LUIZA
D44: CIF | E44: ='Pesquisa de Mercado'!J44 -> 398.38442 | I44: 1 | J44: =H44*E44 -> 0 | K44: =F44*G44*I44 -> 0 | L44: =K44+E44 -> 398.38442 | M44: ='Pesquisa de Mercado'!K44 -> LOJA DO MECÂNICO
B45: Barra roscada 1 1/2 x 550 mm | C45: m | D45: =D42 -> CIF | E45: ='Pesquisa de Mercado'!J45 -> 402.84358 | I45: 1 | J45: =H45*E45 -> 0 | K45: =F45*G45*I45 -> 0 | L45: =K45+E45 -> 402.84358 | M45: ='Pesquisa de Mercado'!K45 -> MIXPAR | O45: =SMALL(L45:L47,1) -> 349.05284
D46: =D43 -> CIF | E46: ='Pesquisa de Mercado'!J46 -> 374.73982 | I46: 1 | J46: =H46*E46 -> 0 | K46: =F46*G46*I46 -> 0 | L46: =K46+E46 -> 374.73982 | M46: ='Pesquisa de Mercado'!K46 -> MERCADO LIVRE
D47: CIF | E47: ='Pesquisa de Mercado'!J47 -> 349.05284 | I47: 1 | J47: =H47*E47 -> 0 | K47: =F47*G47*I47 -> 0 | L47: =K47+E47 -> 349.05284 | M47: ='Pesquisa de Mercado'!K47 -> PARAFUSO FÁCIL

Sheet INS. SICRO
A1: Código | B1: Descrição | C1: Unidade | D1: Preço Unitário (R$)
A2: M0003 | B2: Aço CA 25 | C2: kg | D2: 6.9732
A3: M0004 | B3: Aço CA 50 | C3: kg | D3: 6.6094
A4: M0005 | B4: Brita 0 | C4: m³ | D4: 140.79
A5: M0006 | B5: Fibra de poliamida para concreto | C5: kg | D5: 27.9383
A6: M0007 | B6: Fibra de aço para concreto | C6: kg | D6: 18.4456
A7: M0008 | B7: Detergente líquido neutro | C7: l | D7: 4.0861
A8: M0009 | B8: Aço CP 175 RB | C8: kg | D8: 9.5893
A9: M0010 | B9: Aditivo superplastificante à base de policarboxilato para concreto e argamassa | C9: kg | D9: 15.3781
A10: M0011 | B10: Aditivo modificador de viscosidade para concreto e argamassa | C10: kg | D10: 9.7357
A11: M0012 | B11: Silicato de alumínio | C11: kg | D11: 2.4559
A12: M0013 | B12: Grampo de ancoragem em aço CA 50 - D = 12,5 mm | C12: kg | D12: 6.6094
A13: M0014 | B13: Aço CA 60 | C13: kg | D13: 8.0561
... A76: M0103 | B76: Aditivo acelerador de pega para concreto e argamassa projetados | C76: kg | D76: 8.1303
A77: M0104 | B77: Asfalto diluído de petróleo - CM-30 | C77: t | D77: -
A78: M0105 | B78: Ancoragem ativa para 4 cordoalhas - D = 15,2 mm | C78: un | D78: 580.3802
A79: M0106 | B79: Ancoragem ativa para 6 cordoalhas - D = 15,2 mm | C79: un | D79: 594.9704
A80: M0107 | B80: Geocomposto para drenagem | C80: m² | D80: 49.5256
A81: M0108 | B81: Ancoragem ativa para 7 cordoalhas - D = 15,2 mm | C81: un | D81: 672.0147
A82: M0109 | B82: Geodreno vertical - L = 10 cm e E = 5 mm | C82: m | D82: 5.18
A83: M0110 | B83: Ancoragem ativa para 10 cordoalhas - D = 15,2 mm | C83: un | D83: 1043.1475
A84: M0111 | B84: Ancoragem ativa para 9 cordoalhas - D = 15,2 mm | C84: un | D84: 991.6743
A85: M0112 | B85: Disco diamantado segmentado para corte de pavimento - D = 1.000 mm | C85: un | D85: 6190.0137
A86: M0113 | B86: Ancoragem ativa para 12 cordoalhas - D = 15,2 mm | C86: un | D86: 1171.6526
A87: M0114 | B87: Disco diamantado segmentado para corte de pavimento - D = 1.500 mm | C87: un | D87: 26375.713
A88: M0115 | B88: Biomanta vegetal de fibras de coco entrelaçadas com fios de polipropileno biodegradáveis - densidade 0,4 kg/m² | C88: m² | D88: 6.5
A89: M0116 | B89: Mangote flangeado de borracha reforçada com lonas sintéticas - C = 1,80 m e D = 0,30 m | C89: un | D89: 10568.867
... A220: M0450 | B220: Compensado de virola - E = 6 mm | C220: m² | D220: 34.3935
A221: M0451 | B221: Concreto usinado - fck = 20 MPa (comercial) | C221: m³ | D221: -
A222: M0452 | B222: Concreto usinado - fck = 25 MPa (comercial) | C222: m³ | D222: -
A223: M0453 | B223: Concreto usinado - fck = 30 MPa (comercial) | C223: m³ | D223: -
A224: M0454 | B224: Concreto usinado - fck = 35 MPa (comercial) | C224: m³ | D224: -
A225: M0459 | B225: Compensado plastificado - E = 14 mm | C225: m² | D225: 51.335
A226: M0467 | B226: Luva em aço para emenda tipo prensada - D = 20,0 mm | C226: un | D226: 35.5261
A227: M0468 | B227: Luva em aço para emenda tipo prensada - D = 25,0 mm | C227: un | D227: 61.9005
A228: M0469 | B228: Luva em aço para emenda tipo prensada - D = 32,0 mm | C228: un | D228: 125.3509
A229: M0470 | B229: Luva em aço para emenda com rosca cônica - D = 12,5 mm | C229: un | D229: 11.8551
A230: M0471 | B230: Luva em aço para emenda com rosca cônica - D = 16,0 mm | C230: un | D230: 17.8488
A231: M0472 | B231: Luva em aço para emenda com rosca cônica - D = 20,0 mm | C231: un | D231: 25.5014
A232: M0481 | B232: Luva em aço para emenda com rosca cônica - D = 25,0 mm | C232: un | D232: 35.3271
A233: M0502 | B233: Luva em aço para emenda com rosca cônica - D = 32,0 mm | C233: un | D233: 54.7295
A234: M0505 | B234: Broca de widia - D = 6,5 mm e C = 100 mm | C234: un | D234: 5.1846
A235: M0506 | B235: Broca de widia - D = 8 mm e C = 120 mm | C235: un | D235: 8.5363
A236: M0511 | B236: Abrasivo tipo granalha de aço | C236: kg | D236: 11.0912
... A275: M0603 | B275: Ponteiro para rompedor hidráulico de 520 kg | C275: un | D275: 6344.3892
A276: M0614 | B276: Concreto usinado - fctM,k = 4,5 MPa (comercial) | C276: m³ | D276: -
A277: M0615 | B277: Aditivo incorporador de ar para concreto e argamassa | C277: kg | D277: 8.2362
A278: M0639 | B278: Bico para corte a plasma CNC - 130A | C278: un | D278: 115.4264
A279: M0640 | B279: Bocal para corte a plasma CNC - 130A | C279: un | D279: 108.1987
A280: M0641 | B280: Capa do bico para corte a plasma CNC - 130A | C280: un | D280: 1541.8694
A281: M0642 | B281: Capa do bocal para corte a plasma CNC - 130A | C281: un | D281: 776.8893
A282: M0643 | B282: Distribuidor de gás para corte a plasma CNC - 130A | C282: un | D282: 208.5394
A283: M0644 | B283: Eletrodo para corte a plasma CNC - 130A | C283: un | D283: 126.2212
A284: M0645 | B284: Tubo de água para corte a plasma CNC - 130A | C284: un | D284: 197.2743
A285: M0646 | B285: Estaca pré-moldada de concreto protendido com compressão admissível de 100 t | C285: m | D285: 274.0486
A286: M0647 | B286: Estaca pré-moldada de concreto protendido com compressão admissível de 25 t | C286: m | D286: 78.1003
A287: M0648 | B287: Estaca pré-moldada de concreto protendido com compressão admissível de 35 t | C287: m | D287: 108.335
A288: M0649 | B288: Estaca pré-moldada de concreto protendido com compressão admissível de 60 t | C288: m | D288: 147.54
... A316: M0773 | B316: Perfil de alumínio tipo L463 para placa de sinalização - seção de 50 x 50 mm | C316: m | D316: 56.7301
A317: M0785 | B317: Massa asfáltica comercial | C317: t | D317: -
A318: M0786 | B318: Placa de poliestireno expandido (EPS) | C318: m³ | D318: 336.6726
A319: M0787 | B319: Suporte em aço-carbono galvanizado tipo perfil C para placa de sinalização | C319: kg | D319: 34.7594
A320: M0789 | B320: Conjunto para fixação de placas em aço galvanizado composto por barra chata, abraçadeira, parafusos, porcas e arruelas | C320: kg | D320: 37.4618
A321: M0796 | B321: Semipórtico metálico para vão de 8,3 m e vento de 35 m/s | C321: un | D321: 65721.924
A322: M0798 | B322: Apoio de neoprene fretado | C322: dm³ | D322: 121.7991
A323: M0804 | B323: Cabo de aço - D = 12,70 mm (1/2") | C323: m | D323: 24.9521
A324: M0805 | B324: Semipórtico duplo metálico para vão de 2 x 8,3 m e vento de 35 m/s | C324: un | D324: 101643.29
A325: M0808 | B325: Brita 4 | C325: m³ | D325: 118.5737
A326: M0809 | B326: Cabo de aço - D = 6,35 mm (1/4") | C326: m | D326: 7.5471
A327: M0810 | B327: Cabo de aço - D = 52,00 mm (2") | C327: m | D327: 472.2068
A328: M0812 | B328: Sapatilha em aço inox - D = 6,35 mm (1/4") | C328: un | D328: 3.9
A329: M0818 | B329: Semipórtico metálico para vão de 8,3 m e vento de 40 m/s | C329: un | D329: 68475.003
... A383: M1118 | B383: Cruzeta de madeira para poste - H = 240 cm | C383: un | D383: 151.37
A384: M1129 | B384: Junta de dilatação em perfil extrudado de borracha vulcanizada | C384: m | D384: -
A385: M1130 | B385: Selante elástico à base de poliuretano | C385: kg | D385: 116.2201
A386: M1131 | B386: Cordão de polietileno expandido de baixa densidade - D = 15,0 mm | C386: m | D386: 0.8
A387: M1132 | B387: Junta de dilatação em elastômero e perfil VV - L = 20 mm e H = 40 mm | C387: m | D387: 192.6815
A388: M1134 | B388: Junta de dilatação em elastômero e perfil VV - L = 25 mm e H = 50 mm | C388: m | D388: 198.1554
A389: M1135 | B389: Pó de pedra | C389: m³ | D389: 107.5209
A390: M1136 | B390: Cordão de polietileno expandido de baixa densidade - D = 10,0 mm | C390: m | D390: 0.2661
A391: M1142 | B391: Junta de dilatação em elastômero e perfil VV - L = 35 mm e H = 60 mm | C391: m | D391: 336.4978
A392: M1150 | B392: Adesivo estrutural à base de resina epóxi bicomponente tipo ADE-52 ou similar | C392: kg | D392: 136.6932
A393: M1151 | B393: Junta de dilatação em elastômero e perfil VV - L = 40 mm e H = 70 mm | C393: m | D393: 394.1273
A394: M1152 | B394: Junta de dilatação em elastômero e perfil VV - L = 50 mm e H = 80 mm | C394: m | D394: 403.4726
A395: M1176 | B395: Arame liso em aço galvanizado - D = 1,65 mm (16 BWG) | C395: kg | D395: 17.6242
A396: M1205 | B396: Prego de ferro | C396: kg | D396: 13.4203
... A506: M1553 | B506: Geotêxtil não-tecido agulhado em poliéster - resistência à tração longitudinal de 31 kN/m | C506: m² | D506: 16.1805
A507: M1556 | B507: Terra vegetal produzida | C507: m³ | D507: -
A508: M1575 | B508: Tinta látex à base de resina acrílica | C508: l | D508: 14.0759
A509: M1577 | B509: Tinta plástica à base de resina metacrílica aplicada a frio por dispersão ou extrusão | C509: kg | D509: 34.7385
A510: M1585 | B510: Massa termoplástica aplicada por extrusão | C510: kg | D510: 11.9711
A511: M1591 | B511: Suporte polimérico ecológico maciço colapsível para placa de sinalização - D = 6,4 cm | C511: m | D511: 181.0203
A512: M1600 | B512: Trilho TR25 em aço-carbono usado | C512: kg | D512: 5.4388
A513: M1602 | B513: Trilho TR37 em aço-carbono usado | C513: kg | D513: 5.4388
A514: M1603 | B514: Trilho TR45 em aço-carbono usado | C514: kg | D514: 5.4388
A515: M1605 | B515: Trilho TR57 em aço-carbono usado | C515: kg | D515: 5.4388
A516: M1606 | B516: Trilho TR68 em aço-carbono usado | C516: kg | D516: 5.439
A517: M1614 | B517: Tubo em aço galvanizado com rosca BSP classe leve - D = 50 mm (2") | C517: m | D517: 63.545
A518: M1616 | B518: Tubo em aço galvanizado com rosca BSP classe leve - D = 20 mm (3/4") | C518: m | D518: 14.9354
A519: M1617 | B519: Tubo em aço galvanizado com rosca BSP classe leve - D = 80 mm (3") | C519: m | D519: 121.0437
...

Sheet MO SICRO
A1: Código | B1: Descrição | C1: Unidade | D1: Custo (R$)
A2: P9801 | B2: Ajudante | C2: h | D2: 23.6363
A3: P9802 | B3: Ajudante especializado | C3: h | D3: 27.5643
A4: P9803 | B4: Almoxarife - mensalista | C4: mês | D4: 6589.2516
A5: P9804 | B5: Apontador - mensalista | C5: mês | D5: 5304.3719
A6: P9805 | B6: Armador | C6: h | D6: 32.4619
A7: P9806 | B7: Auxiliar administrativo - mensalista | C7: mês | D7: 5281.6129
A8: P9807 | B8: Bombeiro hidráulico | C8: h | D8: 33.0521
A9: P9808 | B9: Carpinteiro | C9: h | D9: 29.2178
A10: P9809 | B10: Encarregado administrativo - mensalista | C10: mês | D10: 7572.8766
A11: P9810 | B11: Eletricista | C11: h | D11: 33.904
A12: P9811 | B12: Encarregado especializado - mensalista | C12: mês | D12: 8418.9631
A13: P9812 | B13: Engenheiro - mensalista | C13: mês | D13: 28515.636
... A146: P9982 | B146: Vigia | C146: h | D146: 27.4519

Sheet EQ. SICRO
A1: Código | B1: Descrição | C1: Valor de Aquisição (R$) | D1: Depreciação (R$/h) | E1: Oportunidade de Capital (R$/h) | F1: Seguros e Impostos (R$/h) | G1: Manutenção (R$/h) | H1: Operação (R$/h) | I1: Mão de Obra de Operação (R$/h) | J1: Custo Produtivo (R$/h) | K1: Custo Improdutivo (R$/h)
A2: E9001 | B2: Conjunto vibratório para tubos de concreto com encaixe PB e 3 jogos de fôrmas - D = 0,60 m - 2,20 kW | C2: 74189.038 | D2: 9.8919 | E2: 1.5258 | F2: 0 | G2: 7.4189 | H2: 0 | I2: 0 | J2: 18.8366 | K2: 11.4177
A3: E9002 | B3: Conjunto vibratório para tubos de concreto com encaixe PB e 3 jogos de fôrmas - D = 0,80 m - 2,20 kW | C3: 97216.11 | D3: 12.9621 | E3: 1.9994 | F3: 0 | G3: 9.7216 | H3: 0 | I3: 0 | J3: 24.6831 | K3: 14.9615
A4: E9003 | B4: Conjunto vibratório para tubos de concreto com encaixe PB e 3 jogos de fôrmas - D = 1,00 m - 2,20 kW | C4: 101656.9 | D4: 13.5543 | E4: 2.0907 | F4: 0 | G4: 10.1657 | H4: 0 | I4: 0 | J4: 25.8107 | K4: 15.645
A5: E9004 | B5: Conjunto vibratório para tubos de concreto com encaixe PB e 3 jogos de fôrmas - D = 1,20 m - 2,20 kW | C5: 128113.78 | D5: 17.0818 | E5: 2.6349 | F5: 0 | G5: 12.8114 | H5: 0 | I5: 0 | J5: 32.5281 | K5: 19.7167
A6: E9005 | B6: Conjunto vibratório para tubos de concreto com encaixe PB e 3 jogos de fôrmas - D = 1,50 m - 2,20 kW | C6: 151636.49 | D6: 20.2182 | E6: 3.1187 | F6: 0 | G6: 15.1636 | H6: 0 | I6: 0 | J6: 38.5005 | K6: 23.3369
A7: E9006 | B7: Equipamento para sondagem manual | C7: 5457.6203 | D7: 0.9278 | E7: 0.1179 | F7: 0 | G7: 0.5458 | H7: 0 | I7: 0 | J7: 1.5915 | K7: 1.0457
A8: E9007 | B8: Bomba de pistão triplex com capacidade de 7,80 m³/h (130 l/min) - 8,20 kW | C8: 168502.94 | D8: 16.8503 | E8: 3.2489 | F8: 0 | G8: 14.744 | H8: 8.3665 | I8: 0 | J8: 43.2097 | K8: 20.0992
A9: E9008 | B9: Transportador manual de tubos de concreto com capacidade de 1 t | C9: 1750.7145 | D9: 1.5756 | E9: 0.081 | F9: 0 | G9: 0.8754 | H9: 0 | I9: 0 | J9: 2.532 | K9: 1.6566
A10: E9009 | B10: Embarcação rebocadora - 268 kW | C10: 672141.43 | D10: 7.6939 | E10: 3.8637 | F10: 0 | G10: 17.0976 | H10: 273.4404 | I10: 136.0494 | J10: 438.145 | K10: 147.607
A11: E9010 | B11: Balança plataforma digital à bateria, com mesa de 75 x 75 cm e capacidade de 500 kg | C11: 4875.4258 | D11: 0.7313 | E11: 0.1003 | F11: 0 | G11: 0.4063 | H11: 0 | I11: 0 | J11: 1.2379 | K11: 0.8316
A12: E9011 | B12: Carro manual modelo plataforma de 200 x 80 cm com capacidade de 800 kg | C12: 1979.2945 | D12: 0.3563 | E12: 0.0427 | F12: 0 | G12: 0.1979 | H12: 0 | I12: 0 | J12: 0.5969 | K12: 0.399
A13: E9014 | B13: Deflectômetro de impacto (FWD) instalado em picape com reboque e faixa de carga de 7 a 120 kN - 147 kW | C13: 2292474.3 | D13: 183.3979 | E13: 42.4337 | F13: 0 | G13: 114.6237 | H13: 0 | I13: 36.461 | J13: 376.9163 | K13: 262.2926
... A406: E9798 | B406: Perfuratriz hidráulica rotopercussiva - 123 kW | C406: 2449756 | D406: 195.9805 | E406: 45.345 | F406: 0 | G406: 195.9805 | H406: 99.0765 | I406: 35.6822 | J406: 572.0647 | K406: 277.0077
A407: E9013 | B407: Caminhão tanque de asfalto com capacidade de 31.000 l - 368 kW | J407: 689.1846 | K407: 175.8147
A408: A9335 | B408: Cavalo mecânico estradeiro 8 x 2, PBT 29.000 kg - 368 kW - condição de trabalho severa - motorista de veículo especial | C408: 1108786.3 | D408: 66.5272 | E408: 20.5236 | F408: 8.3159 | G408: 99.7908 | H408: 375.4704 | I408: 36.461 | J408: 607.0889 | K408: 131.8277
A409: A9364 | B409: Tanque isotérmico de asfalto com capacidade de 31.000 l | C409: 285814.88 | D409: 38.1087 | E409: 5.8783 | F409: 0 | G409: 38.1087 | H409: 0 | I409: 0 | J409: 82.0957 | K409: 43.987
A410: E9018 | B410: Cavalo mecânico com dolly intermediário e semirreboque de 4 eixos com capacidade de 52 t - 364 kW | J410: 559.0545 | K410: 163.4651
A411: A9324 | B411: Cavalo mecânico estradeiro 6 x 4, PBT 23.000 kg - 364 kW - motorista de veículo especial | C411: 949366.25 | D411: 47.4683 | E411: 17.0846 | F411: 6.9225 | G411: 71.2025 | H411: 273.6552 | I411: 36.461 | J411: 452.7941 | K411: 107.9364
A412: A9355 | B412: Semirreboque com 4 eixos | C412: 473416 | D412: 37.8733 | E412: 8.7629 | F412: 0 | G412: 42.6074 | H412: 0 | I412: 0 | J412: 89.2436 | K412: 46.6362
A413: A9382 | B413: Dolly intermediário com 2 eixos para semirreboque | C413: 90270 | D413: 7.2216 | E413: 1.6709 | F413: 0 | G413: 8.1243 | H413: 0 | I413: 0 | J413: 17.0168 | K413: 8.8925
A414: E9027 | B414: Caminhão distribuidor de cimento e cal com capacidade de 15 m³ - 210 kW | J414: 432.9325 | K414: 157.704
A415: A9333 | B415: Caminhão plataforma 8 x 4, PBT 29.000 kg e distância entre eixos 4,6 m - 210 kW - motorista de veículo especial | C415: 751477.28 | D415: 37.5739 | E415: 13.5235 | F415: 5.4795 | G415: 56.3608 | H415: 157.878 | I415: 36.461 | J415: 307.2767 | K415: 93.0379
A416: A9365 | B416: Distribuidor de cimento e cal montado sobre chassi com capacidade de 15 m³ | C416: 542130.53 | D416: 54.2131 | E416: 10.453 | F416: 0 | G416: 60.9897 | H416: 0 | I416: 0 | J416: 125.6558 | K416: 64.6661
A417: E9037 | B417: Plataforma de inspeção sob pontes montada em caminhão com capacidade de 500 kg e alcance de 15 m - 236 kW | J417: 1214.0257 | K417: 515.0344
A418: A9334 | B418: Caminhão plataforma 8 x 2, PBT 29.000 kg e distância entre eixos 4,8 m - 236 kW - condição de trabalho severa - motorista de veículo especial | C418: 769654.36 | D418: 46.1793 | E418: 14.2463 | F418: 5.7724 | G418: 69.2689 | H418: 240.7908 | I418: 36.461 | J418: 412.7187 | K418: 102.659
A419: A9378 | B419: Plataforma telescópica para inspeção de pontes montada sobre chassi com capacidade de 500 kg | C419: 3457169.4 | D419: 345.7169 | E419: 66.6585 | F419: 0 | G419: 388.9316 | H419: 0 | I419: 0 | J419: 801.307 | K419: 412.3754
A420: E9041 | B420: Caminhão guindauto com capacidade de elevação de 11,9 t e carroceria de 11,5 t - 188 kW | J420: 396.7931 | K420: 123.8918
A421: A9313 | B421: Caminhão plataforma 6 x 2, PBT 23.000 kg e distância entre eixos 5,2 m - 188 kW - motorista de veículo especial | C421: 655325.1 | D421: 32.7663 | E421: 11.7931 | F421: 4.7784 | G421: 49.1494 | H421: 191.8164 | I421: 36.461 | J421: 326.7646 | K421: 85.7988
A422: A9351 | B422: Carroceria de madeira com capacidade de 11,5 t | C422: 34102 | D422: 3.4102 | E422: 0.6575 | F422: 0 | G422: 3.4102 | H422: 0 | I422: 0 | J422: 7.4779 | K422: 4.0677
A423: A9373 | B423: Guindaste articulado montado sobre chassi com capacidade máxima de elevação de 11,9 t | C423: 285253.2 | D423: 28.5253 | E423: 5.5 | F423: 0 | G423: 28.5253 | H423: 0 | I423: 0 | J423: 62.5506 | K423: 34.0253
A424: E9082 | B424: Bate-estaca hidráulico para defensas montado em caminhão guindauto com capacidade de 6,2 t e carroceria de 5 t - 152 kW | J424: 397.2819 | K424: 159.2051
A425: A9305 | B425: Caminhão plataforma 4 x 2, PBT 15.000 kg e distância entre eixos 4,8 m - 152 kW - motorista de veículo especial | C425: 440796.81 | D425: 22.0398 | E425: 7.9325 | F425: 3.2141 | G425: 33.0598 | H425: 155.0856 | I425: 36.461 | J425: 257.7928 | K425: 69.6474
A426: A9348 | B426: Carroceria de madeira com capacidade de 5 t | C426: 25897.504 | D426: 2.5898 | E426: 0.4993 | F426: 0 | G426: 2.5898 | H426: 0 | I426: 0 | J426: 5.6789 | K426: 3.0891
A427: A9372 | B427: Guindaste articulado montado sobre chassi com capacidade máxima de elevação de 6,2 t | C427: 267801 | D427: 26.7801 | E427: 5.1635 | F427: 0 | G427: 26.7801 | H427: 0 | I427: 0 | J427: 58.7237 | K427: 31.9436
A428: A9379 | B428: Bate-estaca hidráulico para defensas metálicas montada sobre chassi | C428: 205615 | D428: 21.8466 | E428: 3.9645 | F428: 0 | G428: 20.5615 | H428: 0 | I428: 28.7139 | J428: 75.0865 | K428: 54.525
A429: E9097 | B429: Caminhão de resgate de veículos leves com plataforma com capacidade de 5 t - 129 kW | J429: 269.8798 | K429: 86.7258
A430: A9326 | B430: Caminhão plataforma 4 x 2, PBT 10.800 kg e distância entre eixos 4,6 m - 129 kW - motorista de veículo especial | C430: 491471.88 | D430: 29.4883 | E430: 9.0971 | F430: 3.686 | G430: 44.2325 | H430: 131.6187 | I430: 36.461 | J430: 254.5836 | K430: 78.7324
A431: A9374 | B431: Plataforma hidráulica para resgate de veículos montada sobre chassi com capacidade de 5 t | C431: 81142.7 | D431: 6.4914 | E431: 1.502 | F431: 0 | G431: 7.3028 | H431: 0 | I431: 0 | J431: 15.2962 | K431: 7.9934
A432: E9098 | B432: Caminhão de resgate de veículos de porte médio com capacidade do guincho de 20 t - 236 kW | J432: 420.3217 | K432: 109.9742
A433: A9306 | B433: Caminhão plataforma 4 x 2, PBT 16.000 kg e distância entre eixos 3,6 m - 236 kW - motorista de veículo especial | C433: 673236.69 | D433: 33.6618 | E433: 12.1155 | F433: 4.909 | G433: 50.4928 | H433: 240.7908 | I433: 36.461 | J433: 378.4309 | K433: 87.1473
A434: A9375 | B434: Guincho rebocador para resgate de veículos montada sobre chassi com capacidade de 20 t | C434: 338913.5 | D434: 16.9457 | E434: 5.8812 | F434: 0 | G434: 19.0639 | H434: 0 | I434: 0 | J434: 41.8908 | K434: 22.8269
A435: E9099 | B435: Caminhão de resgate de veículos pesados com dois guinchos com capacidade de 35 t - 265 kW | J435: 567.6782 | K435: 169.0597
A436: A9320 | B436: Caminhão plataforma 6 x 4, PBT 23.000 kg e distância entre eixos 4,8 m - 265 kW - motorista de veículo especial | C436: 796100.98 | D436: 39.805 | E436: 14.3265 | F436: 5.8049 | G436: 59.7076 | H436: 270.3795 | I436: 36.461 | J436: 426.4845 | K436: 96.3974
A437: A9376 | B437: Guincho rebocador para resgate de veículos montada sobre chassi com capacidade de 35 t | C437: 609168.22 | D437: 60.9168 | E437: 11.7455 | F437: 0 | G437: 68.5314 | H437: 0 | I437: 0 | J437: 141.1937 | K437: 72.6623
A438: E9100 | B438: Cavalo mecânico sem reboque - 272 kW | J438: 334.2182 | K438: 83.184
A439: A9310 | B439: Cavalo mecânico 4 x 2, PBT 16.000 kg - 272 kW - motorista de veículo especial | C439: 620594.93 | D439: 31.0297 | E439: 11.1681 | F439: 4.5252 | G439: 46.5446 | H439: 204.4896 | I439: 36.461 | J439: 334.2182 | K439: 83.184
A440: E9114 | B440: Painel com seta luminosa para montagem em caminhão | J440: 6.8211 | K440: 4.6268
A441: A9380 | B441: Painel com seta luminosa montado sobre chassi | C441: 35109.564 | D441: 3.9498 | E441: 0.677 | F441: 0 | G441: 2.1943 | H441: 0 | I441: 0 | J441: 6.8211 | K441: 4.6268
A442: E9115 | B442: Amortecedor retrátil (AMC) para montagem em caminhão | J442: 106.0296 | K442: 57.1993
A443: A9381 | B443: Amortecedor retrátil montado em caminhão | C443: 434047.31 | D443: 48.8303 | E443: 8.369 | F443: 0 | G443: 48.8303 | H443: 0 | I443: 0 | J443: 106.0296 | K443: 57.1993
A444: E9145 | B444: Caminhão basculante para concreto com capacidade de 10 m³ - 210 kW | J444: 326.2918 | K444: 102.4054
A445: A9316 | B445: Caminhão plataforma 8 x 4, PBT 29.000 kg e distância entre eixos 4,6 m - 210 kW - motorista de caminhão | C445: 751477.28 | D445: 37.5739 | E445: 13.5235 | F445: 5.4795 | G445: 56.3608 | H445: 157.878 | I445: 35.5993 | J445: 306.415 | K445: 92.1762
A446: A9340 | B446: Caçamba basculante para concreto com capacidade de 10 m³ | C446: 85756.5 | D446: 8.5757 | E446: 1.6535 | F446: 0 | G446: 9.6476 | H446: 0 | I446: 0 | J446: 19.8768 | K446: 10.2292
A447: E9146 | B447: Caminhão silo com capacidade de 30 m³ - 368 kW | J447: 668.342 | K447: 165.1472
A448: A9335 | B448: Cavalo mecânico estradeiro 8 x 2, PBT 29.000 kg - 368 kW - condição de trabalho severa - motorista de veículo especial | C448: 1108786.3 | D448: 66.5272 | E448: 20.5236 | F448: 8.3159 | G448: 99.7908 | H448: 375.4704 | I448: 36.461 | J448: 607.0889 | K448: 131.8277
A449: A9357 | B449: Semirreboque silo para cimento com capacidade de 30 m³ | C449: 279335.5 | D449: 27.9336 | E449: 5.3859 | F449: 0 | G449: 27.9336 | H449: 0 | I449: 0 | J449: 61.2531 | K449: 33.3195
A450: E9169 | B450: Cavalo mecânico com dolly pneumático de 4 eixos e mesas de giro com capacidade de 56 t - 364 kW | J450: 688.5711 | K450: 231.1468
A451: A9324 | B451: Cavalo mecânico estradeiro 6 x 4, PBT 23.000 kg - 364 kW - motorista de veículo especial | C451: 949366.25 | D451: 47.4683 | E451: 17.0846 | F451: 6.9225 | G451: 71.2025 | H451: 273.6552 | I451: 36.461 | J451: 452.7941 | K451: 107.9364
A452: A9385 | B452: Conjunto de duas mesas de giro para quinta roda ou reboque com capacidade de 100 t cada | C452: 749824.55 | D452: 59.986 | E452: 13.8793 | F452: 0 | G452: 67.4842 | H452: 0 | I452: 0 | J452: 141.3495 | K452: 73.8653
A453: A9389 | B453: Dolly pneumático com capacidade de 48 t e 4 eixos | C453: 500915.53 | D453: 40.0732 | E453: 9.2719 | F453: 0 | G453: 45.0824 | H453: 0 | I453: 0 | J453: 94.4275 | K453: 49.3451
A454: E9170 | B454: Cavalo mecânico com dois dollys pneumáticos de 3 e 4 eixos e mesas de giro com capacidade de 77 t - 364 kW | J454: 772.6869 | K454: 274.8521
A455: A9385 | B455: Conjunto de duas mesas de giro para quinta roda ou reboque com capacidade de 100 t cada | C455: 749824.55 | D455: 59.986 | E455: 13.8793 | F455: 0 | G455: 67.4842 | H455: 0 | I455: 0 | J455: 141.3495 | K455: 73.8653
A456: A9386 | B456: Cavalo mecânico estradeiro 6 x 4, CMT 150.000 kg - 364 kW - motorista de veículo especial | C456: 1026724 | D456: 51.3362 | E456: 18.4768 | F456: 7.4865 | G456: 77.0043 | H456: 273.6552 | I456: 36.461 | J456: 464.42 | K456: 113.7605
A457: A9387 | B457: Dolly pneumático com capacidade de 28,5 t e 3 eixos | C457: 384541 | D457: 30.7633 | E457: 7.1179 | F457: 0 | G457: 34.6087 | H457: 0 | I457: 0 | J457: 72.4899 | K457: 37.8812
